Workbook
Name \0: #REF!
Name \0: #REF!
Name \0: #REF!
Name \0: #REF!
Name \0: #REF!
Name \0: #REF!
Name \0: #REF!
Name \0: #REF!
Name \0: #REF!
Name \00: #REF!
Name \00: #REF!
Name \00: #REF!
Name \00: #REF!
Name \00: #REF!
Name \00: #REF!
Name \00: #REF!
Name \00: #REF!
Name \00: #REF!
Name \a: #REF!
Name \a: #REF!
Name \a: #REF!
Name \a: #REF!
Name \a: #REF!
Name \a: #REF!
Name \a: #REF!
Name \a: #REF!
Name \a: #REF!
Name \AA: [1]LIQUIDACION!#REF!
Name \AA: [1]LIQUIDACION!#REF!
Name \AA: [1]LIQUIDACION!#REF!
Name \AA: [1]LIQUIDACION!#REF!
Name \AA: [1]LIQUIDACION!#REF!
Name \AA: [1]LIQUIDACION!#REF!
Name \AA: [1]LIQUIDACION!#REF!
Name \AA: [1]LIQUIDACION!#REF!
Name \AA: [1]LIQUIDACION!#REF!
Name \b: [2]STRSUMM0!#REF!
Name \b: [2]STRSUMM0!#REF!
Name \b: [2]STRSUMM0!#REF!
Name \b: [2]STRSUMM0!#REF!
Name \b: [2]STRSUMM0!#REF!
Name \b: [2]STRSUMM0!#REF!
Name \b: [2]STRSUMM0!#REF!
Name \b: [2]STRSUMM0!#REF!
Name \b: [2]STRSUMM0!#REF!
Name \bb: [2]STRSUMM0!#REF!
Name \bb: [2]STRSUMM0!#REF!
Name \bb: [2]STRSUMM0!#REF!
Name \bb: [2]STRSUMM0!#REF!
Name \bb: [2]STRSUMM0!#REF!
Name \bb: [2]STRSUMM0!#REF!
Name \bb: [2]STRSUMM0!#REF!
Name \bb: [2]STRSUMM0!#REF!
Name \bb: [2]STRSUMM0!#REF!
Name \E: #REF!
Name \E: #REF!
Name \E: #REF!
Name \E: #REF!
Name \E: #REF!
Name \E: #REF!

Sheet Presupuesto
A1: INSTITUTO NACIONAL DE VIAS
A2: SUBDIRECCION ADMINISTRATIVA
A3: DIRECCION TERRITORIAL SANTANDER
A4: SELECCIÓN DE MÍNIMA CUANTÍA IP-DT-SAN-001-2026
A6: MANTENIMIENTO DE LA PLANTA FÍSICA DEL EDIFICIO DE LA SEDE DE LA DIRECCIÓN TERRITORIAL SANTANDER DEL INVIAS
A8: PRESUPUESTO OFICIAL
A10: No | B10: ITEM DE PAGO | C10: ESPECIFICACIONES | E10: DESCRIPCION | F10: UNID | G10: CANTIDAD | H10: VALOR UNITARIO | I10: VALOR TOTAL
C11: ESPECIFICACION GENERAL 2022 | D11: ESPECIFICACION PARTICULAR
A13: I - PRELIMINARES | I13: =SUM(I14:I15) -> 1664629
A14: 1 | B14: 1.1 | D14: 1.1P | E14: Demolición estructuras de concreto. | F14: M3 | G14: 5.5 | H14: =+'1.1'!L73 -> 146087 | I14: =ROUND((+G14*H14),0) -> 803479
A15: 2 | B15: 1.2 | D15: 1.2P | E15: Cargue y acarreo de escombros y sobrantes y disposición en zona autorizada) | F15: M3 | G15: 10 | H15: 86115 | I15: =ROUND((+G15*H15),0) -> 861150
A16: Il - INSTALACIONES ELECTRICAS Y SISTEMA DE ALUMBRADO | I16: =SUM(I17:I19) -> 2774805
A17: 3 | B17: 2.1 | D17: 2.1P | E17: Suministro e instalación de lamparas Led panel 60x60cm 48w(Incluye retiro lampara existente y cableado según corresponda). | F17: UND | G17: 14 | H17: =+'2.1'!L73 -> 193848 | I17: =ROUND((+G17*H17),0) -> 2713872
A18: 4 | B18: 2.2 | D18: 2.2P | E18: Suministro Instalaciön de tapa ciega rectangular en pvc para cajas electricas. | F18: UND | G18: 11 | H18: =+'2.3'!L73 -> 3207 | I18: =ROUND((+G18*H18),0) -> 35277
A19: 5 | B19: 2.3 | D19: 2.3P | E19: Suministro Instalaciön de tapa ciega en octogonal pvc para cajas electricas. | F19: UND | G19: 8 | H19: =+'2.4'!L73 -> 3207 | I19: =ROUND((+G19*H19),0) -> 25656
A20: III - CUBIERTA | I20: =SUM(I21:I25) -> 11765505
A21: 6 | B21: 3.1 | D21: 3.1P | E21: Limpieza de la cubierta (retiro de hojas de árboles) | F21: M2 | G21: 570 | H21: =+'3.1'!L73 -> 2900 | I21: =ROUND((+G21*H21),0) -> 1653000
A22: 7 | B22: 3.2 | D22: 3.2P | E22: Limpieza viga canal | F22: M | G22: 37.5 | H22: =+'3.2'!L73 -> 4500 | I22: =ROUND((+G22*H22),0) -> 168750
A23: 8 | B23: 3.3 | D23: 3.3P | E23: Limpieza de bajantes para aguas lluvias | F23: UND | G23: 10 | H23: =+'3.3'!L73 -> 32918 | I23: =ROUND((+G23*H23),0) -> 329180
A24: 9 | B24: 3.4 | D24: 3.4P | E24: Estructura retención hojarasca, con marco en angulo de 1" x 1" x 1/8" y malla zaranda de 6*6 (incluye fabricación, pintura y montaje.) | F24: M | G24: 55.5 | H24: =+'3.4'!L85 -> 159226 | I24: =ROUND((+G24*H24),0) -> 8837043
A25: 10 | B25: 3.5 | D25: 3.5P | E25: Suministro e instalación de desagües en viga canal tipo gargola 40cmx50cmx15cm. En lámina Cold Rolled cal. 16 - incluye pintura | F25: UND | G25: 4 | H25: =+'3.5'!L77 -> 194383 | I25: =ROUND((+G25*H25),0) -> 777532
A26: IV- MUROS, PINTURA, PISOS Y ACABADOS | I26: =SUM(I27:I37) -> 54152934
A27: 11 | B27: 4.1 | D27: 4.1P | E27: Estuco Tipo Graniplast Blanco Esgrafiado Antihongos | F27: M2 | G27: 23.69 | H27: =+'4.1'!L74 -> 21478 | I27: =ROUND((+G27*H27),0) -> 508814
A28: 12 | B28: 4.2 | D28: 4.2P | E28: Pintura muros interiores en vinilo tipo 1 (2 manos) - sobre pintura existente del mismo color | F28: M2 | G28: 1700 | H28: =+'4.2'!L73 -> 15188 | I28: =ROUND((+G28*H28),0) -> 25819600
A29: 13 | B29: 4.3 | D29: 4.3P | E29: Preparacion superficie muros a pintar, mediante el retiro de pintura y estuco deteriorados y ejecución de resanes | F29: M2 | G29: 154 | H29: =+'4.3'!L73 -> 22713 | I29: =ROUND((+G29*H29),0) -> 3497802
A30: 14 | B30: 4.4 | D30: 4.4P | E30: Pintura muros exteriores en koraza tipo 1 (2 manos) - sobre pintura existente del mismo color | F30: M2 | G30: 510 | H30: =+'4.4'!L73 -> 18856 | I30: =ROUND((+G30*H30),0) -> 9616560
A31: 15 | B31: 4.5 | D31: 4.5P | E31: Pintura cielo raso en mandera con tintilla y laca (maderta machihembrada) | F31: M2 | G31: 168 | H31: =+'4.5'!L73 -> 28880 | I31: =ROUND((+G31*H31),0) -> 4851840
A32: 16 | B32: 4.6 | D32: 4.6P | E32: Media caña en mortero 1:3 impermeabilizado | F32: M | G32: 35 | H32: =+'4.6'!L74 -> 44886 | I32: =ROUND((+G32*H32),0) -> 1571010
A33: 17 | B33: 4.7 | D33: 4.7P | E33: Pintura impermeabilizante | F33: M2 | G33: 80.75 | H33: =+'4.7'!L73 -> 20906 | I33: =ROUND((+G33*H33),0) -> 1688160
A34: 18 | B34: 4.8 | D34: 4.8P | E34: Placa base de concreto E=8 cm de con manto impermeabilizante, incluye preparación de superficie, vaciado, acabado y curado | F34: M2 | G34: 8.5 | H34: =+'4.8'!L74 -> 95748 | I34: =ROUND((+G34*H34),0) -> 813858
A35: 19 | B35: 4.9 | D35: 4.9P | E35: Suministro e Instalación Malla Metálica Tipo Angeo con Marco De Aluminio (Incluye Anclajes, Tornillería Y Sellado). | F35: M2 | G35: 14 | H35: =+'4.9'!L77 -> 189163 | I35: =ROUND((+G35*H35),0) -> 2648282
A36: 20 | B36: 4.10 | D36: 4.10P | E36: Suministro e instalación de barrera en lámina de acero para control de ingreso de aves en cubierta, h = 0.20 m, incluye pintura | F36: M | G36: 29 | H36: =+'4.10'!L76 -> 41222 | I36: =ROUND((+G36*H36),0) -> 1195438
A37: 21 | B37: 4.11 | D37: 4.11P | E37: Mantenimiento y lavado de fachada | F37: M2 | G37: 510 | H37: =+'4.11'!L74 -> 3807 | I37: =ROUND((+G37*H37),0) -> 1941570
A38: V - DRENAJES | I38: =SUM(I39:I43) -> 22572997
A39: 22 | B39: 5.1 | D39: 5.1P | E39: Excavación manual en material común | F39: M3 | G39: 37 | H39: =+'5.1'!L73 -> 64927 | I39: =ROUND((+G39*H39),0) -> 2402299
A40: 23 | B40: 5.2 | D40: 5.2P | E40: Construcción canal trapezoidal en concreto reforzado, para drenaje aguas lluvias, según diseño | F40: M3 | G40: =8.5+10 -> 18.5 | H40: =+'5.2'!L73 -> 642299 | I40: =ROUND((+G40*H40),0) -> 11882532
A41: 24 | B41: 5.3 | C41: 640 - 22 | E41: Acero de refuerzo | F41: Kg | G41: 555 | H41: =+'5.3'!L73 -> 7337 | I41: =ROUND((+G41*H41),0) -> 4072035
A42: 25 | B42: 5.4 | C42: 630 - 22 | E42: Concreto Clase F (14 Mpa) | F42: M3 | G42: 2 | H42: =+'5.4'!L73 -> 480228 | I42: =ROUND((+G42*H42),0) -> 960456
A43: 26 | B43: 5.5 | D43: 5.5P | E43: Suministro e instalación tubería novafor 8" para drenaje aguas lluvias que se retienen por muro de cerramiento (Incluye estructura de entrada y salida según diseño) Longitud = 1.20 m. | F43: M | G43: 5 | H43: =+'5.5'!L79 -> 651135 | I43: =ROUND((+G43*H43),0) -> 3255675
A44: VI - INSTALACIONES HIDRAULICAS Y SANITARIAS | I44: =SUM(I45:I48) -> 682409
A45: 27 | B45: 6.1 | D45: 6.1P | E45: Mantenimiento a puntos de red sanitaria (incluye revision de cajas de inspeccion) | F45: UND | G45: 6 | H45: =+'6.1'!L73 -> 67537 | I45: =ROUND((+G45*H45),0) -> 405222
A46: 28 | B46: 6.2 | D46: 6.2P | E46: Suministro Instalación de Kit Instalacion Lavaplatos (Incluye sifon y griferia) | F46: UND | G46: 1 | H46: =+'6.2'!L73 -> 225310 | I46: =ROUND((+G46*H46),0) -> 225310
A47: 29 | B47: 6.3 | D47: 6.3P | E47: Suministro Instalación de rejilla de sifón | F47: UND | G47: 2 | H47: =+'6.3'!L73 -> 13295 | I47: =ROUND((+G47*H47),0) -> 26590
A48: 30 | B48: 6.4 | D48: 6.4P | E48: Suministro Instalación de llave para lavadero | F48: UND | G48: 1 | H48: =+'6.4'!L73 -> 25287 | I48: =ROUND((+G48*H48),0) -> 25287
A49: VII - VENTANAS y PUERTAS | I49: =SUM(I50:I50) -> 6382978
A50: 31 | B50: 7.1 | D50: 7.1P | E50: Suministro e instalación de ventana en vidrio plano transparente de 6 mm, con marco en aluminio anodizado, incluye herrajes, accesorios, sellos, mano de obra y correcta instalación. | F50: M2 | G50: =3.5*4 -> 14 | H50: =+'7.1'!L80 -> 455927 | I50: =ROUND((+G50*H50),0) -> 6382978
A51: VIII - SISTEMA SUMINISTRO AGUA POTABLE | I51: =SUM(I52:I59) -> 19569228
A52: 32 | B52: 8.1 | D52: 8.1P | E52: Corte de pavimento asfáltico, espesor 10 cms. | F52: M | G52: 98 | H52: =+'8.1'!L74 -> 24970 | I52: =ROUND((+G52*H52),0) -> 2447060
A53: 33 | B53: 8.2 | D53: 8.2P | E53: Demolición pavimento asfaltico, espesor 10 cms. | F53: M2 | G53: 49 | H53: =+'8.2'!L75 -> 34100 | I53: =ROUND((+G53*H53),0) -> 1670900
A54: 34 | B54: 8.3 | D54: 8.3P | E54: Excavacion en material comun para zanja | F54: M3 | G54: 15.68 | H54: =+'8.3'!L73 -> 64927 | I54: =ROUND((+G54*H54),0) -> 1018055
A55: 35 | B55: 8.4 | D55: 8.4P | E55: Tubería PVC en rollo RDE 9 (presion 160 PSI) de 3/4" (incluye accesorios) | F55: M | G55: 64 | H55: =+'8.4'!L74 -> 20183 | I55: =ROUND((+G55*H55),0) -> 1291712
A56: 36 | B56: 8.5 | D56: 8.5P | E56: Rellenos en material tipo base granular | F56: M3 | G56: 15.68 | H56: =+'8.5'!L74 -> 163763 | I56: =ROUND((+G56*H56),0) -> 2567804
A57: 37 | B57: 8.6 | D57: 8.6P | E57: Reposición del pavimento en concreto asfáltico MDC-19 | F57: M2 | G57: 49 | H57: =+'8.6'!L75 -> 143739 | I57: =ROUND((+G57*H57),0) -> 7043211
A58: 38 | B58: 8.7 | D58: 8.7P | E58: Collar de derivación en PVC 4" X 3/4" | F58: Und. | G58: 1 | H58: =+'8.7'!L74 -> 62283 | I58: =ROUND((+G58*H58),0) -> 62283
A59: 39 | B59: 8.8 | D59: 8.8P | E59: Gestiones y trámite ante la empresa de Acueducto metropolitano de Bucaramanga para la conexión al servicio de acueducto, incluyendo costos de aportes de conexión y medidor. | F59: Gl. | G59: 1 | H59: =+'8.8'!L73 -> 3468203 | I59: =ROUND((+G59*H59),0) -> 3468203
A60: IX - OBRAS VARIAS | I60: =SUM(I61:I61) -> 631706
A61: 40 | B61: 9.1 | D61: 9.1P | E61: Lavado de tanque de almacenamiento de Agua | F61: Gl. | G61: 1 | H61: =+'9.1'!L72 -> 631706 | I61: =ROUND((+G61*H61),0) -> 631706
C62: VALOR BÁSICO DE OBRA (A) | I62: =SUM(I13:I61)/2 -> 120197191
C63: PROVISIÓN PARA OBRAS COMPLEMENTARIAS Y ADICIONALES (B ) | I63: =1362725+1197 -> 1363922
C64: VALOR TOTAL BÁSICO DE OBRA (C ) = (A) + (B) | I64: =+I62+I63 -> 121561113
C65: VALOR IVA (OBRA) (19% SOBRE UTILIDAD OBRA) (D) | I65: =ROUNDUP((+I64/(1+I74)*I73*0.19),0) -> 938887
C66: SUBTOTAL OBRAS INCLUYENDO IVA (E ) = (C+D) | I66: =+I64+I65 -> 122500000
C67: VALOR TOTAL DEL CONTRATO | I67: =+I66 -> 122500000 | J67: 122500000 | K67: =+J67-I67 -> 0
A69: VALOR EN LETRAS:
A70: NOTA 1: Se debe tener en cuenta que el PRECIO UNITARIO incluye el valor de A.I.U. | F70: DESCRIPCION | I70: PORCENTAJE
F71: ADMINISTRACION | H71: A= | I71: 0.15
F72: IMPREVISTO | H72: I= | I72: 0.03
F73: UTILIDAD | H73: U= | I73: 0.05
F74: TOTAL A.I.U | H74: A.I.U.= | I74: =+I71+I72+I73 -> 0.23
A77: NOMBRE DEL COTIZANTE: ______________________________________ | E77: REPRESENTANTE LEGAL (nombre y firma):_________________________
A80: FECHA:_________________________

Sheet Precios Cotizacion
L1: 650000
B2: MATERIALES | F2: EQUIPOS | J2: MANO DE OBRA | N2: TRANSPORTE
B3: DESCRIPCION | C3: UNIDAD | D3: PRECIO | F3: DESCRIPCION | G3: UNIDAD | H3: PRECIO | J3: DESCRIPCION | K3: UNIDAD | L3: PRECIO | N3: DESCRIPCION | O3: UNIDAD | P3: PRECIO
B4: Plafon Roseta Blanco En Ceramica Portalampara Blanco | C4: UND | D4: 11400 | F4: Andamio Tubular Fijo Seccion Incluye Crucetas | G4: HORA | H4: 1850 | J4: Ayudante | K4: día | L4: =1750905/30 -> 58363.5 | N4: Transporte material escombro | O4: m3-km | P4: 2000
B5: Lampara Led panel 60x60cm 48w | C5: UND | D5: 116900 | F5: Equipo de soldadura | G5: HORA | H5: 11000 | J5: Oficial | K5: día | L5: 81520 | N5: Transporte base granular | O5: m3-km | P5: 2000
B6: Tapa Ciega 2x4 Plastica Rectangular | C6: UND | D6: 2200 | F6: Maquina cortadora de pavimento | G6: HORA | H6: 24800 | J6: Tecnico electricista | K6: día | L6: 100000 | N6: Transporte mezcla densa | O6: m3-km | P6: 2000
B7: Tapa Ciega Plastica Octogonal | C7: UND | D7: 2200 | F7: Compresor de aire 185 cfm | G7: HORA | H7: 82600 | J7: Soldador | K7: día | L7: 81520
B8: Sección metlaica en lámina Cold Rolled calibre 16 (1,6 mm) incluye fabricación, pintura y montaje | C8: M | D8: 288660 | F8: Martillo neumático 30 lbs. | G8: HORA | H8: 11576 | J8: Profesional en ingeniería | K8: día | L8: 140000
B9: Anclaje Metalico Cuña 5/8" X 4-1/2" | C9: UND | D9: 7590 | F9: Apisonador neumático (saltarin) | G9: HORA | H9: 12669 | J9: Dibujante autocad | K9: día | L9: 81520
B10: Pie de Amigo metálico para soporte de canal incluye pintura | C10: UND | D10: 82000 | F10: Compactador manual de rodillo | G10: HORA | H10: 27890 | J10: Operario técnico de mantenimiento | K10: día | L10: 120000
B11: Junta de caucho | C11: M | D11: 12000 | F11: Hidrolavadora | G11: HORA | H11: 6806.0174 | J11: Oficial instalador aluminio/vidrio | K11: día | L11: 125000
B12: Sikafill-12 Power Gris | C12: GALON | D12: 95180 | F12: Destapador de Cañerías Motor 1/3Hp 20Mts Rojo | G12: HORA | H12: 7400
B13: Tela poliéster 30 gramos/m2 | C13: M2 | D13: 2590
B14: Alumol | C14: KG | D14: 76195
B15: Gargola 40cmx50cmx15cm. En lámina Cold Rolled cal. 16 - incluye pintura | C15: UND | D15: 111000
B16: Sellante Poliuretano (Cartucho) | C16: UND | D16: 41900
B17: Estuco plastico para exteriores | C17: GALON | D17: 31717.539
B18: Pintura para interiores vinilo tipo 1 | C18: GALON | D18: 78750
B19: Estuco plastico para interiores | C19: GALON | D19: 24900
B20: Pintura para exteriores vinilo tipo 1 | C20: GALON | D20: 107900
B21: Tintilla para madera | C21: GALON | D21: 160000
B22: Barniz transparente | C22: GALON | D22: 123900
B23: Resello Epoxico | C23: GALON | D23: 247950
B24: Mortero 1:3 | C24: M3 | D24: 373380
... B62: Tornillo autoperforante | C62: UND | D62: 350

Sheet 1.1
I1: CÓDIGO | J1: MEPI-MN1-IN-10-FR-1
B2: INSTITUTO NACIONAL DE VIAS
B3: PROCESO MISIONAL EJECUCIÓN DE PROYECTOS DE INFRAESTRUCTURA DE TRANSPORTE | I3: VERSIÓN | J3: 1
B4: MANUAL DE INTERVENTORÍA OBRA PÚBLICA
B5: ANÁLISIS DE PRECIOS UNITARIOS | I5: PÁGINA
I8: FECHA
J9: (Día / Mes / Año)
A10: ÍTEMS DE LA PROPUESTA ECONÓMICA | H10: ÍTEMS NO PREVISTOS
A11: UNIDAD EJECUTORA: | H11: DIRECCIÓN TERRITORIAL:
A14: CONTRATO No.
B15: (Indicar número y año)
A17: OBJETO DEL CONTRATO:
A21: PROYECTO:
A23: CONTRATISTA:
A25: INTERVENTOR: | I25: Contrato No.:
J26: (Indicar número y año)
A27: FECHA CIERRE PROCESO DE SELECCIÓN CONTRATO DE OBRA:
F28: (Día) | G28: (Mes) | H28: (Año)
A30: DATOS ESPECÍFICOS
A32: ÍTEM | B32: DESCRIPCIÓN | I32: GRUPO DE AJUSTE | J32: UNIDAD | L32: CANTIDAD
A33: =+Presupuesto!B14 -> 1.1 | B33: =+Presupuesto!E14 -> Demolición estructuras de concreto. | J33: M3
A35: I. EQUIPO
A37: DESCRIPCIÓN | G37: TIPO | I37: TARIFA/HORA | J37: RENDIMIENTO | L37: Vr. UNITARIO
A38: Herramienta menor (10% del costo de la mano de obra) | L38: =+L61*10% -> 10797.248
A40: SUBTOTAL | L40: =SUM(L38:L39) -> 10797.248
A42: II. MATERIALES
A44: DESCRIPCIÓN | H44: UNIDAD | I44: CANTIDAD | J44: PRECIO UNIT. | L44: Vr. UNITARIO
A47: SUBTOTAL | L47: =SUM(L45:L46) -> 0
A49: III. TRANSPORTES
A51: MATERIAL | F51: UNIDAD | G51: CANTIDAD (1) | H51: DISTANCIA (2) | I51: CANTIDAD * DISTANCIA (1) * (2) | J51: TARIFA | L51: Vr. UNITARIO
A54: SUBTOTAL | L54: =SUM(L52:L53) -> 0
A56: IV. MANO DE OBRA
A58: DESCRIPCIÓN | G58: JORNAL | H58: PRESTACIONES | I58: JORNAL TOTAL | J58: RENDIMIENTO | L58: Vr. UNITARIO
A59: 2 Ayudante | G59: ='Precios Cotizacion'!L4*2 -> 116727 | H59: 1.85 | I59: =+G59*H59 -> 215944.95 | J59: 2 | L59: =+I59/J59 -> 107972.48
A61: SUBTOTAL | L61: =SUM(L59:L60) -> 107972.48
A63: TOTAL COSTO DIRECTO | L63: =+L40+L47+L54+L61 -> 118769.72
A65: V. COSTOS INDIRECTOS
A67: DESCRIPCIÓN | I67: Porcentaje | J67: Valor Total
A68: ADMINISTRACIÓN | I68: 0.15 | J68: =+L63*I68 -> 17815.458
A69: IMPREVISTOS | I69: 0.03 | J69: =+L63*I69 -> 3563.0917
A70: UTILIDAD | I70: 0.05 | J70: =+L63*I70 -> 5938.4861
A71: SUBTOTAL | L71: =SUM(J68:K70) -> 27317.036
A73: Precio Unitario Total Aproximado al peso | L73: =ROUND(L63+L71,0) -> 146087
D78: Firma
D79: Nombre:
D80: Representante Legal del Contratista o su Apoderado
D81: Matrícula Profesional No.:
A83: OBSERVACIONES INTERVENTORÍA:
A89: APROBACIÓN POR INTERVENTORÍA
A90: Nota 1: Cuando se trate de análisis de precios unitarios correspondientes a ítems de la propuesta económica, el Interventor aprueba el desglose de los componentes manteniendo el mismo precio unitario de cada ítem, cumpliendo con las especificaciones de construcción vigentes para el proyecto.
A92: Nota 2: Cuando se trate de análisis de precios unitarios de ítems no previstos, el Interventor aprueba el desglose y precio unitario de cada ítem no previsto, exigiendo la aplicación correspondiente a rendimientos, tarifas, precio de materiales, jornales, costos, etc contemplados en los análisis de precios unitarios aprobados por la interventoría que soportan la propuesta económica y los aprobados durante la ejecución del contrato, cumpliendo con las especificaciones de construcción vigentes para el proyecto. El Contratista y el Interventor certifican que los precios unitarios del ítem o de los ítems no previstos corresponden a los precios del mercado.
D98: Firma
D99: Nombre:
D100: Representante Legal del Interventor o su Apoderado
D101: Matrícula Profesional No.:
A103: Original: Archivo de Gestión del INVIAS.
A104: Copias: Unidad Ejecutora, Contratista, Interventor y Dirección Territorial.

Sheet 1.2
I1: CÓDIGO | J1: MEPI-MN1-IN-10-FR-1
B2: INSTITUTO NACIONAL DE VIAS
B3: PROCESO MISIONAL EJECUCIÓN DE PROYECTOS DE INFRAESTRUCTURA DE TRANSPORTE | I3: VERSIÓN | J3: 1
B4: MANUAL DE INTERVENTORÍA OBRA PÚBLICA
B5: ANÁLISIS DE PRECIOS UNITARIOS | I5: PÁGINA
I8: FECHA
J9: (Día / Mes / Año)
A10: ÍTEMS DE LA PROPUESTA ECONÓMICA | H10: ÍTEMS NO PREVISTOS
A11: UNIDAD EJECUTORA: | H11: DIRECCIÓN TERRITORIAL:
A14: CONTRATO No.
B15: (Indicar número y año)
A17: OBJETO DEL CONTRATO:
A21: PROYECTO:
A23: CONTRATISTA:
A25: INTERVENTOR: | I25: Contrato No.:
J26: (Indicar número y año)
A27: FECHA CIERRE PROCESO DE SELECCIÓN CONTRATO DE OBRA:
F28: (Día) | G28: (Mes) | H28: (Año)
A30: DATOS ESPECÍFICOS
A32: ÍTEM | B32: DESCRIPCIÓN | I32: GRUPO DE AJUSTE | J32: UNIDAD | L32: CANTIDAD
A33: =+Presupuesto!B15 -> 1.2 | B33: =+Presupuesto!E15 -> Cargue y acarreo de escombros y sobrantes y disposición en zona autorizada) | J33: M3
A35: I. EQUIPO
A37: DESCRIPCIÓN | G37: TIPO | I37: TARIFA/HORA | J37: RENDIMIENTO | L37: Vr. UNITARIO
A38: Herramienta menor (10% del costo de la mano de obra) | L38: =+L61*10% -> 3773.8096
A40: SUBTOTAL | L40: =SUM(L38:L39) -> 3773.8096 | N40: Tansporte | O40: 1 hora
A42: II. MATERIALES
A44: DESCRIPCIÓN | H44: UNIDAD | I44: CANTIDAD | J44: PRECIO UNIT. | L44: Vr. UNITARIO
A47: SUBTOTAL | L47: =SUM(L45:L46) -> 0
A49: III. TRANSPORTES
A51: MATERIAL | F51: UNIDAD | G51: CANTIDAD (1) | H51: DISTANCIA (2) | I51: CANTIDAD * DISTANCIA (1) * (2) | J51: TARIFA | L51: Vr. UNITARIO
A52: Material de escombros | F52: m3-km | G52: 1 | H52: 15 | I52: =+G52*H52 -> 15 | J52: =+'Precios Cotizacion'!P4 -> 2000 | L52: =+I52*J52 -> 30000
A54: SUBTOTAL | L54: =SUM(L52:L53) -> 30000
A56: IV. MANO DE OBRA
A58: DESCRIPCIÓN | G58: JORNAL | H58: PRESTACIONES | I58: JORNAL TOTAL | J58: RENDIMIENTO | L58: Vr. UNITARIO
A59: 2 Ayudante | G59: =+'Precios Cotizacion'!L4*2 -> 116727 | H59: 1.85 | I59: =+G59*H59 -> 215944.95 | J59: 5.7222005 | L59: =+I59/J59 -> 37738.096
A61: SUBTOTAL | L61: =SUM(L59:L60) -> 37738.096
A63: TOTAL COSTO DIRECTO | L63: =+L40+L47+L54+L61 -> 71511.905
A65: V. COSTOS INDIRECTOS
A67: DESCRIPCIÓN | I67: Porcentaje | J67: Valor Total
A68: ADMINISTRACIÓN | I68: 0.15 | J68: =+L63*I68 -> 10726.786
A69: IMPREVISTOS | I69: 0.03 | J69: =+L63*I69 -> 2145.3572
A70: UTILIDAD | I70: 0.05 | J70: =+L63*I70 -> 3575.5953
A71: SUBTOTAL | L71: =SUM(J68:K70) -> 16447.738
A73: Precio Unitario Total Aproximado al peso | L73: =ROUND(L63+L71,0) -> 87960
D78: Firma
D79: Nombre:
D80: Representante Legal del Contratista o su Apoderado
D81: Matrícula Profesional No.:
A83: OBSERVACIONES INTERVENTORÍA:
A89: APROBACIÓN POR INTERVENTORÍA
A90: Nota 1: Cuando se trate de análisis de precios unitarios correspondientes a ítems de la propuesta económica, el Interventor aprueba el desglose de los componentes manteniendo el mismo precio unitario de cada ítem, cumpliendo con las especificaciones de construcción vigentes para el proyecto.
A92: Nota 2: Cuando se trate de análisis de precios unitarios de ítems no previstos, el Interventor aprueba el desglose y precio unitario de cada ítem no previsto, exigiendo la aplicación correspondiente a rendimientos, tarifas, precio de materiales, jornales, costos, etc contemplados en los análisis de precios unitarios aprobados por la interventoría que soportan la propuesta económica y los aprobados durante la ejecución del contrato, cumpliendo con las especificaciones de construcción vigentes para el proyecto. El Contratista y el Interventor certifican que los precios unitarios del ítem o de los ítems no previstos corresponden a los precios del mercado.
D98: Firma
D99: Nombre:
D100: Representante Legal del Interventor o su Apoderado
D101: Matrícula Profesional No.:
A103: Original: Archivo de Gestión del INVIAS.
A104: Copias: Unidad Ejecutora, Contratista, Interventor y Dirección Territorial.

Sheet 2.1
I1: CÓDIGO | J1: MEPI-MN1-IN-10-FR-1
B2: INSTITUTO NACIONAL DE VIAS
B3: PROCESO MISIONAL EJECUCIÓN DE PROYECTOS DE INFRAESTRUCTURA DE TRANSPORTE | I3: VERSIÓN | J3: 1
B4: MANUAL DE INTERVENTORÍA OBRA PÚBLICA
B5: ANÁLISIS DE PRECIOS UNITARIOS | I5: PÁGINA
I8: FECHA
J9: (Día / Mes / Año)
A10: ÍTEMS DE LA PROPUESTA ECONÓMICA | H10: ÍTEMS NO PREVISTOS
A11: UNIDAD EJECUTORA: | H11: DIRECCIÓN TERRITORIAL:
A14: CONTRATO No.
B15: (Indicar número y año)
A17: OBJETO DEL CONTRATO:
A21: PROYECTO:
A23: CONTRATISTA:
A25: INTERVENTOR: | I25: Contrato No.:
J26: (Indicar número y año)
A27: FECHA CIERRE PROCESO DE SELECCIÓN CONTRATO DE OBRA:
F28: (Día) | G28: (Mes) | H28: (Año)
A30: DATOS ESPECÍFICOS
A32: ÍTEM | B32: DESCRIPCIÓN | I32: GRUPO DE AJUSTE | J32: UNIDAD | L32: CANTIDAD
A33: =+Presupuesto!B17 -> 2.1 | B33: =+Presupuesto!E17 -> Suministro e instalación de lamparas Led panel 60x60cm 48w(Incluye retiro lampara existente y cableado según corresponda). | J33: UND
A35: I. EQUIPO
A37: DESCRIPCIÓN | G37: TIPO | I37: TARIFA/HORA | J37: RENDIMIENTO | L37: Vr. UNITARIO
A38: Herramienta menor (10% del costo de la mano de obra) | L38: =+L61*10% -> 3700
A40: SUBTOTAL | L40: =SUM(L38:L39) -> 3700
A42: II. MATERIALES
A44: DESCRIPCIÓN | H44: UNIDAD | I44: CANTIDAD | J44: PRECIO UNIT. | L44: Vr. UNITARIO
A45: =+'Precios Cotizacion'!B5 -> Lampara Led panel 60x60cm 48w | H45: =+'Precios Cotizacion'!C5 -> UND | I45: 1 | J45: =+'Precios Cotizacion'!D5 -> 116900 | L45: =+I45*J45 -> 116900
L46: =+I46*J46 -> 0
A47: SUBTOTAL | L47: =SUM(L45:L46) -> 116900
A49: III. TRANSPORTES
A51: MATERIAL | F51: UNIDAD | G51: CANTIDAD (1) | H51: DISTANCIA (2) | I51: CANTIDAD * DISTANCIA (1) * (2) | J51: TARIFA | L51: Vr. UNITARIO
A54: SUBTOTAL | L54: =SUM(L52:L53) -> 0
A56: IV. MANO DE OBRA
A58: DESCRIPCIÓN | G58: JORNAL | H58: PRESTACIONES | I58: JORNAL TOTAL | J58: RENDIMIENTO | L58: Vr. UNITARIO
A59: 1 Tecnico electricista | G59: =+'Precios Cotizacion'!L6 -> 100000 | H59: 1.85 | I59: =+G59*H59 -> 185000 | J59: 5 | L59: =+I59/J59 -> 37000
A61: SUBTOTAL | L61: =SUM(L59:L60) -> 37000
A63: TOTAL COSTO DIRECTO | L63: =+L40+L47+L54+L61 -> 157600
A65: V. COSTOS INDIRECTOS
A67: DESCRIPCIÓN | I67: Porcentaje | J67: Valor Total
A68: ADMINISTRACIÓN | I68: 0.15 | J68: =+L63*I68 -> 23640
A69: IMPREVISTOS | I69: 0.03 | J69: =+L63*I69 -> 4728
A70: UTILIDAD | I70: 0.05 | J70: =+L63*I70 -> 7880
A71: SUBTOTAL | L71: =SUM(J68:K70) -> 36248
A73: Precio Unitario Total Aproximado al peso | L73: =ROUND(L63+L71,0) -> 193848
D78: Firma
D79: Nombre:
D80: Representante Legal del Contratista o su Apoderado
D81: Matrícula Profesional No.:
A83: OBSERVACIONES INTERVENTORÍA:
A89: APROBACIÓN POR INTERVENTORÍA
A90: Nota 1: Cuando se trate de análisis de precios unitarios correspondientes a ítems de la propuesta económica, el Interventor aprueba el desglose de los componentes manteniendo el mismo precio unitario de cada ítem, cumpliendo con las especificaciones de construcción vigentes para el proyecto.
A92: Nota 2: Cuando se trate de análisis de precios unitarios de ítems no previstos, el Interventor aprueba el desglose y precio unitario de cada ítem no previsto, exigiendo la aplicación correspondiente a rendimientos, tarifas, precio de materiales, jornales, costos, etc contemplados en los análisis de precios unitarios aprobados por la interventoría que soportan la propuesta económica y los aprobados durante la ejecución del contrato, cumpliendo con las especificaciones de construcción vigentes para el proyecto. El Contratista y el Interventor certifican que los precios unitarios del ítem o de los ítems no previstos corresponden a los precios del mercado.
D98: Firma
D99: Nombre:
D100: Representante Legal del Interventor o su Apoderado
D101: Matrícula Profesional No.:
A103: Original: Archivo de Gestión del INVIAS.
A104: Copias: Unidad Ejecutora, Contratista, Interventor y Dirección Territorial.

Sheet 2.3
I1: CÓDIGO | J1: MEPI-MN1-IN-10-FR-1
B2: INSTITUTO NACIONAL DE VIAS
B3: PROCESO MISIONAL EJECUCIÓN DE PROYECTOS DE INFRAESTRUCTURA DE TRANSPORTE | I3: VERSIÓN | J3: 1
B4: MANUAL DE INTERVENTORÍA OBRA PÚBLICA
B5: ANÁLISIS DE PRECIOS UNITARIOS | I5: PÁGINA
I8: FECHA
J9: (Día / Mes / Año)
A10: ÍTEMS DE LA PROPUESTA ECONÓMICA | H10: ÍTEMS NO PREVISTOS
A11: UNIDAD EJECUTORA: | H11: DIRECCIÓN TERRITORIAL:
A14: CONTRATO No.
B15: (Indicar número y año)
A17: OBJETO DEL CONTRATO:
A21: PROYECTO:
A23: CONTRATISTA:
A25: INTERVENTOR: | I25: Contrato No.:
J26: (Indicar número y año)
A27: FECHA CIERRE PROCESO DE SELECCIÓN CONTRATO DE OBRA:
F28: (Día) | G28: (Mes) | H28: (Año)
A30: DATOS ESPECÍFICOS
A32: ÍTEM | B32: DESCRIPCIÓN | I32: GRUPO DE AJUSTE | J32: UNIDAD | L32: CANTIDAD
A33: =+Presupuesto!B18 -> 2.2 | B33: =+Presupuesto!E18 -> Suministro Instalaciön de tapa ciega rectangular en pvc para cajas electricas. | J33: UND
A35: I. EQUIPO
A37: DESCRIPCIÓN | G37: TIPO | I37: TARIFA/HORA | J37: RENDIMIENTO | L37: Vr. UNITARIO
A38: Herramienta menor (10% del costo de la mano de obra) | L38: =+L61*10% -> 37
A40: SUBTOTAL | L40: =SUM(L38:L39) -> 37
A42: II. MATERIALES
A44: DESCRIPCIÓN | H44: UNIDAD | I44: CANTIDAD | J44: PRECIO UNIT. | L44: Vr. UNITARIO
A45: =+'Precios Cotizacion'!B6 -> Tapa Ciega 2x4 Plastica Rectangular | H45: =+'Precios Cotizacion'!C4 -> UND | I45: 1 | J45: =+'Precios Cotizacion'!D6 -> 2200 | L45: =+I45*J45 -> 2200
L46: =+I46*J46 -> 0
A47: SUBTOTAL | L47: =SUM(L45:L46) -> 2200
A49: III. TRANSPORTES
A51: MATERIAL | F51: UNIDAD | G51: CANTIDAD (1) | H51: DISTANCIA (2) | I51: CANTIDAD * DISTANCIA (1) * (2) | J51: TARIFA | L51: Vr. UNITARIO
A54: SUBTOTAL | L54: =SUM(L52:L53) -> 0
A56: IV. MANO DE OBRA
A58: DESCRIPCIÓN | G58: JORNAL | H58: PRESTACIONES | I58: JORNAL TOTAL | J58: RENDIMIENTO | L58: Vr. UNITARIO
A59: 1 Tecnico electricista | G59: =+'Precios Cotizacion'!L6 -> 100000 | H59: 1.85 | I59: =+G59*H59 -> 185000 | J59: 500 | L59: =+I59/J59 -> 370
A61: SUBTOTAL | L61: =SUM(L59:L60) -> 370
A63: TOTAL COSTO DIRECTO | L63: =+L40+L47+L54+L61 -> 2607
A65: V. COSTOS INDIRECTOS
A67: DESCRIPCIÓN | I67: Porcentaje | J67: Valor Total
A68: ADMINISTRACIÓN | I68: 0.15 | J68: =+L63*I68 -> 391.05
A69: IMPREVISTOS | I69: 0.03 | J69: =+L63*I69 -> 78.21
A70: UTILIDAD | I70: 0.05 | J70: =+L63*I70 -> 130.35
A71: SUBTOTAL | L71: =SUM(J68:K70) -> 599.61
A73: Precio Unitario Total Aproximado al peso | L73: =ROUND(L63+L71,0) -> 3207
D78: Firma
D79: Nombre:
D80: Representante Legal del Contratista o su Apoderado
D81: Matrícula Profesional No.:
A83: OBSERVACIONES INTERVENTORÍA:
A89: APROBACIÓN POR INTERVENTORÍA
A90: Nota 1: Cuando se trate de análisis de precios unitarios correspondientes a ítems de la propuesta económica, el Interventor aprueba el desglose de los componentes manteniendo el mismo precio unitario de cada ítem, cumpliendo con las especificaciones de construcción vigentes para el proyecto.
A92: Nota 2: Cuando se trate de análisis de precios unitarios de ítems no previstos, el Interventor aprueba el desglose y precio unitario de cada ítem no previsto, exigiendo la aplicación correspondiente a rendimientos, tarifas, precio de materiales, jornales, costos, etc contemplados en los análisis de precios unitarios aprobados por la interventoría que soportan la propuesta económica y los aprobados durante la ejecución del contrato, cumpliendo con las especificaciones de construcción vigentes para el proyecto. El Contratista y el Interventor certifican que los precios unitarios del ítem o de los ítems no previstos corresponden a los precios del mercado.
D98: Firma
D99: Nombre:
D100: Representante Legal del Interventor o su Apoderado
D101: Matrícula Profesional No.:
A103: Original: Archivo de Gestión del INVIAS.
A104: Copias: Unidad Ejecutora, Contratista, Interventor y Dirección Territorial.

Sheet 2.4
I1: CÓDIGO | J1: MEPI-MN1-IN-10-FR-1
B2: INSTITUTO NACIONAL DE VIAS
B3: PROCESO MISIONAL EJECUCIÓN DE PROYECTOS DE INFRAESTRUCTURA DE TRANSPORTE | I3: VERSIÓN | J3: 1
B4: MANUAL DE INTERVENTORÍA OBRA PÚBLICA
B5: ANÁLISIS DE PRECIOS UNITARIOS | I5: PÁGINA
I8: FECHA
J9: (Día / Mes / Año)
A10: ÍTEMS DE LA PROPUESTA ECONÓMICA | H10: ÍTEMS NO PREVISTOS
A11: UNIDAD EJECUTORA: | H11: DIRECCIÓN TERRITORIAL:
A14: CONTRATO No.
B15: (Indicar número y año)
A17: OBJETO DEL CONTRATO:
A21: PROYECTO:
A23: CONTRATISTA:
A25: INTERVENTOR: | I25: Contrato No.:
J26: (Indicar número y año)
A27: FECHA CIERRE PROCESO DE SELECCIÓN CONTRATO DE OBRA:
F28: (Día) | G28: (Mes) | H28: (Año)
A30: DATOS ESPECÍFICOS
A32: ÍTEM | B32: DESCRIPCIÓN | I32: GRUPO DE AJUSTE | J32: UNIDAD | L32: CANTIDAD
A33: =+Presupuesto!B19 -> 2.3 | B33: =+Presupuesto!E19 -> Suministro Instalaciön de tapa ciega en octogonal pvc para cajas electricas. | J33: UND
A35: I. EQUIPO
A37: DESCRIPCIÓN | G37: TIPO | I37: TARIFA/HORA | J37: RENDIMIENTO | L37: Vr. UNITARIO
A38: Herramienta menor (10% del costo de la mano de obra) | L38: =+L61*10% -> 37
A40: SUBTOTAL | L40: =SUM(L38:L39) -> 37
A42: II. MATERIALES
A44: DESCRIPCIÓN | H44: UNIDAD | I44: CANTIDAD | J44: PRECIO UNIT. | L44: Vr. UNITARIO
A45: =+'Precios Cotizacion'!B7 -> Tapa Ciega Plastica Octogonal | H45: =+'Precios Cotizacion'!C4 -> UND | I45: 1 | J45: =+'Precios Cotizacion'!D7 -> 2200 | L45: =+I45*J45 -> 2200
L46: =+I46*J46 -> 0
A47: SUBTOTAL | L47: =SUM(L45:L46) -> 2200
A49: III. TRANSPORTES
A51: MATERIAL | F51: UNIDAD | G51: CANTIDAD (1) | H51: DISTANCIA (2) | I51: CANTIDAD * DISTANCIA (1) * (2) | J51: TARIFA | L51: Vr. UNITARIO
A54: SUBTOTAL | L54: =SUM(L52:L53) -> 0
A56: IV. MANO DE OBRA
A58: DESCRIPCIÓN | G58: JORNAL | H58: PRESTACIONES | I58: JORNAL TOTAL | J58: RENDIMIENTO | L58: Vr. UNITARIO
A59: 1 Tecnico electricista | G59: =+'Precios Cotizacion'!L6 -> 100000 | H59: 1.85 | I59: =+G59*H59 -> 185000 | J59: 500 | L59: =+I59/J59 -> 370
A61: SUBTOTAL | L61: =SUM(L59:L60) -> 370
A63: TOTAL COSTO DIRECTO | L63: =+L40+L47+L54+L61 -> 2607
A65: V. COSTOS INDIRECTOS
A67: DESCRIPCIÓN | I67: Porcentaje | J67: Valor Total
A68: ADMINISTRACIÓN | I68: 0.15 | J68: =+L63*I68 -> 391.05
A69: IMPREVISTOS | I69: 0.03 | J69: =+L63*I69 -> 78.21
A70: UTILIDAD | I70: 0.05 | J70: =+L63*I70 -> 130.35
A71: SUBTOTAL | L71: =SUM(J68:K70) -> 599.61
A73: Precio Unitario Total Aproximado al peso | L73: =ROUND(L63+L71,0) -> 3207
D78: Firma
D79: Nombre:
D80: Representante Legal del Contratista o su Apoderado
D81: Matrícula Profesional No.:
A83: OBSERVACIONES INTERVENTORÍA:
A89: APROBACIÓN POR INTERVENTORÍA
A90: Nota 1: Cuando se trate de análisis de precios unitarios correspondientes a ítems de la propuesta económica, el Interventor aprueba el desglose de los componentes manteniendo el mismo precio unitario de cada ítem, cumpliendo con las especificaciones de construcción vigentes para el proyecto.
A92: Nota 2: Cuando se trate de análisis de precios unitarios de ítems no previstos, el Interventor aprueba el desglose y precio unitario de cada ítem no previsto, exigiendo la aplicación correspondiente a rendimientos, tarifas, precio de materiales, jornales, costos, etc contemplados en los análisis de precios unitarios aprobados por la interventoría que soportan la propuesta económica y los aprobados durante la ejecución del contrato, cumpliendo con las especificaciones de construcción vigentes para el proyecto. El Contratista y el Interventor certifican que los precios unitarios del ítem o de los ítems no previstos corresponden a los precios del mercado.
D98: Firma
D99: Nombre:
D100: Representante Legal del Interventor o su Apoderado
D101: Matrícula Profesional No.:
A103: Original: Archivo de Gestión del INVIAS.
A104: Copias: Unidad Ejecutora, Contratista, Interventor y Dirección Territorial.

Sheet 3.1
I1: CÓDIGO | J1: MEPI-MN1-IN-10-FR-1
B2: INSTITUTO NACIONAL DE VIAS
B3: PROCESO MISIONAL EJECUCIÓN DE PROYECTOS DE INFRAESTRUCTURA DE TRANSPORTE | I3: VERSIÓN | J3: 1
B4: MANUAL DE INTERVENTORÍA OBRA PÚBLICA
B5: ANÁLISIS DE PRECIOS UNITARIOS | I5: PÁGINA
I8: FECHA
J9: (Día / Mes / Año)
A10: ÍTEMS DE LA PROPUESTA ECONÓMICA | H10: ÍTEMS NO PREVISTOS
A11: UNIDAD EJECUTORA: | H11: DIRECCIÓN TERRITORIAL:
A14: CONTRATO No.
B15: (Indicar número y año)
A17: OBJETO DEL CONTRATO:
A21: PROYECTO:
A23: CONTRATISTA:
A25: INTERVENTOR: | I25: Contrato No.:
J26: (Indicar número y año)
A27: FECHA CIERRE PROCESO DE SELECCIÓN CONTRATO DE OBRA:
F28: (Día) | G28: (Mes) | H28: (Año)
A30: DATOS ESPECÍFICOS
A32: ÍTEM | B32: DESCRIPCIÓN | I32: GRUPO DE AJUSTE | J32: UNIDAD | L32: CANTIDAD
A33: =+Presupuesto!B21 -> 3.1 | B33: =+Presupuesto!E21 -> Limpieza de la cubierta (retiro de hojas de árboles) | J33: M2 | L33: =+Presupuesto!G21 -> 570
A35: I. EQUIPO
A37: DESCRIPCIÓN | G37: TIPO | I37: TARIFA/HORA | J37: RENDIMIENTO | L37: Vr. UNITARIO
A38: Herramienta menor (20% del costo de la mano de obra) | L38: =+L61*20% -> 393.00073
A40: SUBTOTAL | L40: =SUM(L38:L39) -> 393.00073
A42: II. MATERIALES
A44: DESCRIPCIÓN | H44: UNIDAD | I44: CANTIDAD | J44: PRECIO UNIT. | L44: Vr. UNITARIO
L45: =+I45*J45 -> 0
L46: =+I46*J46 -> 0
A47: SUBTOTAL | L47: =SUM(L45:L46) -> 0
A49: III. TRANSPORTES
A51: MATERIAL | F51: UNIDAD | G51: CANTIDAD (1) | H51: DISTANCIA (2) | I51: CANTIDAD * DISTANCIA (1) * (2) | J51: TARIFA | L51: Vr. UNITARIO
A54: SUBTOTAL | L54: =SUM(L52:L53) -> 0
A56: IV. MANO DE OBRA
A58: DESCRIPCIÓN | G58: JORNAL | H58: PRESTACIONES | I58: JORNAL TOTAL | J58: RENDIMIENTO | L58: Vr. UNITARIO
A60: 1 Ayudante | G60: =+'Precios Cotizacion'!L4 -> 58363.5 | H60: 1.85 | I60: =+G60*H60 -> 107972.48 | J60: 54.947722 | L60: =+I60/J60 -> 1965.0037
A61: SUBTOTAL | L61: =SUM(L59:L60) -> 1965.0037
A63: TOTAL COSTO DIRECTO | L63: =+L40+L47+L54+L61 -> 2358.0044
A65: V. COSTOS INDIRECTOS
A67: DESCRIPCIÓN | I67: Porcentaje | J67: Valor Total
A68: ADMINISTRACIÓN | I68: 0.15 | J68: =+L63*I68 -> 353.70066
A69: IMPREVISTOS | I69: 0.03 | J69: =+L63*I69 -> 70.740132
A70: UTILIDAD | I70: 0.05 | J70: =+L63*I70 -> 117.90022
A71: SUBTOTAL | L71: =SUM(J68:K70) -> 542.34101
A73: Precio Unitario Total Aproximado al peso | L73: =ROUND(L63+L71,0) -> 2900
D78: Firma
D79: Nombre:
D80: Representante Legal del Contratista o su Apoderado
D81: Matrícula Profesional No.:
A83: OBSERVACIONES INTERVENTORÍA:
A89: APROBACIÓN POR INTERVENTORÍA
A90: Nota 1: Cuando se trate de análisis de precios unitarios correspondientes a ítems de la propuesta económica, el Interventor aprueba el desglose de los componentes manteniendo el mismo precio unitario de cada ítem, cumpliendo con las especificaciones de construcción vigentes para el proyecto.
A92: Nota 2: Cuando se trate de análisis de precios unitarios de ítems no previstos, el Interventor aprueba el desglose y precio unitario de cada ítem no previsto, exigiendo la aplicación correspondiente a rendimientos, tarifas, precio de materiales, jornales, costos, etc contemplados en los análisis de precios unitarios aprobados por la interventoría que soportan la propuesta económica y los aprobados durante la ejecución del contrato, cumpliendo con las especificaciones de construcción vigentes para el proyecto. El Contratista y el Interventor certifican que los precios unitarios del ítem o de los ítems no previstos corresponden a los precios del mercado.
D98: Firma
D99: Nombre:
D100: Representante Legal del Interventor o su Apoderado
D101: Matrícula Profesional No.:
A103: Original: Archivo de Gestión del INVIAS.
A104: Copias: Unidad Ejecutora, Contratista, Interventor y Dirección Territorial.

Sheet 3.2
I1: CÓDIGO | J1: MEPI-MN1-IN-10-FR-1
B2: INSTITUTO NACIONAL DE VIAS
B3: PROCESO MISIONAL EJECUCIÓN DE PROYECTOS DE INFRAESTRUCTURA DE TRANSPORTE | I3: VERSIÓN | J3: 1
B4: MANUAL DE INTERVENTORÍA OBRA PÚBLICA
B5: ANÁLISIS DE PRECIOS UNITARIOS | I5: PÁGINA
I8: FECHA
J9: (Día / Mes / Año)
A10: ÍTEMS DE LA PROPUESTA ECONÓMICA | H10: ÍTEMS NO PREVISTOS
A11: UNIDAD EJECUTORA: | H11: DIRECCIÓN TERRITORIAL:
A14: CONTRATO No.
B15: (Indicar número y año)
A17: OBJETO DEL CONTRATO:
A21: PROYECTO:
A23: CONTRATISTA:
A25: INTERVENTOR: | I25: Contrato No.:
J26: (Indicar número y año)
A27: FECHA CIERRE PROCESO DE SELECCIÓN CONTRATO DE OBRA:
F28: (Día) | G28: (Mes) | H28: (Año)
A30: DATOS ESPECÍFICOS
A32: ÍTEM | B32: DESCRIPCIÓN | I32: GRUPO DE AJUSTE | J32: UNIDAD | L32: CANTIDAD
A33: =+Presupuesto!B22 -> 3.2 | B33: =+Presupuesto!E22 -> Limpieza viga canal | J33: M | L33: =+Presupuesto!G22 -> 37.5
A35: I. EQUIPO
A37: DESCRIPCIÓN | G37: TIPO | I37: TARIFA/HORA | J37: RENDIMIENTO | L37: Vr. UNITARIO
A38: Herramienta menor (20% del costo de la mano de obra) | L38: =+L61*20% -> 609.81786
A40: SUBTOTAL | L40: =SUM(L38:L39) -> 609.81786
A42: II. MATERIALES
A44: DESCRIPCIÓN | H44: UNIDAD | I44: CANTIDAD | J44: PRECIO UNIT. | L44: Vr. UNITARIO
L45: =+I45*J45 -> 0
L46: =+I46*J46 -> 0
A47: SUBTOTAL | L47: =SUM(L45:L46) -> 0
A49: III. TRANSPORTES
A51: MATERIAL | F51: UNIDAD | G51: CANTIDAD (1) | H51: DISTANCIA (2) | I51: CANTIDAD * DISTANCIA (1) * (2) | J51: TARIFA | L51: Vr. UNITARIO
A54: SUBTOTAL | L54: =SUM(L52:L53) -> 0
A56: IV. MANO DE OBRA
A58: DESCRIPCIÓN | G58: JORNAL | H58: PRESTACIONES | I58: JORNAL TOTAL | J58: RENDIMIENTO | L58: Vr. UNITARIO
A60: 1 Ayudante | G60: =+'Precios Cotizacion'!L4 -> 58363.5 | H60: 1.85 | I60: =+G60*H60 -> 107972.48 | J60: 35.411385 | L60: =+I60/J60 -> 3049.0893
A61: SUBTOTAL | L61: =SUM(L59:L60) -> 3049.0893
A63: TOTAL COSTO DIRECTO | L63: =+L40+L47+L54+L61 -> 3658.9071
A65: V. COSTOS INDIRECTOS
A67: DESCRIPCIÓN | I67: Porcentaje | J67: Valor Total
A68: ADMINISTRACIÓN | I68: 0.15 | J68: =+L63*I68 -> 548.83607
A69: IMPREVISTOS | I69: 0.03 | J69: =+L63*I69 -> 109.76721
A70: UTILIDAD | I70: 0.05 | J70: =+L63*I70 -> 182.94536
A71: SUBTOTAL | L71: =SUM(J68:K70) -> 841.54864
A73: Precio Unitario Total Aproximado al peso | L73: =ROUND(L63+L71,0) -> 4500
D78: Firma
D79: Nombre:
D80: Representante Legal del Contratista o su Apoderado
D81: Matrícula Profesional No.:
A83: OBSERVACIONES INTERVENTORÍA:
A89: APROBACIÓN POR INTERVENTORÍA
A90: Nota 1: Cuando se trate de análisis de precios unitarios correspondientes a ítems de la propuesta económica, el Interventor aprueba el desglose de los componentes manteniendo el mismo precio unitario de cada ítem, cumpliendo con las especificaciones de construcción vigentes para el proyecto.
A92: Nota 2: Cuando se trate de análisis de precios unitarios de ítems no previstos, el Interventor aprueba el desglose y precio unitario de cada ítem no previsto, exigiendo la aplicación correspondiente a rendimientos, tarifas, precio de materiales, jornales, costos, etc contemplados en los análisis de precios unitarios aprobados por la interventoría que soportan la propuesta económica y los aprobados durante la ejecución del contrato, cumpliendo con las especificaciones de construcción vigentes para el proyecto. El Contratista y el Interventor certifican que los precios unitarios del ítem o de los ítems no previstos corresponden a los precios del mercado.
D98: Firma
D99: Nombre:
D100: Representante Legal del Interventor o su Apoderado
D101: Matrícula Profesional No.:
A103: Original: Archivo de Gestión del INVIAS.
A104: Copias: Unidad Ejecutora, Contratista, Interventor y Dirección Territorial.

Sheet 3.3
I1: CÓDIGO | J1: MEPI-MN1-IN-10-FR-1
B2: INSTITUTO NACIONAL DE VIAS
B3: PROCESO MISIONAL EJECUCIÓN DE PROYECTOS DE INFRAESTRUCTURA DE TRANSPORTE | I3: VERSIÓN | J3: 1
B4: MANUAL DE INTERVENTORÍA OBRA PÚBLICA
B5: ANÁLISIS DE PRECIOS UNITARIOS | I5: PÁGINA
I8: FECHA
J9: (Día / Mes / Año)
A10: ÍTEMS DE LA PROPUESTA ECONÓMICA | H10: ÍTEMS NO PREVISTOS
A11: UNIDAD EJECUTORA: | H11: DIRECCIÓN TERRITORIAL:
A14: CONTRATO No.
B15: (Indicar número y año)
A17: OBJETO DEL CONTRATO:
A21: PROYECTO:
A23: CONTRATISTA:
A25: INTERVENTOR: | I25: Contrato No.:
J26: (Indicar número y año)
A27: FECHA CIERRE PROCESO DE SELECCIÓN CONTRATO DE OBRA:
F28: (Día) | G28: (Mes) | H28: (Año)
A30: DATOS ESPECÍFICOS
A32: ÍTEM | B32: DESCRIPCIÓN | I32: GRUPO DE AJUSTE | J32: UNIDAD | L32: CANTIDAD
A33: =+Presupuesto!B23 -> 3.3 | B33: =+Presupuesto!E23 -> Limpieza de bajantes para aguas lluvias | J33: UND | L33: =+Presupuesto!G23 -> 10
A35: I. EQUIPO
A37: DESCRIPCIÓN | G37: TIPO | I37: TARIFA/HORA | J37: RENDIMIENTO | L37: Vr. UNITARIO
A38: Herramienta menor (20% del costo de la mano de obra) | L38: =+L61*20% -> 4460.4662
A40: SUBTOTAL | L40: =SUM(L38:L39) -> 4460.4662
A42: II. MATERIALES
A44: DESCRIPCIÓN | H44: UNIDAD | I44: CANTIDAD | J44: PRECIO UNIT. | L44: Vr. UNITARIO
H45: Und | L45: =+I45*J45 -> 0
L46: =+I46*J46 -> 0
A47: SUBTOTAL | L47: =SUM(L45:L46) -> 0
A49: III. TRANSPORTES
A51: MATERIAL | F51: UNIDAD | G51: CANTIDAD (1) | H51: DISTANCIA (2) | I51: CANTIDAD * DISTANCIA (1) * (2) | J51: TARIFA | L51: Vr. UNITARIO
A54: SUBTOTAL | L54: =SUM(L52:L53) -> 0
A56: IV. MANO DE OBRA
A58: DESCRIPCIÓN | G58: JORNAL | H58: PRESTACIONES | I58: JORNAL TOTAL | J58: RENDIMIENTO | L58: Vr. UNITARIO
A60: 1 Ayudante | G60: =+'Precios Cotizacion'!L4 -> 58363.5 | H60: 1.85 | I60: =+G60*H60 -> 107972.48 | J60: 4.8413089 | L60: =+I60/J60 -> 22302.331
A61: SUBTOTAL | L61: =SUM(L59:L60) -> 22302.331
A63: TOTAL COSTO DIRECTO | L63: =+L40+L47+L54+L61 -> 26762.797
A65: V. COSTOS INDIRECTOS
A67: DESCRIPCIÓN | I67: Porcentaje | J67: Valor Total
A68: ADMINISTRACIÓN | I68: 0.15 | J68: =+L63*I68 -> 4014.4196
A69: IMPREVISTOS | I69: 0.03 | J69: =+L63*I69 -> 802.88392
A70: UTILIDAD | I70: 0.05 | J70: =+L63*I70 -> 1338.1399
A71: SUBTOTAL | L71: =SUM(J68:K70) -> 6155.4434
A73: Precio Unitario Total Aproximado al peso | L73: =ROUND(L63+L71,0) -> 32918
D78: Firma
D79: Nombre:
D80: Representante Legal del Contratista o su Apoderado
D81: Matrícula Profesional No.:
A83: OBSERVACIONES INTERVENTORÍA:
A89: APROBACIÓN POR INTERVENTORÍA
A90: Nota 1: Cuando se trate de análisis de precios unitarios correspondientes a ítems de la propuesta económica, el Interventor aprueba el desglose de los componentes manteniendo el mismo precio unitario de cada ítem, cumpliendo con las especificaciones de construcción vigentes para el proyecto.
A92: Nota 2: Cuando se trate de análisis de precios unitarios de ítems no previstos, el Interventor aprueba el desglose y precio unitario de cada ítem no previsto, exigiendo la aplicación correspondiente a rendimientos, tarifas, precio de materiales, jornales, costos, etc contemplados en los análisis de precios unitarios aprobados por la interventoría que soportan la propuesta económica y los aprobados durante la ejecución del contrato, cumpliendo con las especificaciones de construcción vigentes para el proyecto. El Contratista y el Interventor certifican que los precios unitarios del ítem o de los ítems no previstos corresponden a los precios del mercado.
D98: Firma
D99: Nombre:
D100: Representante Legal del Interventor o su Apoderado
D101: Matrícula Profesional No.:
A103: Original: Archivo de Gestión del INVIAS.
A104: Copias: Unidad Ejecutora, Contratista, Interventor y Dirección Territorial.

Sheet 3.4
I1: CÓDIGO | J1: MEPI-MN1-IN-10-FR-1
B2: INSTITUTO NACIONAL DE VIAS
B3: PROCESO MISIONAL EJECUCIÓN DE PROYECTOS DE INFRAESTRUCTURA DE TRANSPORTE | I3: VERSIÓN | J3: 1
B4: MANUAL DE INTERVENTORÍA OBRA PÚBLICA
B5: ANÁLISIS DE PRECIOS UNITARIOS | I5: PÁGINA
I8: FECHA
J9: (Día / Mes / Año)
A10: ÍTEMS DE LA PROPUESTA ECONÓMICA | H10: ÍTEMS NO PREVISTOS
A11: UNIDAD EJECUTORA: | H11: DIRECCIÓN TERRITORIAL:
A14: CONTRATO No.
B15: (Indicar número y año)
A17: OBJETO DEL CONTRATO:
A21: PROYECTO:
A23: CONTRATISTA:
A25: INTERVENTOR: | I25: Contrato No.:
J26: (Indicar número y año)
A27: FECHA CIERRE PROCESO DE SELECCIÓN CONTRATO DE OBRA:
F28: (Día) | G28: (Mes) | H28: (Año)
A30: DATOS ESPECÍFICOS
A32: ÍTEM | B32: DESCRIPCIÓN | I32: GRUPO DE AJUSTE | J32: UNIDAD | L32: CANTIDAD
B33: Estructura retención hojarasca con marco en angulo de 1" x 1" x 1/8" y malla zaranda de 6*6 (incluye fabricación, pintura y montaje y la impermeabilización de la viga canal) | J33: m | L33: 55
A35: I. EQUIPO
A37: DESCRIPCIÓN | G37: TIPO | I37: TARIFA/HORA | J37: RENDIMIENTO | L37: Vr. UNITARIO
A38: Herramienta menor (10% del costo de la mano de obra) | L38: =+L73*10% -> 3016.24
A39: Equipo de soldadura | I39: 11000 | J39: 10 | L39: =+I39/J39 -> 1100
A41: SUBTOTAL | L41: =SUM(L38:L40) -> 4116.24
A43: II. MATERIALES
A45: DESCRIPCIÓN | H45: UNIDAD | I45: CANTIDAD | J45: PRECIO UNIT. | L45: Vr. UNITARIO
A46: Angulo metálico de 1" x 1" x 1/8" | H46: m | I46: =7.1*1.1*50% -> 3.905 | J46: 5650 | L46: =+I46*J46 -> 22063.25 | M46: 0.89 | N46: =+M46*I46 -> 3.47545
A47: Anclaje Metalico Cuña 3/8" X 4-1/2" | H47: Und | I47: =3*50% -> 1.5 | J47: 2036 | L47: =+I47*J47 -> 3054
A48: Malla Zaranda 6 x 6 | H48: m2 | I48: =1.1*1.1*50% -> 0.605 | J48: 9367 | L48: =+I48*J48 -> 5667.035
A49: Platina metálica de 3/4" x 3/16" | H49: m | I49: =10.2*1.1*50% -> 5.61 | J49: 3534 | L49: =+I49*J49 -> 19825.74 | M49: 0.48 | N49: =+M49*I49 -> 2.6928
A50: Platina metálica de 2" x 1/8" | H50: m | I50: =0.1*50% -> 0.05 | J50: 6983 | L50: =+I50*J50 -> 349.15
A51: Soldadura | H51: Kg | I51: =+N51*3%*50% -> 0.05213175 | J51: 29900 | L51: =+I51*J51 -> 1558.7393 | N51: =+N46+N92 -> 3.47545
A52: Pintura imprimante anticorrosiva | H52: Galon | I52: =(1.54/17.5)*50% -> 0.044 | J52: 139900 | L52: =+I52*J52 -> 6155.6
A53: Pintura esmalte tipo I | H53: =+H52 -> Galon | I53: =(1.54/20)*50% -> 0.0385 | J53: 122900 | L53: =+I53*J53 -> 4731.65
A54: Sikafill-12 Power Gris o similar | H54: Galon | I54: 0.167 | J54: 95180 | L54: =+I54*J54 -> 15895.06
A55: Tela poliéster 30 gramos/m2 | H55: m2 | I55: =0.5*2 -> 1 | J55: 2590 | L55: =+I55*J55 -> 2590
A56: Alumol | H56: Galón | I56: 0.060836 | J56: 76125 | L56: =+I56*J56 -> 4631.1405
A58: SUBTOTAL | L58: =SUM(L46:L57) -> 86521.365
A60: III. TRANSPORTES
A62: MATERIAL | F62: UNIDAD | G62: CANTIDAD (1) | H62: DISTANCIA (2) | I62: CANTIDAD * DISTANCIA (1) * (2) | J62: TARIFA | L62: Vr. UNITARIO
A63: Transportes (10% del costo de los materiales) | L63: =+L58*10% -> 8652.1365
A65: SUBTOTAL | L65: =SUM(L63:L64) -> 8652.1365
A67: IV. MANO DE OBRA
A69: DESCRIPCIÓN | G69: JORNAL | H69: PRESTACIONES | I69: JORNAL TOTAL | J69: RENDIMIENTO | L69: Vr. UNITARIO
A70: 1 Oficial (apertura perforaciones para pernos y actividades de fijacion de la zaranda) | G70: =ROUND((77564*1.051),0) -> 81520 | H70: 1.85 | I70: =+G70*H70 -> 150812 | J70: =5*2 -> 10 | L70: =+I70/J70 -> 15081.2
A71: 1 soldador | G71: =ROUND((77564*1.051),0) -> 81520 | H71: 1.85 | I71: =+G71*H71 -> 150812 | J71: =5*2 -> 10 | L71: =+I71/J71 -> 15081.2
A73: SUBTOTAL | L73: =SUM(L70:L72) -> 30162.4
A75: TOTAL COSTO DIRECTO | L75: =+L41+L58+L65+L73 -> 129452.14
A77: V. COSTOS INDIRECTOS
A79: DESCRIPCIÓN | I79: Porcentaje | J79: Valor Total
A80: ADMINISTRACIÓN | I80: 0.15 | J80: =+L75*I80 -> 19417.821
A81: IMPREVISTOS | I81: 0.03 | J81: =+L75*I81 -> 3883.5642
A82: UTILIDAD | I82: 0.05 | J82: =+L75*I82 -> 6472.6071
A83: SUBTOTAL | L83: =SUM(J80:K82) -> 29773.993
A85: Precio Unitario Total Aproximado al peso | L85: =ROUND(L75+L83,0) -> 159226
D90: Firma
D91: Nombre:
D92: Representante Legal del Contratista o su Apoderado
D93: Matrícula Profesional No.:
A95: OBSERVACIONES INTERVENTORÍA:
A101: APROBACIÓN POR INTERVENTORÍA
A102: Nota 1: Cuando se trate de análisis de precios unitarios correspondientes a ítems de la propuesta económica, el Interventor aprueba el desglose de los componentes manteniendo el mismo precio unitario de cada ítem, cumpliendo con las especificaciones de construcción vigentes para el proyecto.
A104: Nota 2: Cuando se trate de análisis de precios unitarios de ítems no previstos, el Interventor aprueba el desglose y precio unitario de cada ítem no previsto, exigiendo la aplicación correspondiente a rendimientos, tarifas, precio de materiales, jornales, costos, etc contemplados en los análisis de precios unitarios aprobados por la interventoría que soportan la propuesta económica y los aprobados durante la ejecución del contrato, cumpliendo con las especificaciones de construcción vigentes para el proyecto. El Contratista y el Interventor certifican que los precios unitarios del ítem o de los ítems no previstos corresponden a los precios del mercado.
D110: Firma
D111: Nombre:
D112: Representante Legal del Interventor o su Apoderado
D113: Matrícula Profesional No.:
A115: Original: Archivo de Gestión del INVIAS.
A116: Copias: Unidad Ejecutora, Contratista, Interventor y Dirección Territorial.

Sheet 3.5
I1: CÓDIGO | J1: MEPI-MN1-IN-10-FR-1
B2: INSTITUTO NACIONAL DE VIAS
B3: PROCESO MISIONAL EJECUCIÓN DE PROYECTOS DE INFRAESTRUCTURA DE TRANSPORTE | I3: VERSIÓN | J3: 1
B4: MANUAL DE INTERVENTORÍA OBRA PÚBLICA
B5: ANÁLISIS DE PRECIOS UNITARIOS | I5: PÁGINA
I8: FECHA
J9: (Día / Mes / Año)
A10: ÍTEMS DE LA PROPUESTA ECONÓMICA | H10: ÍTEMS NO PREVISTOS
A11: UNIDAD EJECUTORA: | H11: DIRECCIÓN TERRITORIAL:
A14: CONTRATO No.
B15: (Indicar número y año)
A17: OBJETO DEL CONTRATO:
A21: PROYECTO:
A23: CONTRATISTA:
A25: INTERVENTOR: | I25: Contrato No.:
J26: (Indicar número y año)
A27: FECHA CIERRE PROCESO DE SELECCIÓN CONTRATO DE OBRA:
F28: (Día) | G28: (Mes) | H28: (Año)
A30: DATOS ESPECÍFICOS
A32: ÍTEM | B32: DESCRIPCIÓN | I32: GRUPO DE AJUSTE | J32: UNIDAD | L32: CANTIDAD
A33: =+Presupuesto!B25 -> 3.5 | B33: =+Presupuesto!E25 -> Suministro e instalación de desagües en viga canal tipo gargola 40cmx50cmx15cm. En lámina Cold Rolled cal. 16 - incluye pintura | J33: UND
A35: I. EQUIPO
A37: DESCRIPCIÓN | G37: TIPO | I37: TARIFA/HORA | J37: RENDIMIENTO | L37: Vr. UNITARIO
A38: Herramienta menor (10% del costo de la mano de obra) | L38: =+L65*10% -> 754.06
A40: SUBTOTAL | L40: =SUM(L38:L39) -> 754.06
A42: II. MATERIALES
A44: DESCRIPCIÓN | H44: UNIDAD | I44: CANTIDAD | J44: PRECIO UNIT. | L44: Vr. UNITARIO
A45: =+'Precios Cotizacion'!B15 -> Gargola 40cmx50cmx15cm. En lámina Cold Rolled cal. 16 - incluye pintura | H45: =+'Precios Cotizacion'!C15 -> UND | I45: 1 | J45: =+'Precios Cotizacion'!D15 -> 111000 | L45: =+I45*J45 -> 111000
A46: =+'Precios Cotizacion'!B9 -> Anclaje Metalico Cuña 5/8" X 4-1/2" | H46: =+'Precios Cotizacion'!C9 -> UND | I46: 4 | J46: =+'Precios Cotizacion'!D9 -> 7590 | L46: =+I46*J46 -> 30360
A47: =+'Precios Cotizacion'!B16 -> Sellante Poliuretano (Cartucho) | H47: =+'Precios Cotizacion'!C16 -> UND | I47: 0.2 | J47: =+'Precios Cotizacion'!D16 -> 41900 | L47: =+I47*J47 -> 8380
A51: SUBTOTAL | L51: =SUM(L45:L50) -> 149740
A53: III. TRANSPORTES
A55: MATERIAL | F55: UNIDAD | G55: CANTIDAD (1) | H55: DISTANCIA (2) | I55: CANTIDAD * DISTANCIA (1) * (2) | J55: TARIFA | L55: Vr. UNITARIO
A58: SUBTOTAL | L58: =SUM(L56:L57) -> 0
A60: IV. MANO DE OBRA
A62: DESCRIPCIÓN | G62: JORNAL | H62: PRESTACIONES | I62: JORNAL TOTAL | J62: RENDIMIENTO | L62: Vr. UNITARIO
A63: 1 Oficial (apertura perforaciones para pernos y actividades de impermeabilización) | G63: =+'Precios Cotizacion'!L5 -> 81520 | H63: 1.85 | I63: =+G63*H63 -> 150812 | J63: 20 | L63: =+I63/J63 -> 7540.6
A65: SUBTOTAL | L65: =SUM(L63:L64) -> 7540.6
A67: TOTAL COSTO DIRECTO | L67: =+L40+L51+L58+L65 -> 158034.66
A69: V. COSTOS INDIRECTOS
A71: DESCRIPCIÓN | I71: Porcentaje | J71: Valor Total
A72: ADMINISTRACIÓN | I72: 0.15 | J72: =+L67*I72 -> 23705.199
A73: IMPREVISTOS | I73: 0.03 | J73: =+L67*I73 -> 4741.0398
A74: UTILIDAD | I74: 0.05 | J74: =+L67*I74 -> 7901.733
A75: SUBTOTAL | L75: =SUM(J72:K74) -> 36347.972
A77: Precio Unitario Total Aproximado al peso | L77: =ROUND(L67+L75,0) -> 194383
D82: Firma
D83: Nombre:
D84: Representante Legal del Contratista o su Apoderado
D85: Matrícula Profesional No.:
A87: OBSERVACIONES INTERVENTORÍA:
A93: APROBACIÓN POR INTERVENTORÍA
A94: Nota 1: Cuando se trate de análisis de precios unitarios correspondientes a ítems de la propuesta económica, el Interventor aprueba el desglose de los componentes manteniendo el mismo precio unitario de cada ítem, cumpliendo con las especificaciones de construcción vigentes para el proyecto.
A96: Nota 2: Cuando se trate de análisis de precios unitarios de ítems no previstos, el Interventor aprueba el desglose y precio unitario de cada ítem no previsto, exigiendo la aplicación correspondiente a rendimientos, tarifas, precio de materiales, jornales, costos, etc contemplados en los análisis de precios unitarios aprobados por la interventoría que soportan la propuesta económica y los aprobados durante la ejecución del contrato, cumpliendo con las especificaciones de construcción vigentes para el proyecto. El Contratista y el Interventor certifican que los precios unitarios del ítem o de los ítems no previstos corresponden a los precios del mercado.
D102: Firma
D103: Nombre:
D104: Representante Legal del Interventor o su Apoderado
D105: Matrícula Profesional No.:
A107: Original: Archivo de Gestión del INVIAS.
A108: Copias: Unidad Ejecutora, Contratista, Interventor y Dirección Territorial.

Sheet 4.1
I1: CÓDIGO | J1: MEPI-MN1-IN-10-FR-1
B2: INSTITUTO NACIONAL DE VIAS
B3: PROCESO MISIONAL EJECUCIÓN DE PROYECTOS DE INFRAESTRUCTURA DE TRANSPORTE | I3: VERSIÓN | J3: 1
B4: MANUAL DE INTERVENTORÍA OBRA PÚBLICA
B5: ANÁLISIS DE PRECIOS UNITARIOS | I5: PÁGINA
I8: FECHA
J9: (Día / Mes / Año)
A10: ÍTEMS DE LA PROPUESTA ECONÓMICA | H10: ÍTEMS NO PREVISTOS
A11: UNIDAD EJECUTORA: | H11: DIRECCIÓN TERRITORIAL:
A14: CONTRATO No.
B15: (Indicar número y año)
A17: OBJETO DEL CONTRATO:
A21: PROYECTO:
A23: CONTRATISTA:
A25: INTERVENTOR: | I25: Contrato No.:
J26: (Indicar número y año)
A27: FECHA CIERRE PROCESO DE SELECCIÓN CONTRATO DE OBRA:
F28: (Día) | G28: (Mes) | H28: (Año)
A30: DATOS ESPECÍFICOS
A32: ÍTEM | B32: DESCRIPCIÓN | I32: GRUPO DE AJUSTE | J32: UNIDAD | L32: CANTIDAD
A33: =+Presupuesto!B27 -> 4.1 | B33: =+Presupuesto!E27 -> Estuco Tipo Graniplast Blanco Esgrafiado Antihongos | J33: M2
A35: I. EQUIPO
A37: DESCRIPCIÓN | G37: TIPO | I37: TARIFA/HORA | J37: RENDIMIENTO | L37: Vr. UNITARIO
A38: Herramienta menor (10% del costo de la mano de obra) | L38: =+L62*10% -> 862.61492
A39: =+'Precios Cotizacion'!F4 -> Andamio Tubular Fijo Seccion Incluye Crucetas | I39: =+'Precios Cotizacion'!H4 -> 1850 | J39: 0.5 | L39: =+I39*J39 -> 925
A41: SUBTOTAL | L41: =SUM(L38:L40) -> 1787.6149
A43: II. MATERIALES
A45: DESCRIPCIÓN | H45: UNIDAD | I45: CANTIDAD | J45: PRECIO UNIT. | L45: Vr. UNITARIO
A46: =+'Precios Cotizacion'!B17 -> Estuco plastico para exteriores | H46: =+'Precios Cotizacion'!C17 -> GALON | I46: =1/4.5 -> 0.22222222 | J46: =+'Precios Cotizacion'!D17 -> 31717.539 | L46: =+I46*J46 -> 7048.3419
A48: SUBTOTAL | L48: =SUM(L46:L47) -> 7048.3419
A50: III. TRANSPORTES
A52: MATERIAL | F52: UNIDAD | G52: CANTIDAD (1) | H52: DISTANCIA (2) | I52: CANTIDAD * DISTANCIA (1) * (2) | J52: TARIFA | L52: Vr. UNITARIO
A55: SUBTOTAL | L55: =SUM(L53:L54) -> 0
A57: IV. MANO DE OBRA
A59: DESCRIPCIÓN | G59: JORNAL | H59: PRESTACIONES | I59: JORNAL TOTAL | J59: RENDIMIENTO | L59: Vr. UNITARIO
A60: 1 Ayudante | G60: =+'Precios Cotizacion'!L4 -> 58363.5 | H60: 1.85 | I60: =+G60*H60 -> 107972.48 | J60: 30 | L60: =+I60/J60 -> 3599.0825
A61: 1 Oficial | G61: =+'Precios Cotizacion'!L5 -> 81520 | H61: 1.85 | I61: =+G61*H61 -> 150812 | J61: 30 | L61: =+I61/J61 -> 5027.0667
A62: SUBTOTAL | L62: =SUM(L60:L61) -> 8626.1492
A64: TOTAL COSTO DIRECTO | L64: =+L41+L48+L55+L62 -> 17462.106
A66: V. COSTOS INDIRECTOS
A68: DESCRIPCIÓN | I68: Porcentaje | J68: Valor Total
A69: ADMINISTRACIÓN | I69: 0.15 | J69: =+L64*I69 -> 2619.3159
A70: IMPREVISTOS | I70: 0.03 | J70: =+L64*I70 -> 523.86318
A71: UTILIDAD | I71: 0.05 | J71: =+L64*I71 -> 873.1053
A72: SUBTOTAL | L72: =SUM(J69:K71) -> 4016.2844
A74: Precio Unitario Total Aproximado al peso | L74: =ROUND(L64+L72,0) -> 21478
D79: Firma
D80: Nombre:
D81: Representante Legal del Contratista o su Apoderado
D82: Matrícula Profesional No.:
A84: OBSERVACIONES INTERVENTORÍA:
A90: APROBACIÓN POR INTERVENTORÍA
A91: Nota 1: Cuando se trate de análisis de precios unitarios correspondientes a ítems de la propuesta económica, el Interventor aprueba el desglose de los componentes manteniendo el mismo precio unitario de cada ítem, cumpliendo con las especificaciones de construcción vigentes para el proyecto.
A93: Nota 2: Cuando se trate de análisis de precios unitarios de ítems no previstos, el Interventor aprueba el desglose y precio unitario de cada ítem no previsto, exigiendo la aplicación correspondiente a rendimientos, tarifas, precio de materiales, jornales, costos, etc contemplados en los análisis de precios unitarios aprobados por la interventoría que soportan la propuesta económica y los aprobados durante la ejecución del contrato, cumpliendo con las especificaciones de construcción vigentes para el proyecto. El Contratista y el Interventor certifican que los precios unitarios del ítem o de los ítems no previstos corresponden a los precios del mercado.
D99: Firma
D100: Nombre:
D101: Representante Legal del Interventor o su Apoderado
D102: Matrícula Profesional No.:
A104: Original: Archivo de Gestión del INVIAS.
A105: Copias: Unidad Ejecutora, Contratista, Interventor y Dirección Territorial.

Sheet 4.2
I1: CÓDIGO | J1: MEPI-MN1-IN-10-FR-1
B2: INSTITUTO NACIONAL DE VIAS
B3: PROCESO MISIONAL EJECUCIÓN DE PROYECTOS DE INFRAESTRUCTURA DE TRANSPORTE | I3: VERSIÓN | J3: 1
B4: MANUAL DE INTERVENTORÍA OBRA PÚBLICA
B5: ANÁLISIS DE PRECIOS UNITARIOS | I5: PÁGINA
I8: FECHA
J9: (Día / Mes / Año)
A10: ÍTEMS DE LA PROPUESTA ECONÓMICA | H10: ÍTEMS NO PREVISTOS
A11: UNIDAD EJECUTORA: | H11: DIRECCIÓN TERRITORIAL:
A14: CONTRATO No.
B15: (Indicar número y año)
A17: OBJETO DEL CONTRATO:
A21: PROYECTO:
A23: CONTRATISTA:
A25: INTERVENTOR: | I25: Contrato No.:
J26: (Indicar número y año)
A27: FECHA CIERRE PROCESO DE SELECCIÓN CONTRATO DE OBRA:
F28: (Día) | G28: (Mes) | H28: (Año)
A30: DATOS ESPECÍFICOS
A32: ÍTEM | B32: DESCRIPCIÓN | I32: GRUPO DE AJUSTE | J32: UNIDAD | L32: CANTIDAD
A33: =+Presupuesto!B28 -> 4.2 | B33: =+Presupuesto!E28 -> Pintura muros interiores en vinilo tipo 1 (2 manos) - sobre pintura existente del mismo color | J33: M2
A35: I. EQUIPO
A37: DESCRIPCIÓN | G37: TIPO | I37: TARIFA/HORA | J37: RENDIMIENTO | L37: Vr. UNITARIO
A38: Herramienta menor (30% del costo de la mano de obra) | L38: =+L61*30% -> 1940.8836
A40: SUBTOTAL | L40: =SUM(L38:L39) -> 1940.8836
A42: II. MATERIALES
A44: DESCRIPCIÓN | H44: UNIDAD | I44: CANTIDAD | J44: PRECIO UNIT. | L44: Vr. UNITARIO
A45: =+'Precios Cotizacion'!B18 -> Pintura para interiores vinilo tipo 1 | H45: =+'Precios Cotizacion'!C18 -> GALON | I45: =1/20 -> 0.05 | J45: =+'Precios Cotizacion'!D18 -> 78750 | L45: =+I45*J45 -> 3937.5
A47: SUBTOTAL | L47: =SUM(L45:L46) -> 3937.5
A49: III. TRANSPORTES
A51: MATERIAL | F51: UNIDAD | G51: CANTIDAD (1) | H51: DISTANCIA (2) | I51: CANTIDAD * DISTANCIA (1) * (2) | J51: TARIFA | L51: Vr. UNITARIO
A54: SUBTOTAL | L54: =SUM(L52:L53) -> 0
A56: IV. MANO DE OBRA
A58: DESCRIPCIÓN | G58: JORNAL | H58: PRESTACIONES | I58: JORNAL TOTAL | J58: RENDIMIENTO | L58: Vr. UNITARIO
A59: 1 Ayudante | G59: =+'Precios Cotizacion'!L4 -> 58363.5 | H59: 1.85 | I59: =+G59*H59 -> 107972.48 | J59: 40 | L59: =+I59/J59 -> 2699.3119
A60: 1 Oficial | G60: =+'Precios Cotizacion'!L5 -> 81520 | H60: 1.85 | I60: =+G60*H60 -> 150812 | J60: 40 | L60: =+I60/J60 -> 3770.3
A61: SUBTOTAL | L61: =SUM(L59:L60) -> 6469.6119
A63: TOTAL COSTO DIRECTO | L63: =+L40+L47+L54+L61 -> 12347.995
A65: V. COSTOS INDIRECTOS
A67: DESCRIPCIÓN | I67: Porcentaje | J67: Valor Total
A68: ADMINISTRACIÓN | I68: 0.15 | J68: =+L63*I68 -> 1852.1993
A69: IMPREVISTOS | I69: 0.03 | J69: =+L63*I69 -> 370.43986
A70: UTILIDAD | I70: 0.05 | J70: =+L63*I70 -> 617.39977
A71: SUBTOTAL | L71: =SUM(J68:K70) -> 2840.039
A73: Precio Unitario Total Aproximado al peso | L73: =ROUND(L63+L71,0) -> 15188
D78: Firma
D79: Nombre:
D80: Representante Legal del Contratista o su Apoderado
D81: Matrícula Profesional No.:
A83: OBSERVACIONES INTERVENTORÍA:
A89: APROBACIÓN POR INTERVENTORÍA
A90: Nota 1: Cuando se trate de análisis de precios unitarios correspondientes a ítems de la propuesta económica, el Interventor aprueba el desglose de los componentes manteniendo el mismo precio unitario de cada ítem, cumpliendo con las especificaciones de construcción vigentes para el proyecto.
A92: Nota 2: Cuando se trate de análisis de precios unitarios de ítems no previstos, el Interventor aprueba el desglose y precio unitario de cada ítem no previsto, exigiendo la aplicación correspondiente a rendimientos, tarifas, precio de materiales, jornales, costos, etc contemplados en los análisis de precios unitarios aprobados por la interventoría que soportan la propuesta económica y los aprobados durante la ejecución del contrato, cumpliendo con las especificaciones de construcción vigentes para el proyecto. El Contratista y el Interventor certifican que los precios unitarios del ítem o de los ítems no previstos corresponden a los precios del mercado.
D98: Firma
D99: Nombre:
D100: Representante Legal del Interventor o su Apoderado
D101: Matrícula Profesional No.:
A103: Original: Archivo de Gestión del INVIAS.
A104: Copias: Unidad Ejecutora, Contratista, Interventor y Dirección Territorial.

Sheet 4.3
I1: CÓDIGO | J1: MEPI-MN1-IN-10-FR-1
B2: INSTITUTO NACIONAL DE VIAS
B3: PROCESO MISIONAL EJECUCIÓN DE PROYECTOS DE INFRAESTRUCTURA DE TRANSPORTE | I3: VERSIÓN | J3: 1
B4: MANUAL DE INTERVENTORÍA OBRA PÚBLICA
B5: ANÁLISIS DE PRECIOS UNITARIOS | I5: PÁGINA
I8: FECHA
J9: (Día / Mes / Año)
A10: ÍTEMS DE LA PROPUESTA ECONÓMICA | H10: ÍTEMS NO PREVISTOS
A11: UNIDAD EJECUTORA: | H11: DIRECCIÓN TERRITORIAL:
A14: CONTRATO No.
B15: (Indicar número y año)
A17: OBJETO DEL CONTRATO:
A21: PROYECTO:
A23: CONTRATISTA:
A25: INTERVENTOR: | I25: Contrato No.:
J26: (Indicar número y año)
A27: FECHA CIERRE PROCESO DE SELECCIÓN CONTRATO DE OBRA:
F28: (Día) | G28: (Mes) | H28: (Año)
A30: DATOS ESPECÍFICOS
A32: ÍTEM | B32: DESCRIPCIÓN | I32: GRUPO DE AJUSTE | J32: UNIDAD | L32: CANTIDAD
A33: =+Presupuesto!B29 -> 4.3 | B33: =+Presupuesto!E29 -> Preparacion superficie muros a pintar, mediante el retiro de pintura y estuco deteriorados y ejecución de resanes | J33: M2
A35: I. EQUIPO
A37: DESCRIPCIÓN | G37: TIPO | I37: TARIFA/HORA | J37: RENDIMIENTO | L37: Vr. UNITARIO
A38: Herramienta menor (10% del costo de la mano de obra) | L38: =+L61*10% -> 1293.9224
A40: SUBTOTAL | L40: =SUM(L38:L39) -> 1293.9224
A42: II. MATERIALES
A44: DESCRIPCIÓN | H44: UNIDAD | I44: CANTIDAD | J44: PRECIO UNIT. | L44: Vr. UNITARIO
A45: =+'Precios Cotizacion'!B19 -> Estuco plastico para interiores | H45: =+'Precios Cotizacion'!C19 -> GALON | I45: 0.17 | J45: =+'Precios Cotizacion'!D19 -> 24900 | L45: =+I45*J45 -> 4233
L46: =+I46*J46 -> 0
A47: SUBTOTAL | L47: =SUM(L45:L46) -> 4233
A49: III. TRANSPORTES
A51: MATERIAL | F51: UNIDAD | G51: CANTIDAD (1) | H51: DISTANCIA (2) | I51: CANTIDAD * DISTANCIA (1) * (2) | J51: TARIFA | L51: Vr. UNITARIO
A54: SUBTOTAL | L54: =SUM(L52:L53) -> 0
A56: IV. MANO DE OBRA
A58: DESCRIPCIÓN | G58: JORNAL | H58: PRESTACIONES | I58: JORNAL TOTAL | J58: RENDIMIENTO | L58: Vr. UNITARIO
A59: 1 Ayudante | G59: =+'Precios Cotizacion'!L4 -> 58363.5 | H59: 1.85 | I59: =+G59*H59 -> 107972.48 | J59: 20 | L59: =+I59/J59 -> 5398.6238
A60: 1 Oficial | G60: =+'Precios Cotizacion'!L5 -> 81520 | H60: 1.85 | I60: =+G60*H60 -> 150812 | J60: 20 | L60: =+I60/J60 -> 7540.6
A61: SUBTOTAL | L61: =SUM(L59:L60) -> 12939.224
A63: TOTAL COSTO DIRECTO | L63: =+L40+L47+L54+L61 -> 18466.146
A65: V. COSTOS INDIRECTOS
A67: DESCRIPCIÓN | I67: Porcentaje | J67: Valor Total
A68: ADMINISTRACIÓN | I68: 0.15 | J68: =+L63*I68 -> 2769.9219
A69: IMPREVISTOS | I69: 0.03 | J69: =+L63*I69 -> 553.98438
A70: UTILIDAD | I70: 0.05 | J70: =+L63*I70 -> 923.30731
A71: SUBTOTAL | L71: =SUM(J68:K70) -> 4247.2136
A73: Precio Unitario Total Aproximado al peso | L73: =ROUND(L63+L71,0) -> 22713
D78: Firma
D79: Nombre:
D80: Representante Legal del Contratista o su Apoderado
D81: Matrícula Profesional No.:
A83: OBSERVACIONES INTERVENTORÍA:
A89: APROBACIÓN POR INTERVENTORÍA
A90: Nota 1: Cuando se trate de análisis de precios unitarios correspondientes a ítems de la propuesta económica, el Interventor aprueba el desglose de los componentes manteniendo el mismo precio unitario de cada ítem, cumpliendo con las especificaciones de construcción vigentes para el proyecto.
A92: Nota 2: Cuando se trate de análisis de precios unitarios de ítems no previstos, el Interventor aprueba el desglose y precio unitario de cada ítem no previsto, exigiendo la aplicación correspondiente a rendimientos, tarifas, precio de materiales, jornales, costos, etc contemplados en los análisis de precios unitarios aprobados por la interventoría que soportan la propuesta económica y los aprobados durante la ejecución del contrato, cumpliendo con las especificaciones de construcción vigentes para el proyecto. El Contratista y el Interventor certifican que los precios unitarios del ítem o de los ítems no previstos corresponden a los precios del mercado.
D98: Firma
D99: Nombre:
D100: Representante Legal del Interventor o su Apoderado
D101: Matrícula Profesional No.:
A103: Original: Archivo de Gestión del INVIAS.
A104: Copias: Unidad Ejecutora, Contratista, Interventor y Dirección Territorial.

Sheet 4.4
I1: CÓDIGO | J1: MEPI-MN1-IN-10-FR-1
B2: INSTITUTO NACIONAL DE VIAS
B3: PROCESO MISIONAL EJECUCIÓN DE PROYECTOS DE INFRAESTRUCTURA DE TRANSPORTE | I3: VERSIÓN | J3: 1
B4: MANUAL DE INTERVENTORÍA OBRA PÚBLICA
B5: ANÁLISIS DE PRECIOS UNITARIOS | I5: PÁGINA
I8: FECHA
J9: (Día / Mes / Año)
A10: ÍTEMS DE LA PROPUESTA ECONÓMICA | H10: ÍTEMS NO PREVISTOS
A11: UNIDAD EJECUTORA: | H11: DIRECCIÓN TERRITORIAL:
A14: CONTRATO No.
B15: (Indicar número y año)
A17: OBJETO DEL CONTRATO:
A21: PROYECTO:
A23: CONTRATISTA:
A25: INTERVENTOR: | I25: Contrato No.:
J26: (Indicar número y año)
A27: FECHA CIERRE PROCESO DE SELECCIÓN CONTRATO DE OBRA:
F28: (Día) | G28: (Mes) | H28: (Año)
A30: DATOS ESPECÍFICOS
A32: ÍTEM | B32: DESCRIPCIÓN | I32: GRUPO DE AJUSTE | J32: UNIDAD | L32: CANTIDAD
A33: =+Presupuesto!B30 -> 4.4 | B33: =+Presupuesto!E30 -> Pintura muros exteriores en koraza tipo 1 (2 manos) - sobre pintura existente del mismo color | J33: m2
A35: I. EQUIPO
A37: DESCRIPCIÓN | G37: TIPO | I37: TARIFA/HORA | J37: RENDIMIENTO | L37: Vr. UNITARIO
A38: Herramienta menor (30% del costo de la mano de obra) | L38: =+L61*30% -> 1940.8836
A39: =+'Precios Cotizacion'!F4 -> Andamio Tubular Fijo Seccion Incluye Crucetas | I39: =+'Precios Cotizacion'!H4 -> 1850 | J39: 0.5 | L39: =+I39*J39 -> 925
A40: SUBTOTAL | L40: =SUM(L38:L39) -> 2865.8836
A42: II. MATERIALES
A44: DESCRIPCIÓN | H44: UNIDAD | I44: CANTIDAD | J44: PRECIO UNIT. | L44: Vr. UNITARIO
A45: =+'Precios Cotizacion'!B20 -> Pintura para exteriores vinilo tipo 1 | H45: Galon | I45: =1/18 -> 0.055555556 | J45: =+'Precios Cotizacion'!D20 -> 107900 | L45: =+I45*J45 -> 5994.4444
A47: SUBTOTAL | L47: =SUM(L45:L46) -> 5994.4444
A49: III. TRANSPORTES
A51: MATERIAL | F51: UNIDAD | G51: CANTIDAD (1) | H51: DISTANCIA (2) | I51: CANTIDAD * DISTANCIA (1) * (2) | J51: TARIFA | L51: Vr. UNITARIO
A54: SUBTOTAL | L54: =SUM(L52:L53) -> 0
A56: IV. MANO DE OBRA
A58: DESCRIPCIÓN | G58: JORNAL | H58: PRESTACIONES | I58: JORNAL TOTAL | J58: RENDIMIENTO | L58: Vr. UNITARIO
A59: 1 Ayudante | G59: =+'Precios Cotizacion'!L4 -> 58363.5 | H59: 1.85 | I59: =+G59*H59 -> 107972.48 | J59: 40 | L59: =+I59/J59 -> 2699.3119
A60: 1 Oficial | G60: =+'Precios Cotizacion'!L5 -> 81520 | H60: 1.85 | I60: =+G60*H60 -> 150812 | J60: 40 | L60: =+I60/J60 -> 3770.3
A61: SUBTOTAL | L61: =SUM(L59:L60) -> 6469.6119
A63: TOTAL COSTO DIRECTO | L63: =+L40+L47+L54+L61 -> 15329.94
A65: V. COSTOS INDIRECTOS
A67: DESCRIPCIÓN | I67: Porcentaje | J67: Valor Total
A68: ADMINISTRACIÓN | I68: 0.15 | J68: =+L63*I68 -> 2299.491
A69: IMPREVISTOS | I69: 0.03 | J69: =+L63*I69 -> 459.8982
A70: UTILIDAD | I70: 0.05 | J70: =+L63*I70 -> 766.49699
A71: SUBTOTAL | L71: =SUM(J68:K70) -> 3525.8862
A73: Precio Unitario Total Aproximado al peso | L73: =ROUND(L63+L71,0) -> 18856
D78: Firma
D79: Nombre:
D80: Representante Legal del Contratista o su Apoderado
D81: Matrícula Profesional No.:
A83: OBSERVACIONES INTERVENTORÍA:
A89: APROBACIÓN POR INTERVENTORÍA
A90: Nota 1: Cuando se trate de análisis de precios unitarios correspondientes a ítems de la propuesta económica, el Interventor aprueba el desglose de los componentes manteniendo el mismo precio unitario de cada ítem, cumpliendo con las especificaciones de construcción vigentes para el proyecto.
A92: Nota 2: Cuando se trate de análisis de precios unitarios de ítems no previstos, el Interventor aprueba el desglose y precio unitario de cada ítem no previsto, exigiendo la aplicación correspondiente a rendimientos, tarifas, precio de materiales, jornales, costos, etc contemplados en los análisis de precios unitarios aprobados por la interventoría que soportan la propuesta económica y los aprobados durante la ejecución del contrato, cumpliendo con las especificaciones de construcción vigentes para el proyecto. El Contratista y el Interventor certifican que los precios unitarios del ítem o de los ítems no previstos corresponden a los precios del mercado.
D98: Firma
D99: Nombre:
D100: Representante Legal del Interventor o su Apoderado
D101: Matrícula Profesional No.:
A103: Original: Archivo de Gestión del INVIAS.
A104: Copias: Unidad Ejecutora, Contratista, Interventor y Dirección Territorial.

Sheet 4.5
I1: CÓDIGO | J1: MEPI-MN1-IN-10-FR-1
B2: INSTITUTO NACIONAL DE VIAS
B3: PROCESO MISIONAL EJECUCIÓN DE PROYECTOS DE INFRAESTRUCTURA DE TRANSPORTE | I3: VERSIÓN | J3: 1
B4: MANUAL DE INTERVENTORÍA OBRA PÚBLICA
B5: ANÁLISIS DE PRECIOS UNITARIOS | I5: PÁGINA
I8: FECHA
J9: (Día / Mes / Año)
A10: ÍTEMS DE LA PROPUESTA ECONÓMICA | H10: ÍTEMS NO PREVISTOS
A11: UNIDAD EJECUTORA: | H11: DIRECCIÓN TERRITORIAL:
A14: CONTRATO No.
B15: (Indicar número y año)
A17: OBJETO DEL CONTRATO:
A21: PROYECTO:
A23: CONTRATISTA:
A25: INTERVENTOR: | I25: Contrato No.:
J26: (Indicar número y año)
A27: FECHA CIERRE PROCESO DE SELECCIÓN CONTRATO DE OBRA:
F28: (Día) | G28: (Mes) | H28: (Año)
A30: DATOS ESPECÍFICOS
A32: ÍTEM | B32: DESCRIPCIÓN | I32: GRUPO DE AJUSTE | J32: UNIDAD | L32: CANTIDAD
A33: =+Presupuesto!B31 -> 4.5 | B33: =+Presupuesto!E31 -> Pintura cielo raso en mandera con tintilla y laca (maderta machihembrada) | J33: M2
A35: I. EQUIPO
A37: DESCRIPCIÓN | G37: TIPO | I37: TARIFA/HORA | J37: RENDIMIENTO | L37: Vr. UNITARIO
A38: Herramienta menor (5% del costo de la mano de obra) | L38: =+L61*5% -> 889.52269
A40: SUBTOTAL | L40: =SUM(L38:L39) -> 889.52269
A42: II. MATERIALES
A44: DESCRIPCIÓN | H44: UNIDAD | I44: CANTIDAD | J44: PRECIO UNIT. | L44: Vr. UNITARIO
A45: =+'Precios Cotizacion'!B21 -> Tintilla para madera | H45: =+'Precios Cotizacion'!C21 -> GALON | I45: 0.03 | J45: =+'Precios Cotizacion'!D21 -> 160000 | L45: =+I45*J45 -> 4800
A46: =+'Precios Cotizacion'!B22 -> Barniz transparente | H46: =+'Precios Cotizacion'!C22 -> GALON | I46: 0.014 | J46: =+'Precios Cotizacion'!D22 -> 123900
A47: SUBTOTAL | L47: =SUM(L45:L46) -> 4800
A49: III. TRANSPORTES
A51: MATERIAL | F51: UNIDAD | G51: CANTIDAD (1) | H51: DISTANCIA (2) | I51: CANTIDAD * DISTANCIA (1) * (2) | J51: TARIFA | L51: Vr. UNITARIO
A54: SUBTOTAL | L54: =SUM(L52:L53) -> 0
A56: IV. MANO DE OBRA
A58: DESCRIPCIÓN | G58: JORNAL | H58: PRESTACIONES | I58: JORNAL TOTAL | J58: RENDIMIENTO | L58: Vr. UNITARIO
A59: 1 Ayudante | G59: 47450 | H59: 1.85 | I59: =+G59*H59 -> 87782.5 | J59: 13 | L59: =+I59/J59 -> 6752.5
A60: 1 Oficial | G60: 77564 | H60: 1.85 | I60: =+G60*H60 -> 143493.4 | J60: 13 | L60: =+I60/J60 -> 11037.954
A61: SUBTOTAL | L61: =SUM(L59:L60) -> 17790.454
A63: TOTAL COSTO DIRECTO | L63: =+L40+L47+L54+L61 -> 23479.977
A65: V. COSTOS INDIRECTOS
A67: DESCRIPCIÓN | I67: Porcentaje | J67: Valor Total
A68: ADMINISTRACIÓN | I68: 0.15 | J68: =+L63*I68 -> 3521.9965
A69: IMPREVISTOS | I69: 0.03 | J69: =+L63*I69 -> 704.3993
A70: UTILIDAD | I70: 0.05 | J70: =+L63*I70 -> 1173.9988
A71: SUBTOTAL | L71: =SUM(J68:K70) -> 5400.3946
A73: Precio Unitario Total Aproximado al peso | L73: =ROUND(L63+L71,0) -> 28880
D78: Firma
D79: Nombre:
D80: Representante Legal del Contratista o su Apoderado
D81: Matrícula Profesional No.:
A83: OBSERVACIONES INTERVENTORÍA:
A89: APROBACIÓN POR INTERVENTORÍA
A90: Nota 1: Cuando se trate de análisis de precios unitarios correspondientes a ítems de la propuesta económica, el Interventor aprueba el desglose de los componentes manteniendo el mismo precio unitario de cada ítem, cumpliendo con las especificaciones de construcción vigentes para el proyecto.
A92: Nota 2: Cuando se trate de análisis de precios unitarios de ítems no previstos, el Interventor aprueba el desglose y precio unitario de cada ítem no previsto, exigiendo la aplicación correspondiente a rendimientos, tarifas, precio de materiales, jornales, costos, etc contemplados en los análisis de precios unitarios aprobados por la interventoría que soportan la propuesta económica y los aprobados durante la ejecución del contrato, cumpliendo con las especificaciones de construcción vigentes para el proyecto. El Contratista y el Interventor certifican que los precios unitarios del ítem o de los ítems no previstos corresponden a los precios del mercado.
D98: Firma
D99: Nombre:
D100: Representante Legal del Interventor o su Apoderado
D101: Matrícula Profesional No.:
A103: Original: Archivo de Gestión del INVIAS.
A104: Copias: Unidad Ejecutora, Contratista, Interventor y Dirección Territorial.

Sheet 4.6
I1: CÓDIGO | J1: MEPI-MN1-IN-10-FR-1
B2: INSTITUTO NACIONAL DE VIAS
B3: PROCESO MISIONAL EJECUCIÓN DE PROYECTOS DE INFRAESTRUCTURA DE TRANSPORTE | I3: VERSIÓN | J3: 1
B4: MANUAL DE INTERVENTORÍA OBRA PÚBLICA
B5: ANÁLISIS DE PRECIOS UNITARIOS | I5: PÁGINA
I8: FECHA
J9: (Día / Mes / Año)
A10: ÍTEMS DE LA PROPUESTA ECONÓMICA | H10: ÍTEMS NO PREVISTOS
A11: UNIDAD EJECUTORA: | H11: DIRECCIÓN TERRITORIAL:
A14: CONTRATO No.
B15: (Indicar número y año)
A17: OBJETO DEL CONTRATO:
A21: PROYECTO:
A23: CONTRATISTA:
A25: INTERVENTOR: | I25: Contrato No.:
J26: (Indicar número y año)
A27: FECHA CIERRE PROCESO DE SELECCIÓN CONTRATO DE OBRA:
F28: (Día) | G28: (Mes) | H28: (Año)
A30: DATOS ESPECÍFICOS
A32: ÍTEM | B32: DESCRIPCIÓN | I32: GRUPO DE AJUSTE | J32: UNIDAD | L32: CANTIDAD
A33: =+Presupuesto!B32 -> 4.6 | B33: =+Presupuesto!E32 -> Media caña en mortero 1:3 impermeabilizado | J33: M
A35: I. EQUIPO
A37: DESCRIPCIÓN | G37: TIPO | I37: TARIFA/HORA | J37: RENDIMIENTO | L37: Vr. UNITARIO
A38: Herramienta menor (5% del costo de la mano de obra) | L38: =+L62*5% -> 1293.9224
A40: SUBTOTAL | L40: =SUM(L38:L39) -> 1293.9224
A42: II. MATERIALES
A44: DESCRIPCIÓN | H44: UNIDAD | I44: CANTIDAD | J44: PRECIO UNIT. | L44: Vr. UNITARIO
A45: =+'Precios Cotizacion'!B23 -> Resello Epoxico | H45: =+'Precios Cotizacion'!C23 -> GALON | I45: =(1/20)*30% -> 0.015 | J45: =+'Precios Cotizacion'!D23 -> 247950 | L45: =+I45*J45 -> 3719.25
A46: =+'Precios Cotizacion'!B24 -> Mortero 1:3 | H46: =+'Precios Cotizacion'!C24 -> M3 | I46: =(1/20)*30% -> 0.015 | J46: =+'Precios Cotizacion'!D24 -> 373380 | L46: =+I46*J46 -> 5600.7
A48: SUBTOTAL | L48: =SUM(L45:L47) -> 9319.95
A50: III. TRANSPORTES
A52: MATERIAL | F52: UNIDAD | G52: CANTIDAD (1) | H52: DISTANCIA (2) | I52: CANTIDAD * DISTANCIA (1) * (2) | J52: TARIFA | L52: Vr. UNITARIO
A55: SUBTOTAL | L55: =SUM(L53:L54) -> 0
A57: IV. MANO DE OBRA
A59: DESCRIPCIÓN | G59: JORNAL | H59: PRESTACIONES | I59: JORNAL TOTAL | J59: RENDIMIENTO | L59: Vr. UNITARIO
A60: 1 Ayudante | G60: =+'Precios Cotizacion'!L4 -> 58363.5 | H60: 1.85 | I60: =+G60*H60 -> 107972.48 | J60: 10 | L60: =+I60/J60 -> 10797.248
A61: 1 Oficial | G61: =+'Precios Cotizacion'!L5 -> 81520 | H61: 1.85 | I61: =+G61*H61 -> 150812 | J61: 10 | L61: =+I61/J61 -> 15081.2
A62: SUBTOTAL | L62: =SUM(L60:L61) -> 25878.448
A64: TOTAL COSTO DIRECTO | L64: =+L40+L48+L55+L62 -> 36492.32
A66: V. COSTOS INDIRECTOS
A68: DESCRIPCIÓN | I68: Porcentaje | J68: Valor Total
A69: ADMINISTRACIÓN | I69: 0.15 | J69: =+L64*I69 -> 5473.848
A70: IMPREVISTOS | I70: 0.03 | J70: =+L64*I70 -> 1094.7696
A71: UTILIDAD | I71: 0.05 | J71: =+L64*I71 -> 1824.616
A72: SUBTOTAL | L72: =SUM(J69:K71) -> 8393.2336
A74: Precio Unitario Total Aproximado al peso | L74: =ROUND(L64+L72,0) -> 44886
D79: Firma
D80: Nombre:
D81: Representante Legal del Contratista o su Apoderado
D82: Matrícula Profesional No.:
A84: OBSERVACIONES INTERVENTORÍA:
A90: APROBACIÓN POR INTERVENTORÍA
A91: Nota 1: Cuando se trate de análisis de precios unitarios correspondientes a ítems de la propuesta económica, el Interventor aprueba el desglose de los componentes manteniendo el mismo precio unitario de cada ítem, cumpliendo con las especificaciones de construcción vigentes para el proyecto.
A93: Nota 2: Cuando se trate de análisis de precios unitarios de ítems no previstos, el Interventor aprueba el desglose y precio unitario de cada ítem no previsto, exigiendo la aplicación correspondiente a rendimientos, tarifas, precio de materiales, jornales, costos, etc contemplados en los análisis de precios unitarios aprobados por la interventoría que soportan la propuesta económica y los aprobados durante la ejecución del contrato, cumpliendo con las especificaciones de construcción vigentes para el proyecto. El Contratista y el Interventor certifican que los precios unitarios del ítem o de los ítems no previstos corresponden a los precios del mercado.
D99: Firma
D100: Nombre:
D101: Representante Legal del Interventor o su Apoderado
D102: Matrícula Profesional No.:
A104: Original: Archivo de Gestión del INVIAS.
A105: Copias: Unidad Ejecutora, Contratista, Interventor y Dirección Territorial.

Sheet 4.7
I1: CÓDIGO | J1: MEPI-MN1-IN-10-FR-1
B2: INSTITUTO NACIONAL DE VIAS
B3: PROCESO MISIONAL EJECUCIÓN DE PROYECTOS DE INFRAESTRUCTURA DE TRANSPORTE | I3: VERSIÓN | J3: 1
B4: MANUAL DE INTERVENTORÍA OBRA PÚBLICA
B5: ANÁLISIS DE PRECIOS UNITARIOS | I5: PÁGINA
I8: FECHA
J9: (Día / Mes / Año)
A10: ÍTEMS DE LA PROPUESTA ECONÓMICA | H10: ÍTEMS NO PREVISTOS
A11: UNIDAD EJECUTORA: | H11: DIRECCIÓN TERRITORIAL:
A14: CONTRATO No.
B15: (Indicar número y año)
A17: OBJETO DEL CONTRATO:
A21: PROYECTO:
A23: CONTRATISTA:
A25: INTERVENTOR: | I25: Contrato No.:
J26: (Indicar número y año)
A27: FECHA CIERRE PROCESO DE SELECCIÓN CONTRATO DE OBRA:
F28: (Día) | G28: (Mes) | H28: (Año)
A30: DATOS ESPECÍFICOS
A32: ÍTEM | B32: DESCRIPCIÓN | I32: GRUPO DE AJUSTE | J32: UNIDAD | L32: CANTIDAD
A33: =+Presupuesto!B33 -> 4.7 | B33: =+Presupuesto!E33 -> Pintura impermeabilizante | J33: M2
A35: I. EQUIPO
A37: DESCRIPCIÓN | G37: TIPO | I37: TARIFA/HORA | J37: RENDIMIENTO | L37: Vr. UNITARIO
A38: Herramienta menor (5% del costo de la mano de obra) | L38: =+L61*5% -> 431.30746
A40: SUBTOTAL | L40: =SUM(L38:L39) -> 431.30746
A42: II. MATERIALES
A44: DESCRIPCIÓN | H44: UNIDAD | I44: CANTIDAD | J44: PRECIO UNIT. | L44: Vr. UNITARIO
A45: =+'Precios Cotizacion'!B25 -> Pintura Impermeabilizante | H45: =+'Precios Cotizacion'!C25 -> GALON | I45: 0.07 | J45: =+'Precios Cotizacion'!D25 -> 113420 | L45: =+I45*J45 -> 7939.4
A47: SUBTOTAL | L47: =SUM(L45:L46) -> 7939.4
A49: III. TRANSPORTES
A51: MATERIAL | F51: UNIDAD | G51: CANTIDAD (1) | H51: DISTANCIA (2) | I51: CANTIDAD * DISTANCIA (1) * (2) | J51: TARIFA | L51: Vr. UNITARIO
A54: SUBTOTAL | L54: =SUM(L52:L53) -> 0
A56: IV. MANO DE OBRA
A58: DESCRIPCIÓN | G58: JORNAL | H58: PRESTACIONES | I58: JORNAL TOTAL | J58: RENDIMIENTO | L58: Vr. UNITARIO
A59: 1 Ayudante | G59: =+'Precios Cotizacion'!L4 -> 58363.5 | H59: 1.85 | I59: =+G59*H59 -> 107972.48 | J59: 30 | L59: =+I59/J59 -> 3599.0825
A60: 1 Oficial | G60: =+'Precios Cotizacion'!L5 -> 81520 | H60: 1.85 | I60: =+G60*H60 -> 150812 | J60: 30 | L60: =+I60/J60 -> 5027.0667
A61: SUBTOTAL | L61: =SUM(L59:L60) -> 8626.1492
A63: TOTAL COSTO DIRECTO | L63: =+L40+L47+L54+L61 -> 16996.857
A65: V. COSTOS INDIRECTOS
A67: DESCRIPCIÓN | I67: Porcentaje | J67: Valor Total
A68: ADMINISTRACIÓN | I68: 0.15 | J68: =+L63*I68 -> 2549.5285
A69: IMPREVISTOS | I69: 0.03 | J69: =+L63*I69 -> 509.9057
A70: UTILIDAD | I70: 0.05 | J70: =+L63*I70 -> 849.84283
A71: SUBTOTAL | L71: =SUM(J68:K70) -> 3909.277
A73: Precio Unitario Total Aproximado al peso | L73: =ROUND(L63+L71,0) -> 20906
D78: Firma
D79: Nombre:
D80: Representante Legal del Contratista o su Apoderado
D81: Matrícula Profesional No.:
A83: OBSERVACIONES INTERVENTORÍA:
A89: APROBACIÓN POR INTERVENTORÍA
A90: Nota 1: Cuando se trate de análisis de precios unitarios correspondientes a ítems de la propuesta económica, el Interventor aprueba el desglose de los componentes manteniendo el mismo precio unitario de cada ítem, cumpliendo con las especificaciones de construcción vigentes para el proyecto.
A92: Nota 2: Cuando se trate de análisis de precios unitarios de ítems no previstos, el Interventor aprueba el desglose y precio unitario de cada ítem no previsto, exigiendo la aplicación correspondiente a rendimientos, tarifas, precio de materiales, jornales, costos, etc contemplados en los análisis de precios unitarios aprobados por la interventoría que soportan la propuesta económica y los aprobados durante la ejecución del contrato, cumpliendo con las especificaciones de construcción vigentes para el proyecto. El Contratista y el Interventor certifican que los precios unitarios del ítem o de los ítems no previstos corresponden a los precios del mercado.
D98: Firma
D99: Nombre:
D100: Representante Legal del Interventor o su Apoderado
D101: Matrícula Profesional No.:
A103: Original: Archivo de Gestión del INVIAS.
A104: Copias: Unidad Ejecutora, Contratista, Interventor y Dirección Territorial.

Sheet 4.8
I1: CÓDIGO | J1: MEPI-MN1-IN-10-FR-1
B2: INSTITUTO NACIONAL DE VIAS
B3: PROCESO MISIONAL EJECUCIÓN DE PROYECTOS DE INFRAESTRUCTURA DE TRANSPORTE | I3: VERSIÓN | J3: 1
B4: MANUAL DE INTERVENTORÍA OBRA PÚBLICA
B5: ANÁLISIS DE PRECIOS UNITARIOS | I5: PÁGINA
I8: FECHA
J9: (Día / Mes / Año)
A10: ÍTEMS DE LA PROPUESTA ECONÓMICA | H10: ÍTEMS NO PREVISTOS
A11: UNIDAD EJECUTORA: | H11: DIRECCIÓN TERRITORIAL:
A14: CONTRATO No.
B15: (Indicar número y año)
A17: OBJETO DEL CONTRATO:
A21: PROYECTO:
A23: CONTRATISTA:
A25: INTERVENTOR: | I25: Contrato No.:
J26: (Indicar número y año)
A27: FECHA CIERRE PROCESO DE SELECCIÓN CONTRATO DE OBRA:
F28: (Día) | G28: (Mes) | H28: (Año)
A30: DATOS ESPECÍFICOS
A32: ÍTEM | B32: DESCRIPCIÓN | I32: GRUPO DE AJUSTE | J32: UNIDAD | L32: CANTIDAD
A33: =+Presupuesto!B34 -> 4.8 | B33: =+Presupuesto!E34 -> Placa base de concreto E=8 cm de con manto impermeabilizante, incluye preparación de superficie, vaciado, acabado y curado | J33: M2
A35: I. EQUIPO
A37: DESCRIPCIÓN | G37: TIPO | I37: TARIFA/HORA | J37: RENDIMIENTO | L37: Vr. UNITARIO
A38: Herramienta menor (10% del costo de la mano de obra) | L38: =+L62*10% -> 949.45885
A40: SUBTOTAL | L40: =SUM(L38:L39) -> 949.45885
A42: II. MATERIALES
A44: DESCRIPCIÓN | H44: UNIDAD | I44: CANTIDAD | J44: PRECIO UNIT. | L44: Vr. UNITARIO
A45: =+'Precios Cotizacion'!B26 -> Concreto de 3,000 psi Premezclado | H45: =+'Precios Cotizacion'!C26 -> M3 | I45: 0.08 | J45: =+'Precios Cotizacion'!D26 -> 394000 | L45: =+I45*J45 -> 31520 | N45: 1 | O45: =+N45/I45 -> 12.5
A46: =+'Precios Cotizacion'!B27 -> Manto impermeabilizante | H46: =+'Precios Cotizacion'!C27 -> M2 | I46: 1.2 | J46: =+'Precios Cotizacion'!D27 -> 29900 | L46: =+I46*J46 -> 35880
A48: SUBTOTAL | L48: =SUM(L45:L47) -> 67400
A50: III. TRANSPORTES
A52: MATERIAL | F52: UNIDAD | G52: CANTIDAD (1) | H52: DISTANCIA (2) | I52: CANTIDAD * DISTANCIA (1) * (2) | J52: TARIFA | L52: Vr. UNITARIO
A55: SUBTOTAL | L55: =SUM(L53:L54) -> 0
A57: IV. MANO DE OBRA
A59: DESCRIPCIÓN | G59: JORNAL | H59: PRESTACIONES | I59: JORNAL TOTAL | J59: RENDIMIENTO | L59: Vr. UNITARIO
A60: 3 Ayudante | G60: =+'Precios Cotizacion'!L4*3 -> 175090.5 | H60: 1.85 | I60: =+G60*H60 -> 323917.42 | J60: 50 | L60: =+I60/J60 -> 6478.3485
A61: 1 Oficial | G61: =+'Precios Cotizacion'!L5 -> 81520 | H61: 1.85 | I61: =+G61*H61 -> 150812 | J61: 50 | L61: =+I61/J61 -> 3016.24
A62: SUBTOTAL | L62: =SUM(L60:L61) -> 9494.5885
A64: TOTAL COSTO DIRECTO | L64: =+L40+L48+L55+L62 -> 77844.047
A66: V. COSTOS INDIRECTOS
A68: DESCRIPCIÓN | I68: Porcentaje | J68: Valor Total
A69: ADMINISTRACIÓN | I69: 0.15 | J69: =+L64*I69 -> 11676.607
A70: IMPREVISTOS | I70: 0.03 | J70: =+L64*I70 -> 2335.3214
A71: UTILIDAD | I71: 0.05 | J71: =+L64*I71 -> 3892.2024
A72: SUBTOTAL | L72: =SUM(J69:K71) -> 17904.131
A74: Precio Unitario Total Aproximado al peso | L74: =ROUND(L64+L72,0) -> 95748
D79: Firma
D80: Nombre:
D81: Representante Legal del Contratista o su Apoderado
D82: Matrícula Profesional No.:
A84: OBSERVACIONES INTERVENTORÍA:
A90: APROBACIÓN POR INTERVENTORÍA
A91: Nota 1: Cuando se trate de análisis de precios unitarios correspondientes a ítems de la propuesta económica, el Interventor aprueba el desglose de los componentes manteniendo el mismo precio unitario de cada ítem, cumpliendo con las especificaciones de construcción vigentes para el proyecto.
A93: Nota 2: Cuando se trate de análisis de precios unitarios de ítems no previstos, el Interventor aprueba el desglose y precio unitario de cada ítem no previsto, exigiendo la aplicación correspondiente a rendimientos, tarifas, precio de materiales, jornales, costos, etc contemplados en los análisis de precios unitarios aprobados por la interventoría que soportan la propuesta económica y los aprobados durante la ejecución del contrato, cumpliendo con las especificaciones de construcción vigentes para el proyecto. El Contratista y el Interventor certifican que los precios unitarios del ítem o de los ítems no previstos corresponden a los precios del mercado.
D99: Firma
D100: Nombre:
D101: Representante Legal del Interventor o su Apoderado
D102: Matrícula Profesional No.:
A104: Original: Archivo de Gestión del INVIAS.
A105: Copias: Unidad Ejecutora, Contratista, Interventor y Dirección Territorial.

Sheet 4.9
I1: CÓDIGO | J1: MEPI-MN1-IN-10-FR-1
B2: INSTITUTO NACIONAL DE VIAS
B3: PROCESO MISIONAL EJECUCIÓN DE PROYECTOS DE INFRAESTRUCTURA DE TRANSPORTE | I3: VERSIÓN | J3: 1
B4: MANUAL DE INTERVENTORÍA OBRA PÚBLICA
B5: ANÁLISIS DE PRECIOS UNITARIOS | I5: PÁGINA
I8: FECHA
J9: (Día / Mes / Año)
A10: ÍTEMS DE LA PROPUESTA ECONÓMICA | H10: ÍTEMS NO PREVISTOS
A11: UNIDAD EJECUTORA: | H11: DIRECCIÓN TERRITORIAL:
A14: CONTRATO No.
B15: (Indicar número y año)
A17: OBJETO DEL CONTRATO:
A21: PROYECTO:
A23: CONTRATISTA:
A25: INTERVENTOR: | I25: Contrato No.:
J26: (Indicar número y año)
A27: FECHA CIERRE PROCESO DE SELECCIÓN CONTRATO DE OBRA:
F28: (Día) | G28: (Mes) | H28: (Año)
A30: DATOS ESPECÍFICOS
A32: ÍTEM | B32: DESCRIPCIÓN | I32: GRUPO DE AJUSTE | J32: UNIDAD | L32: CANTIDAD
A33: =+Presupuesto!B35 -> 4.9 | B33: =+Presupuesto!E35 -> Suministro e Instalación Malla Metálica Tipo Angeo con Marco De Aluminio (Incluye Anclajes, Tornillería Y Sellado). | J33: M2
A35: I. EQUIPO
A37: DESCRIPCIÓN | G37: TIPO | I37: TARIFA/HORA | J37: RENDIMIENTO | L37: Vr. UNITARIO
A38: Herramienta menor (10% del costo de la mano de obra) | L38: =+L65*10% -> 2587.8448
A39: =+'Precios Cotizacion'!F4 -> Andamio Tubular Fijo Seccion Incluye Crucetas | I39: =+'Precios Cotizacion'!H4 -> 1850 | J39: 0.5 | L39: =+I39*J39 -> 925
A40: SUBTOTAL | L40: =SUM(L38:L39) -> 3512.8448
A42: II. MATERIALES
A44: DESCRIPCIÓN | H44: UNIDAD | I44: CANTIDAD | J44: PRECIO UNIT. | L44: Vr. UNITARIO
A45: =+'Precios Cotizacion'!B58 -> Perfil aluminio 1"x1"x1,2 mm | H45: =+'Precios Cotizacion'!C58 -> M | I45: 4.9 | J45: =+'Precios Cotizacion'!D58 -> 18000 | L45: =+I45*J45 -> 88200
A46: =+'Precios Cotizacion'!B59 -> Malla galvanizada calibre 22 | H46: =+'Precios Cotizacion'!C59 -> M2 | I46: 1.1 | J46: =+'Precios Cotizacion'!D59 -> 22000 | L46: =+I46*J46 -> 24200
A47: =+'Precios Cotizacion'!B60 -> Tornillería + remaches + chazos | H47: =+'Precios Cotizacion'!C60 -> UND | I47: 1 | J47: =+'Precios Cotizacion'!D60 -> 12000 | L47: =+I47*J47 -> 12000
L48: =+I48*J48 -> 0
L49: =+I49*J49 -> 0
L50: =+I50*J50 -> 0
A51: SUBTOTAL | L51: =SUM(L45:L50) -> 124400
A53: III. TRANSPORTES
A55: MATERIAL | F55: UNIDAD | G55: CANTIDAD (1) | H55: DISTANCIA (2) | I55: CANTIDAD * DISTANCIA (1) * (2) | J55: TARIFA | L55: Vr. UNITARIO
A58: SUBTOTAL | L58: =SUM(L56:L57) -> 0
A60: IV. MANO DE OBRA
A62: DESCRIPCIÓN | G62: JORNAL | H62: PRESTACIONES | I62: JORNAL TOTAL | J62: RENDIMIENTO | L62: Vr. UNITARIO
A63: 1 Ayudante | G63: =+'Precios Cotizacion'!L4 -> 58363.5 | H63: 1.85 | I63: =+G63*H63 -> 107972.48 | J63: 10 | L63: =+I63/J63 -> 10797.248
A64: 1 Oficial | G64: =+'Precios Cotizacion'!L5 -> 81520 | H64: 1.85 | I64: =+G64*H64 -> 150812 | J64: 10 | L64: =+I64/J64 -> 15081.2
A65: SUBTOTAL | L65: =SUM(L63:L64) -> 25878.448
A67: TOTAL COSTO DIRECTO | L67: =+L40+L51+L58+L65 -> 153791.29
A69: V. COSTOS INDIRECTOS
A71: DESCRIPCIÓN | I71: Porcentaje | J71: Valor Total
A72: ADMINISTRACIÓN | I72: 0.15 | J72: =+L67*I72 -> 23068.694
A73: IMPREVISTOS | I73: 0.03 | J73: =+L67*I73 -> 4613.7388
A74: UTILIDAD | I74: 0.05 | J74: =+L67*I74 -> 7689.5646
A75: SUBTOTAL | L75: =SUM(J72:K74) -> 35371.997
A77: Precio Unitario Total Aproximado al peso | L77: =ROUND(L67+L75,0) -> 189163
D82: Firma
D83: Nombre:
D84: Representante Legal del Contratista o su Apoderado
D85: Matrícula Profesional No.:
A87: OBSERVACIONES INTERVENTORÍA:
A93: APROBACIÓN POR INTERVENTORÍA
A94: Nota 1: Cuando se trate de análisis de precios unitarios correspondientes a ítems de la propuesta económica, el Interventor aprueba el desglose de los componentes manteniendo el mismo precio unitario de cada ítem, cumpliendo con las especificaciones de construcción vigentes para el proyecto.
A96: Nota 2: Cuando se trate de análisis de precios unitarios de ítems no previstos, el Interventor aprueba el desglose y precio unitario de cada ítem no previsto, exigiendo la aplicación correspondiente a rendimientos, tarifas, precio de materiales, jornales, costos, etc contemplados en los análisis de precios unitarios aprobados por la interventoría que soportan la propuesta económica y los aprobados durante la ejecución del contrato, cumpliendo con las especificaciones de construcción vigentes para el proyecto. El Contratista y el Interventor certifican que los precios unitarios del ítem o de los ítems no previstos corresponden a los precios del mercado.
D102: Firma
D103: Nombre:
D104: Representante Legal del Interventor o su Apoderado
D105: Matrícula Profesional No.:
A107: Original: Archivo de Gestión del INVIAS.
A108: Copias: Unidad Ejecutora, Contratista, Interventor y Dirección Territorial.

Sheet 4.10
I1: CÓDIGO | J1: MEPI-MN1-IN-10-FR-1
B2: INSTITUTO NACIONAL DE VIAS
B3: PROCESO MISIONAL EJECUCIÓN DE PROYECTOS DE INFRAESTRUCTURA DE TRANSPORTE | I3: VERSIÓN | J3: 1
B4: MANUAL DE INTERVENTORÍA OBRA PÚBLICA
B5: ANÁLISIS DE PRECIOS UNITARIOS | I5: PÁGINA
I8: FECHA
J9: (Día / Mes / Año)
A10: ÍTEMS DE LA PROPUESTA ECONÓMICA | H10: ÍTEMS NO PREVISTOS
A11: UNIDAD EJECUTORA: | H11: DIRECCIÓN TERRITORIAL:
A14: CONTRATO No.
B15: (Indicar número y año)
A17: OBJETO DEL CONTRATO:
A21: PROYECTO:
A23: CONTRATISTA:
A25: INTERVENTOR: | I25: Contrato No.:
J26: (Indicar número y año)
A27: FECHA CIERRE PROCESO DE SELECCIÓN CONTRATO DE OBRA:
F28: (Día) | G28: (Mes) | H28: (Año)
A30: DATOS ESPECÍFICOS
A32: ÍTEM | B32: DESCRIPCIÓN | I32: GRUPO DE AJUSTE | J32: UNIDAD | L32: CANTIDAD
A33: =+Presupuesto!B36 -> 4.10 | B33: =+Presupuesto!E36 -> Suministro e instalación de barrera en lámina de acero para control de ingreso de aves en cubierta, h = 0.20 m, incluye pintura | J33: =+Presupuesto!F36 -> M
A35: I. EQUIPO
A37: DESCRIPCIÓN | G37: TIPO | I37: TARIFA/HORA | J37: RENDIMIENTO | L37: Vr. UNITARIO
A38: Herramienta menor (10% del costo de la mano de obra) | L38: =+L64*10% -> 1293.9224
A39: =+'Precios Cotizacion'!F4 -> Andamio Tubular Fijo Seccion Incluye Crucetas | I39: =+'Precios Cotizacion'!H4 -> 1850 | J39: 0.5 | L39: =+I39*J39 -> 925
A40: SUBTOTAL | L40: =SUM(L38:L39) -> 2218.9224
A42: II. MATERIALES
A44: DESCRIPCIÓN | H44: UNIDAD | I44: CANTIDAD | J44: PRECIO UNIT. | L44: Vr. UNITARIO
A45: =+'Precios Cotizacion'!B61 -> Lámina galvanizada cal.22 | H45: =+'Precios Cotizacion'!C61 -> M2 | I45: 0.2 | J45: =+'Precios Cotizacion'!D61 -> 55000 | L45: =+I45*J45 -> 11000
A46: =+'Precios Cotizacion'!B62 -> Tornillo autoperforante | H46: =+'Precios Cotizacion'!C62 -> UND | I46: 6 | J46: =+'Precios Cotizacion'!D62 -> 350 | L46: =+I46*J46 -> 2100
A47: =+'Precios Cotizacion'!B34 -> Pintura anticorrosiva | H47: =+'Precios Cotizacion'!C34 -> GALON | I47: 0.02 | J47: =+'Precios Cotizacion'!D34 -> 139900 | L47: =+I47*J47 -> 2798
A48: =+'Precios Cotizacion'!B35 -> Pintura de proteccion | H48: =+'Precios Cotizacion'!C35 -> GALON | I48: 0.02 | J48: =+'Precios Cotizacion'!D35 -> 122900 | L48: =+I48*J48 -> 2458
L49: =+I49*J49 -> 0
A50: SUBTOTAL | L50: =SUM(L45:L49) -> 18356
A52: III. TRANSPORTES
A54: MATERIAL | F54: UNIDAD | G54: CANTIDAD (1) | H54: DISTANCIA (2) | I54: CANTIDAD * DISTANCIA (1) * (2) | J54: TARIFA | L54: Vr. UNITARIO
A57: SUBTOTAL | L57: =SUM(L55:L56) -> 0
A59: IV. MANO DE OBRA
A61: DESCRIPCIÓN | G61: JORNAL | H61: PRESTACIONES | I61: JORNAL TOTAL | J61: RENDIMIENTO | L61: Vr. UNITARIO
A62: 1 Ayudante | G62: =+'Precios Cotizacion'!L4 -> 58363.5 | H62: 1.85 | I62: =+G62*H62 -> 107972.48 | J62: 20 | L62: =+I62/J62 -> 5398.6238
A63: 1 Oficial | G63: =+'Precios Cotizacion'!L5 -> 81520 | H63: 1.85 | I63: =+G63*H63 -> 150812 | J63: 20 | L63: =+I63/J63 -> 7540.6
A64: SUBTOTAL | L64: =SUM(L62:L63) -> 12939.224
A66: TOTAL COSTO DIRECTO | L66: =+L40+L50+L57+L64 -> 33514.146
A68: V. COSTOS INDIRECTOS
A70: DESCRIPCIÓN | I70: Porcentaje | J70: Valor Total
A71: ADMINISTRACIÓN | I71: 0.15 | J71: =+L66*I71 -> 5027.1219
A72: IMPREVISTOS | I72: 0.03 | J72: =+L66*I72 -> 1005.4244
A73: UTILIDAD | I73: 0.05 | J73: =+L66*I73 -> 1675.7073
A74: SUBTOTAL | L74: =SUM(J71:K73) -> 7708.2536
A76: Precio Unitario Total Aproximado al peso | L76: =ROUND(L66+L74,0) -> 41222
D81: Firma
D82: Nombre:
D83: Representante Legal del Contratista o su Apoderado
D84: Matrícula Profesional No.:
A86: OBSERVACIONES INTERVENTORÍA:
A92: APROBACIÓN POR INTERVENTORÍA
A93: Nota 1: Cuando se trate de análisis de precios unitarios correspondientes a ítems de la propuesta económica, el Interventor aprueba el desglose de los componentes manteniendo el mismo precio unitario de cada ítem, cumpliendo con las especificaciones de construcción vigentes para el proyecto.
A95: Nota 2: Cuando se trate de análisis de precios unitarios de ítems no previstos, el Interventor aprueba el desglose y precio unitario de cada ítem no previsto, exigiendo la aplicación correspondiente a rendimientos, tarifas, precio de materiales, jornales, costos, etc contemplados en los análisis de precios unitarios aprobados por la interventoría que soportan la propuesta económica y los aprobados durante la ejecución del contrato, cumpliendo con las especificaciones de construcción vigentes para el proyecto. El Contratista y el Interventor certifican que los precios unitarios del ítem o de los ítems no previstos corresponden a los precios del mercado.
D101: Firma
D102: Nombre:
D103: Representante Legal del Interventor o su Apoderado
D104: Matrícula Profesional No.:
A106: Original: Archivo de Gestión del INVIAS.
A107: Copias: Unidad Ejecutora, Contratista, Interventor y Dirección Territorial.

Sheet 4.11
I1: CÓDIGO | J1: MEPI-MN1-IN-10-FR-1
B2: INSTITUTO NACIONAL DE VIAS
B3: PROCESO MISIONAL EJECUCIÓN DE PROYECTOS DE INFRAESTRUCTURA DE TRANSPORTE | I3: VERSIÓN | J3: 1
B4: MANUAL DE INTERVENTORÍA OBRA PÚBLICA
B5: ANÁLISIS DE PRECIOS UNITARIOS | I5: PÁGINA
I8: FECHA
J9: (Día / Mes / Año)
A10: ÍTEMS DE LA PROPUESTA ECONÓMICA | H10: ÍTEMS NO PREVISTOS
A11: UNIDAD EJECUTORA: | H11: DIRECCIÓN TERRITORIAL:
A14: CONTRATO No.
B15: (Indicar número y año)
A17: OBJETO DEL CONTRATO:
A21: PROYECTO:
A23: CONTRATISTA:
A25: INTERVENTOR: | I25: Contrato No.:
J26: (Indicar número y año)
A27: FECHA CIERRE PROCESO DE SELECCIÓN CONTRATO DE OBRA:
F28: (Día) | G28: (Mes) | H28: (Año)
A30: DATOS ESPECÍFICOS
A32: ÍTEM | B32: DESCRIPCIÓN | I32: GRUPO DE AJUSTE | J32: UNIDAD | L32: CANTIDAD
B33: =+Presupuesto!E37 -> Mantenimiento y lavado de fachada | J33: M2
A35: I. EQUIPO
A37: DESCRIPCIÓN | G37: TIPO | I37: TARIFA/HORA | J37: RENDIMIENTO | L37: Vr. UNITARIO
A38: Herramienta menor (20% del costo de la mano de obra) | L38: =+L62*20% -> 323.91743
A39: =+'Precios Cotizacion'!F11 -> Hidrolavadora | I39: =+'Precios Cotizacion'!H11 -> 6806.0174 | J39: =1/30 -> 0.033333333 | L39: =+I39*J39 -> 226.86725
A40: =+'Precios Cotizacion'!F4 -> Andamio Tubular Fijo Seccion Incluye Crucetas | I40: =+'Precios Cotizacion'!H4 -> 1850 | J40: 0.5 | L40: =+I40*J40 -> 925
A41: SUBTOTAL | L41: =SUM(L38:L40) -> 1475.7847
A43: II. MATERIALES
A45: DESCRIPCIÓN | H45: UNIDAD | I45: CANTIDAD | J45: PRECIO UNIT. | L45: Vr. UNITARIO
H46: Und | L46: =+I46*J46 -> 0
L47: =+I47*J47 -> 0
A48: SUBTOTAL | L48: =SUM(L46:L47) -> 0
A50: III. TRANSPORTES
A52: MATERIAL | F52: UNIDAD | G52: CANTIDAD (1) | H52: DISTANCIA (2) | I52: CANTIDAD * DISTANCIA (1) * (2) | J52: TARIFA | L52: Vr. UNITARIO
A55: SUBTOTAL | L55: =SUM(L53:L54) -> 0
A57: IV. MANO DE OBRA
A59: DESCRIPCIÓN | G59: JORNAL | H59: PRESTACIONES | I59: JORNAL TOTAL | J59: RENDIMIENTO | L59: Vr. UNITARIO
A61: 2 Ayudante | G61: =+'Precios Cotizacion'!L4*3 -> 175090.5 | H61: 1.85 | I61: =+G61*H61 -> 323917.42 | J61: 200 | L61: =+I61/J61 -> 1619.5871
A62: SUBTOTAL | L62: =SUM(L60:L61) -> 1619.5871
A64: TOTAL COSTO DIRECTO | L64: =+L41+L48+L55+L62 -> 3095.3718
A66: V. COSTOS INDIRECTOS
A68: DESCRIPCIÓN | I68: Porcentaje | J68: Valor Total
A69: ADMINISTRACIÓN | I69: 0.15 | J69: =+L64*I69 -> 464.30577
A70: IMPREVISTOS | I70: 0.03 | J70: =+L64*I70 -> 92.861154
A71: UTILIDAD | I71: 0.05 | J71: =+L64*I71 -> 154.76859
A72: SUBTOTAL | L72: =SUM(J69:K71) -> 711.93551
A74: Precio Unitario Total Aproximado al peso | L74: =ROUND(L64+L72,0) -> 3807
D79: Firma
D80: Nombre:
D81: Representante Legal del Contratista o su Apoderado
D82: Matrícula Profesional No.:
A84: OBSERVACIONES INTERVENTORÍA:
A90: APROBACIÓN POR INTERVENTORÍA
A91: Nota 1: Cuando se trate de análisis de precios unitarios correspondientes a ítems de la propuesta económica, el Interventor aprueba el desglose de los componentes manteniendo el mismo precio unitario de cada ítem, cumpliendo con las especificaciones de construcción vigentes para el proyecto.
A93: Nota 2: Cuando se trate de análisis de precios unitarios de ítems no previstos, el Interventor aprueba el desglose y precio unitario de cada ítem no previsto, exigiendo la aplicación correspondiente a rendimientos, tarifas, precio de materiales, jornales, costos, etc contemplados en los análisis de precios unitarios aprobados por la interventoría que soportan la propuesta económica y los aprobados durante la ejecución del contrato, cumpliendo con las especificaciones de construcción vigentes para el proyecto. El Contratista y el Interventor certifican que los precios unitarios del ítem o de los ítems no previstos corresponden a los precios del mercado.
D99: Firma
D100: Nombre:
D101: Representante Legal del Interventor o su Apoderado
D102: Matrícula Profesional No.:
A104: Original: Archivo de Gestión del INVIAS.
A105: Copias: Unidad Ejecutora, Contratista, Interventor y Dirección Territorial.

Sheet 5.1
I1: CÓDIGO | J1: MEPI-MN1-IN-10-FR-1
B2: INSTITUTO NACIONAL DE VIAS
B3: PROCESO MISIONAL EJECUCIÓN DE PROYECTOS DE INFRAESTRUCTURA DE TRANSPORTE | I3: VERSIÓN | J3: 1
B4: MANUAL DE INTERVENTORÍA OBRA PÚBLICA
B5: ANÁLISIS DE PRECIOS UNITARIOS | I5: PÁGINA
I8: FECHA
J9: (Día / Mes / Año)
A10: ÍTEMS DE LA PROPUESTA ECONÓMICA | H10: ÍTEMS NO PREVISTOS
A11: UNIDAD EJECUTORA: | H11: DIRECCIÓN TERRITORIAL:
A14: CONTRATO No.
B15: (Indicar número y año)
A17: OBJETO DEL CONTRATO:
A21: PROYECTO:
A23: CONTRATISTA:
A25: INTERVENTOR: | I25: Contrato No.:
J26: (Indicar número y año)
A27: FECHA CIERRE PROCESO DE SELECCIÓN CONTRATO DE OBRA:
F28: (Día) | G28: (Mes) | H28: (Año)
A30: DATOS ESPECÍFICOS
A32: ÍTEM | B32: DESCRIPCIÓN | I32: GRUPO DE AJUSTE | J32: UNIDAD | L32: CANTIDAD
B33: =+Presupuesto!E39 -> Excavación manual en material común | J33: M
A35: I. EQUIPO
A37: DESCRIPCIÓN | G37: TIPO | I37: TARIFA/HORA | J37: RENDIMIENTO | L37: Vr. UNITARIO
A38: Herramienta menor (10% del costo de la mano de obra) | L38: =+L61*10% -> 4798.7767
A40: SUBTOTAL | L40: =SUM(L38:L39) -> 4798.7767
A42: II. MATERIALES
A44: DESCRIPCIÓN | H44: UNIDAD | I44: CANTIDAD | J44: PRECIO UNIT. | L44: Vr. UNITARIO
H45: Und | L45: =+I45*J45 -> 0
L46: =+I46*J46 -> 0
A47: SUBTOTAL | L47: =SUM(L45:L46) -> 0
A49: III. TRANSPORTES
A51: MATERIAL | F51: UNIDAD | G51: CANTIDAD (1) | H51: DISTANCIA (2) | I51: CANTIDAD * DISTANCIA (1) * (2) | J51: TARIFA | L51: Vr. UNITARIO
A54: SUBTOTAL | L54: =SUM(L52:L53) -> 0
A56: IV. MANO DE OBRA
A58: DESCRIPCIÓN | G58: JORNAL | H58: PRESTACIONES | I58: JORNAL TOTAL | J58: RENDIMIENTO | L58: Vr. UNITARIO
A60: 2 Ayudante | G60: =+'Precios Cotizacion'!L4*2 -> 116727 | H60: 1.85 | I60: =+G60*H60 -> 215944.95 | J60: 4.5 | L60: =+I60/J60 -> 47987.767
A61: SUBTOTAL | L61: =SUM(L59:L60) -> 47987.767
A63: TOTAL COSTO DIRECTO | L63: =+L40+L47+L54+L61 -> 52786.543
A65: V. COSTOS INDIRECTOS
A67: DESCRIPCIÓN | I67: Porcentaje | J67: Valor Total
A68: ADMINISTRACIÓN | I68: 0.15 | J68: =+L63*I68 -> 7917.9815
A69: IMPREVISTOS | I69: 0.03 | J69: =+L63*I69 -> 1583.5963
A70: UTILIDAD | I70: 0.05 | J70: =+L63*I70 -> 2639.3272
A71: SUBTOTAL | L71: =SUM(J68:K70) -> 12140.905
A73: Precio Unitario Total Aproximado al peso | L73: =ROUND(L63+L71,0) -> 64927
D78: Firma
D79: Nombre:
D80: Representante Legal del Contratista o su Apoderado
D81: Matrícula Profesional No.:
A83: OBSERVACIONES INTERVENTORÍA:
A89: APROBACIÓN POR INTERVENTORÍA
A90: Nota 1: Cuando se trate de análisis de precios unitarios correspondientes a ítems de la propuesta económica, el Interventor aprueba el desglose de los componentes manteniendo el mismo precio unitario de cada ítem, cumpliendo con las especificaciones de construcción vigentes para el proyecto.
A92: Nota 2: Cuando se trate de análisis de precios unitarios de ítems no previstos, el Interventor aprueba el desglose y precio unitario de cada ítem no previsto, exigiendo la aplicación correspondiente a rendimientos, tarifas, precio de materiales, jornales, costos, etc contemplados en los análisis de precios unitarios aprobados por la interventoría que soportan la propuesta económica y los aprobados durante la ejecución del contrato, cumpliendo con las especificaciones de construcción vigentes para el proyecto. El Contratista y el Interventor certifican que los precios unitarios del ítem o de los ítems no previstos corresponden a los precios del mercado.
D98: Firma
D99: Nombre:
D100: Representante Legal del Interventor o su Apoderado
D101: Matrícula Profesional No.:
A103: Original: Archivo de Gestión del INVIAS.
A104: Copias: Unidad Ejecutora, Contratista, Interventor y Dirección Territorial.

Sheet 5.2
I1: CÓDIGO | J1: MEPI-MN1-IN-10-FR-1
B2: INSTITUTO NACIONAL DE VIAS
B3: PROCESO MISIONAL EJECUCIÓN DE PROYECTOS DE INFRAESTRUCTURA DE TRANSPORTE | I3: VERSIÓN | J3: 1
B4: MANUAL DE INTERVENTORÍA OBRA PÚBLICA
B5: ANÁLISIS DE PRECIOS UNITARIOS | I5: PÁGINA
I8: FECHA
J9: (Día / Mes / Año)
A10: ÍTEMS DE LA PROPUESTA ECONÓMICA | H10: ÍTEMS NO PREVISTOS
A11: UNIDAD EJECUTORA: | H11: DIRECCIÓN TERRITORIAL:
A14: CONTRATO No.
B15: (Indicar número y año)
A17: OBJETO DEL CONTRATO:
A21: PROYECTO:
A23: CONTRATISTA:
A25: INTERVENTOR: | I25: Contrato No.:
J26: (Indicar número y año)
A27: FECHA CIERRE PROCESO DE SELECCIÓN CONTRATO DE OBRA:
F28: (Día) | G28: (Mes) | H28: (Año)
A30: DATOS ESPECÍFICOS
A32: ÍTEM | B32: DESCRIPCIÓN | I32: GRUPO DE AJUSTE | J32: UNIDAD | L32: CANTIDAD
B33: =+Presupuesto!E40 -> Construcción canal trapezoidal en concreto reforzado, para drenaje aguas lluvias, según diseño | J33: m3
A35: I. EQUIPO
A37: DESCRIPCIÓN | G37: TIPO | I37: TARIFA/HORA | J37: RENDIMIENTO | L37: Vr. UNITARIO
A38: Herramienta menor (10% del costo de la mano de obra) | L38: =+L61*10% -> 11654.038
A40: SUBTOTAL | L40: =SUM(L38:L39) -> 11654.038
A42: II. MATERIALES
A44: DESCRIPCIÓN | H44: UNIDAD | I44: CANTIDAD | J44: PRECIO UNIT. | L44: Vr. UNITARIO
A45: =+'Precios Cotizacion'!B26 -> Concreto de 3,000 psi Premezclado | H45: =+'Precios Cotizacion'!C26 -> M3 | I45: 1 | J45: =+'Precios Cotizacion'!D26 -> 394000 | L45: =+I45*J45 -> 394000
M46: 1 | N46: 0.15 | O46: =+M46/N46 -> 6.6666667
A47: SUBTOTAL | L47: =SUM(L45:L46) -> 394000
A49: III. TRANSPORTES
A51: MATERIAL | F51: UNIDAD | G51: CANTIDAD (1) | H51: DISTANCIA (2) | I51: CANTIDAD * DISTANCIA (1) * (2) | J51: TARIFA | L51: Vr. UNITARIO
A54: SUBTOTAL | L54: =SUM(L52:L53) -> 0
A56: IV. MANO DE OBRA
A58: DESCRIPCIÓN | G58: JORNAL | H58: PRESTACIONES | I58: JORNAL TOTAL | J58: RENDIMIENTO | L58: Vr. UNITARIO
A59: 1 Oficial | G59: =+'Precios Cotizacion'!L5 -> 81520 | H59: 1.85 | I59: =+G59*H59 -> 150812 | J59: 5 | L59: =+I59/J59 -> 30162.4
A60: 4 Ayudante | G60: =+'Precios Cotizacion'!L4*4 -> 233454 | H60: 1.85 | I60: =+G60*H60 -> 431889.9 | J60: 5 | L60: =+I60/J60 -> 86377.98
A61: SUBTOTAL | L61: =SUM(L59:L60) -> 116540.38
A63: TOTAL COSTO DIRECTO | L63: =+L40+L47+L54+L61 -> 522194.42
A65: V. COSTOS INDIRECTOS
A67: DESCRIPCIÓN | I67: Porcentaje | J67: Valor Total
A68: ADMINISTRACIÓN | I68: 0.15 | J68: =+L63*I68 -> 78329.163
A69: IMPREVISTOS | I69: 0.03 | J69: =+L63*I69 -> 15665.833
A70: UTILIDAD | I70: 0.05 | J70: =+L63*I70 -> 26109.721
A71: SUBTOTAL | L71: =SUM(J68:K70) -> 120104.72
A73: Precio Unitario Total Aproximado al peso | L73: =ROUND(L63+L71,0) -> 642299
D78: Firma
D79: Nombre:
D80: Representante Legal del Contratista o su Apoderado
D81: Matrícula Profesional No.:
A83: OBSERVACIONES INTERVENTORÍA:
A89: APROBACIÓN POR INTERVENTORÍA
A90: Nota 1: Cuando se trate de análisis de precios unitarios correspondientes a ítems de la propuesta económica, el Interventor aprueba el desglose de los componentes manteniendo el mismo precio unitario de cada ítem, cumpliendo con las especificaciones de construcción vigentes para el proyecto.
A92: Nota 2: Cuando se trate de análisis de precios unitarios de ítems no previstos, el Interventor aprueba el desglose y precio unitario de cada ítem no previsto, exigiendo la aplicación correspondiente a rendimientos, tarifas, precio de materiales, jornales, costos, etc contemplados en los análisis de precios unitarios aprobados por la interventoría que soportan la propuesta económica y los aprobados durante la ejecución del contrato, cumpliendo con las especificaciones de construcción vigentes para el proyecto. El Contratista y el Interventor certifican que los precios unitarios del ítem o de los ítems no previstos corresponden a los precios del mercado.
D98: Firma
D99: Nombre:
D100: Representante Legal del Interventor o su Apoderado
D101: Matrícula Profesional No.:
A103: Original: Archivo de Gestión del INVIAS.
A104: Copias: Unidad Ejecutora, Contratista, Interventor y Dirección Territorial.

Sheet 5.3
I1: CÓDIGO | J1: MEPI-MN1-IN-10-FR-1
B2: INSTITUTO NACIONAL DE VIAS
B3: PROCESO MISIONAL EJECUCIÓN DE PROYECTOS DE INFRAESTRUCTURA DE TRANSPORTE | I3: VERSIÓN | J3: 1
B4: MANUAL DE INTERVENTORÍA OBRA PÚBLICA
B5: ANÁLISIS DE PRECIOS UNITARIOS | I5: PÁGINA
I8: FECHA
J9: (Día / Mes / Año)
A10: ÍTEMS DE LA PROPUESTA ECONÓMICA | H10: ÍTEMS NO PREVISTOS
A11: UNIDAD EJECUTORA: | H11: DIRECCIÓN TERRITORIAL:
A14: CONTRATO No.
B15: (Indicar número y año)
A17: OBJETO DEL CONTRATO:
A21: PROYECTO:
A23: CONTRATISTA:
A25: INTERVENTOR: | I25: Contrato No.:
J26: (Indicar número y año)
A27: FECHA CIERRE PROCESO DE SELECCIÓN CONTRATO DE OBRA:
F28: (Día) | G28: (Mes) | H28: (Año)
A30: DATOS ESPECÍFICOS
A32: ÍTEM | B32: DESCRIPCIÓN | I32: GRUPO DE AJUSTE | J32: UNIDAD | L32: CANTIDAD
B33: =+Presupuesto!E41 -> Acero de refuerzo | J33: Kg
A35: I. EQUIPO
A37: DESCRIPCIÓN | G37: TIPO | I37: TARIFA/HORA | J37: RENDIMIENTO | L37: Vr. UNITARIO
A38: Herramienta menor (10% del costo de la mano de obra) | L38: =+L61*10% -> 122.25232
A40: SUBTOTAL | L40: =SUM(L38:L39) -> 122.25232
A42: II. MATERIALES
A44: DESCRIPCIÓN | H44: UNIDAD | I44: CANTIDAD | J44: PRECIO UNIT. | L44: Vr. UNITARIO
A45: =+'Precios Cotizacion'!B28 -> Acero de refuerzo | H45: =+'Precios Cotizacion'!C28 -> KG | I45: 1.1 | J45: =+'Precios Cotizacion'!D28 -> 4200 | L45: =+I45*J45 -> 4620
A47: SUBTOTAL | L47: =SUM(L45:L46) -> 4620
A49: III. TRANSPORTES
A51: MATERIAL | F51: UNIDAD | G51: CANTIDAD (1) | H51: DISTANCIA (2) | I51: CANTIDAD * DISTANCIA (1) * (2) | J51: TARIFA | L51: Vr. UNITARIO
A54: SUBTOTAL | L54: =SUM(L52:L53) -> 0
A56: IV. MANO DE OBRA
A58: DESCRIPCIÓN | G58: JORNAL | H58: PRESTACIONES | I58: JORNAL TOTAL | J58: RENDIMIENTO | L58: Vr. UNITARIO
A59: 1 Oficial | G59: =+'Precios Cotizacion'!L5 -> 81520 | H59: 1.85 | I59: =+G59*H59 -> 150812 | J59: 300 | L59: =+I59/J59 -> 502.70667
A60: 2 Ayudante | G60: =+'Precios Cotizacion'!L4*2 -> 116727 | H60: 1.85 | I60: =+G60*H60 -> 215944.95 | J60: 300 | L60: =+I60/J60 -> 719.8165
A61: SUBTOTAL | L61: =SUM(L59:L60) -> 1222.5232
A63: TOTAL COSTO DIRECTO | L63: =+L40+L47+L54+L61 -> 5964.7755
A65: V. COSTOS INDIRECTOS
A67: DESCRIPCIÓN | I67: Porcentaje | J67: Valor Total
A68: ADMINISTRACIÓN | I68: 0.15 | J68: =+L63*I68 -> 894.71632
A69: IMPREVISTOS | I69: 0.03 | J69: =+L63*I69 -> 178.94326
A70: UTILIDAD | I70: 0.05 | J70: =+L63*I70 -> 298.23877
A71: SUBTOTAL | L71: =SUM(J68:K70) -> 1371.8984
A73: Precio Unitario Total Aproximado al peso | L73: =ROUND(L63+L71,0) -> 7337
D78: Firma
D79: Nombre:
D80: Representante Legal del Contratista o su Apoderado
D81: Matrícula Profesional No.:
A83: OBSERVACIONES INTERVENTORÍA:
A89: APROBACIÓN POR INTERVENTORÍA
A90: Nota 1: Cuando se trate de análisis de precios unitarios correspondientes a ítems de la propuesta económica, el Interventor aprueba el desglose de los componentes manteniendo el mismo precio unitario de cada ítem, cumpliendo con las especificaciones de construcción vigentes para el proyecto.
A92: Nota 2: Cuando se trate de análisis de precios unitarios de ítems no previstos, el Interventor aprueba el desglose y precio unitario de cada ítem no previsto, exigiendo la aplicación correspondiente a rendimientos, tarifas, precio de materiales, jornales, costos, etc contemplados en los análisis de precios unitarios aprobados por la interventoría que soportan la propuesta económica y los aprobados durante la ejecución del contrato, cumpliendo con las especificaciones de construcción vigentes para el proyecto. El Contratista y el Interventor certifican que los precios unitarios del ítem o de los ítems no previstos corresponden a los precios del mercado.
D98: Firma
D99: Nombre:
D100: Representante Legal del Interventor o su Apoderado
D101: Matrícula Profesional No.:
A103: Original: Archivo de Gestión del INVIAS.
A104: Copias: Unidad Ejecutora, Contratista, Interventor y Dirección Territorial.

Sheet 5.4
I1: CÓDIGO | J1: MEPI-MN1-IN-10-FR-1
B2: INSTITUTO NACIONAL DE VIAS
B3: PROCESO MISIONAL EJECUCIÓN DE PROYECTOS DE INFRAESTRUCTURA DE TRANSPORTE | I3: VERSIÓN | J3: 1
B4: MANUAL DE INTERVENTORÍA OBRA PÚBLICA
B5: ANÁLISIS DE PRECIOS UNITARIOS | I5: PÁGINA
I8: FECHA
J9: (Día / Mes / Año)
A10: ÍTEMS DE LA PROPUESTA ECONÓMICA | H10: ÍTEMS NO PREVISTOS
A11: UNIDAD EJECUTORA: | H11: DIRECCIÓN TERRITORIAL:
A14: CONTRATO No.
B15: (Indicar número y año)
A17: OBJETO DEL CONTRATO:
A21: PROYECTO:
A23: CONTRATISTA:
A25: INTERVENTOR: | I25: Contrato No.:
J26: (Indicar número y año)
A27: FECHA CIERRE PROCESO DE SELECCIÓN CONTRATO DE OBRA:
F28: (Día) | G28: (Mes) | H28: (Año)
A30: DATOS ESPECÍFICOS
A32: ÍTEM | B32: DESCRIPCIÓN | I32: GRUPO DE AJUSTE | J32: UNIDAD | L32: CANTIDAD
B33: =+Presupuesto!E42 -> Concreto Clase F (14 Mpa) | J33: m3
A35: I. EQUIPO
A37: DESCRIPCIÓN | G37: TIPO | I37: TARIFA/HORA | J37: RENDIMIENTO | L37: Vr. UNITARIO
A38: Herramienta menor (10% del costo de la mano de obra) | L38: =+L61*10% -> 4584.4619
A40: SUBTOTAL | L40: =SUM(L38:L39) -> 4584.4619
A42: II. MATERIALES
A44: DESCRIPCIÓN | H44: UNIDAD | I44: CANTIDAD | J44: PRECIO UNIT. | L44: Vr. UNITARIO
A45: =+'Precios Cotizacion'!B29 -> Concreto de 14 Mpa. | H45: =+'Precios Cotizacion'!C29 -> M3 | I45: 1 | J45: =+'Precios Cotizacion'!D29 -> 340000 | L45: =+I45*J45 -> 340000
M46: 1 | N46: 0.15 | O46: =+M46/N46 -> 6.6666667
A47: SUBTOTAL | L47: =SUM(L45:L46) -> 340000
A49: III. TRANSPORTES
A51: MATERIAL | F51: UNIDAD | G51: CANTIDAD (1) | H51: DISTANCIA (2) | I51: CANTIDAD * DISTANCIA (1) * (2) | J51: TARIFA | L51: Vr. UNITARIO
A54: SUBTOTAL | L54: =SUM(L52:L53) -> 0
A56: IV. MANO DE OBRA
A58: DESCRIPCIÓN | G58: JORNAL | H58: PRESTACIONES | I58: JORNAL TOTAL | J58: RENDIMIENTO | L58: Vr. UNITARIO
A59: 1 Oficial | G59: =+'Precios Cotizacion'!L5 -> 81520 | H59: 1.85 | I59: =+G59*H59 -> 150812 | J59: 8 | L59: =+I59/J59 -> 18851.5
A60: 2 Ayudante | G60: =+'Precios Cotizacion'!L4*2 -> 116727 | H60: 1.85 | I60: =+G60*H60 -> 215944.95 | J60: 8 | L60: =+I60/J60 -> 26993.119
A61: SUBTOTAL | L61: =SUM(L59:L60) -> 45844.619
A63: TOTAL COSTO DIRECTO | L63: =+L40+L47+L54+L61 -> 390429.08
A65: V. COSTOS INDIRECTOS
A67: DESCRIPCIÓN | I67: Porcentaje | J67: Valor Total
A68: ADMINISTRACIÓN | I68: 0.15 | J68: =+L63*I68 -> 58564.362
A69: IMPREVISTOS | I69: 0.03 | J69: =+L63*I69 -> 11712.872
A70: UTILIDAD | I70: 0.05 | J70: =+L63*I70 -> 19521.454
A71: SUBTOTAL | L71: =SUM(J68:K70) -> 89798.689
A73: Precio Unitario Total Aproximado al peso | L73: =ROUND(L63+L71,0) -> 480228
D78: Firma
D79: Nombre:
D80: Representante Legal del Contratista o su Apoderado
D81: Matrícula Profesional No.:
A83: OBSERVACIONES INTERVENTORÍA:
A89: APROBACIÓN POR INTERVENTORÍA
A90: Nota 1: Cuando se trate de análisis de precios unitarios correspondientes a ítems de la propuesta económica, el Interventor aprueba el desglose de los componentes manteniendo el mismo precio unitario de cada ítem, cumpliendo con las especificaciones de construcción vigentes para el proyecto.
A92: Nota 2: Cuando se trate de análisis de precios unitarios de ítems no previstos, el Interventor aprueba el desglose y precio unitario de cada ítem no previsto, exigiendo la aplicación correspondiente a rendimientos, tarifas, precio de materiales, jornales, costos, etc contemplados en los análisis de precios unitarios aprobados por la interventoría que soportan la propuesta económica y los aprobados durante la ejecución del contrato, cumpliendo con las especificaciones de construcción vigentes para el proyecto. El Contratista y el Interventor certifican que los precios unitarios del ítem o de los ítems no previstos corresponden a los precios del mercado.
D98: Firma
D99: Nombre:
D100: Representante Legal del Interventor o su Apoderado
D101: Matrícula Profesional No.:
A103: Original: Archivo de Gestión del INVIAS.
A104: Copias: Unidad Ejecutora, Contratista, Interventor y Dirección Territorial.

Sheet 5.5
I1: CÓDIGO | J1: MEPI-MN1-IN-10-FR-1
B2: INSTITUTO NACIONAL DE VIAS
B3: PROCESO MISIONAL EJECUCIÓN DE PROYECTOS DE INFRAESTRUCTURA DE TRANSPORTE | I3: VERSIÓN | J3: 1
B4: MANUAL DE INTERVENTORÍA OBRA PÚBLICA
B5: ANÁLISIS DE PRECIOS UNITARIOS | I5: PÁGINA
I8: FECHA
J9: (Día / Mes / Año)
A10: ÍTEMS DE LA PROPUESTA ECONÓMICA | H10: ÍTEMS NO PREVISTOS
A11: UNIDAD EJECUTORA: | H11: DIRECCIÓN TERRITORIAL:
A14: CONTRATO No.
B15: (Indicar número y año)
A17: OBJETO DEL CONTRATO:
A21: PROYECTO:
A23: CONTRATISTA:
A25: INTERVENTOR: | I25: Contrato No.:
J26: (Indicar número y año)
A27: FECHA CIERRE PROCESO DE SELECCIÓN CONTRATO DE OBRA:
F28: (Día) | G28: (Mes) | H28: (Año)
A30: DATOS ESPECÍFICOS
A32: ÍTEM | B32: DESCRIPCIÓN | I32: GRUPO DE AJUSTE | J32: UNIDAD | L32: CANTIDAD
B33: =+Presupuesto!E43 -> Suministro e instalación tubería novafor 8" para drenaje aguas lluvias que se retienen por muro de cerramiento (Incluye estructura de entrada y salida según diseño) Longitud = 1.20 m. | J33: Unid
A35: I. EQUIPO
A37: DESCRIPCIÓN | G37: TIPO | I37: TARIFA/HORA | J37: RENDIMIENTO | L37: Vr. UNITARIO
A38: Herramienta menor (10% del costo de la mano de obra) | L38: =+L67*10% -> 6168.6554
A39: Equipo de soldadura | I39: =+'Precios Cotizacion'!H5 -> 11000 | J39: 0.1 | L39: =+I39*J39 -> 1100
A40: SUBTOTAL | L40: =SUM(L38:L39) -> 7268.6554
A42: II. MATERIALES
A44: DESCRIPCIÓN | H44: UNIDAD | I44: CANTIDAD | J44: PRECIO UNIT. | L44: Vr. UNITARIO
A45: =+'Precios Cotizacion'!B30 -> Tubería Novafort 8" | H45: =+'Precios Cotizacion'!C30 -> M | I45: 1 | J45: =+'Precios Cotizacion'!D30 -> 54500 | L45: =+I45*J45 -> 54500
A46: =+'Precios Cotizacion'!B26 -> Concreto de 3,000 psi Premezclado | H46: =+'Precios Cotizacion'!C26 -> M3 | I46: 0.57 | J46: =+'Precios Cotizacion'!D26 -> 394000 | L46: =+I46*J46 -> 224580
A47: =+'Precios Cotizacion'!B31 -> Angulo de 1" x 1/8" | H47: =+'Precios Cotizacion'!C31 -> M | I47: 4 | J47: =+'Precios Cotizacion'!D31 -> 8740 | L47: =+I47*J47 -> 34960 | M47: 1.19 | N47: =+I47*M47 -> 4.76
A48: =+'Precios Cotizacion'!B32 -> Varilla cuadrada de 1/2" | H48: =+'Precios Cotizacion'!C32 -> M | I48: 7.5 | J48: =+'Precios Cotizacion'!D32 -> 9675 | L48: =+I48*J48 -> 72562.5 | M48: 1.265 | N48: =+I48*M48 -> 9.4875
A49: =+'Precios Cotizacion'!B33 -> Soldadura | H49: =+'Precios Cotizacion'!C33 -> KG | I49: 0.3 | J49: =+'Precios Cotizacion'!D33 -> 29900 | L49: =+I49*J49 -> 8970 | N49: =SUM(N47:N48) -> 14.2475 | O49: 0.02 | P49: =+N49*O49 -> 0.28495
A50: =+'Precios Cotizacion'!B34 -> Pintura anticorrosiva | H50: =+'Precios Cotizacion'!C34 -> GALON | I50: 0.2 | J50: =+'Precios Cotizacion'!D34 -> 139900 | L50: =+I50*J50 -> 27980
A51: =+'Precios Cotizacion'!B35 -> Pintura de proteccion | H51: =+'Precios Cotizacion'!C35 -> GALON | I51: 0.3 | J51: =+'Precios Cotizacion'!D35 -> 122900 | L51: =+I51*J51 -> 36870 | M51: Suministro materiales + mano de obra
A52: SUBTOTAL | L52: =SUM(L45:L51) -> 460422.5
A54: III. TRANSPORTES
A56: MATERIAL | F56: UNIDAD | G56: CANTIDAD (1) | H56: DISTANCIA (2) | I56: CANTIDAD * DISTANCIA (1) * (2) | J56: TARIFA | L56: Vr. UNITARIO
A59: SUBTOTAL | L59: =SUM(L57:L58) -> 0
A61: IV. MANO DE OBRA
A63: DESCRIPCIÓN | G63: JORNAL | H63: PRESTACIONES | I63: JORNAL TOTAL | J63: RENDIMIENTO | L63: Vr. UNITARIO
A64: 1 Oficial | G64: =+'Precios Cotizacion'!L5 -> 81520 | H64: 1.85 | I64: =+G64*H64 -> 150812 | J64: 30 | L64: =+I64/J64 -> 5027.0667
A65: 1 Soldador | G65: =+'Precios Cotizacion'!L4 -> 58363.5 | H65: 1.85 | I65: =+G65*H65 -> 107972.48 | J65: 2 | L65: =+I65/J65 -> 53986.238
A66: 1 Ayudante | G66: =+[175]Cotizaciones!D58*1 -> 43350 | H66: 1.85 | I66: =+G66*H66 -> 80197.5 | J66: 30 | L66: =+I66/J66 -> 2673.25
A67: SUBTOTAL | L67: =SUM(L64:L66) -> 61686.554
A69: TOTAL COSTO DIRECTO | L69: =+L40+L52+L59+L67 -> 529377.71 | O69: =+L47+L48+L49+L65+L51 -> 207348.74 | P69: =+O69/N49 -> 14553.342
A71: V. COSTOS INDIRECTOS
A73: DESCRIPCIÓN | I73: Porcentaje | J73: Valor Total
A74: ADMINISTRACIÓN | I74: 0.15 | J74: =+L69*I74 -> 79406.656
A75: IMPREVISTOS | I75: 0.03 | J75: =+L69*I75 -> 15881.331
A76: UTILIDAD | I76: 0.05 | J76: =+L69*I76 -> 26468.885
A77: SUBTOTAL | L77: =SUM(J74:K76) -> 121756.87
A79: Precio Unitario Total Aproximado al peso | L79: =ROUND(L69+L77,0) -> 651135
D84: Firma
D85: Nombre:
D86: Representante Legal del Contratista o su Apoderado
D87: Matrícula Profesional No.:
A89: OBSERVACIONES INTERVENTORÍA:
A95: APROBACIÓN POR INTERVENTORÍA
A96: Nota 1: Cuando se trate de análisis de precios unitarios correspondientes a ítems de la propuesta económica, el Interventor aprueba el desglose de los componentes manteniendo el mismo precio unitario de cada ítem, cumpliendo con las especificaciones de construcción vigentes para el proyecto.
A98: Nota 2: Cuando se trate de análisis de precios unitarios de ítems no previstos, el Interventor aprueba el desglose y precio unitario de cada ítem no previsto, exigiendo la aplicación correspondiente a rendimientos, tarifas, precio de materiales, jornales, costos, etc contemplados en los análisis de precios unitarios aprobados por la interventoría que soportan la propuesta económica y los aprobados durante la ejecución del contrato, cumpliendo con las especificaciones de construcción vigentes para el proyecto. El Contratista y el Interventor certifican que los precios unitarios del ítem o de los ítems no previstos corresponden a los precios del mercado.
D104: Firma
D105: Nombre:
D106: Representante Legal del Interventor o su Apoderado
D107: Matrícula Profesional No.:
A109: Original: Archivo de Gestión del INVIAS.
A110: Copias: Unidad Ejecutora, Contratista, Interventor y Dirección Territorial.

Sheet 6.1
I1: CÓDIGO | J1: MEPI-MN1-IN-10-FR-1
B2: INSTITUTO NACIONAL DE VIAS
B3: PROCESO MISIONAL EJECUCIÓN DE PROYECTOS DE INFRAESTRUCTURA DE TRANSPORTE | I3: VERSIÓN | J3: 1
B4: MANUAL DE INTERVENTORÍA OBRA PÚBLICA
B5: ANÁLISIS DE PRECIOS UNITARIOS | I5: PÁGINA
I8: FECHA
J9: (Día / Mes / Año)
A10: ÍTEMS DE LA PROPUESTA ECONÓMICA | H10: ÍTEMS NO PREVISTOS
A11: UNIDAD EJECUTORA: | H11: DIRECCIÓN TERRITORIAL:
A14: CONTRATO No.
B15: (Indicar número y año)
A17: OBJETO DEL CONTRATO:
A21: PROYECTO:
A23: CONTRATISTA:
A25: INTERVENTOR: | I25: Contrato No.:
J26: (Indicar número y año)
A27: FECHA CIERRE PROCESO DE SELECCIÓN CONTRATO DE OBRA:
F28: (Día) | G28: (Mes) | H28: (Año)
A30: DATOS ESPECÍFICOS
A32: ÍTEM | B32: DESCRIPCIÓN | I32: GRUPO DE AJUSTE | J32: UNIDAD | L32: CANTIDAD
B33: =+Presupuesto!E45 -> Mantenimiento a puntos de red sanitaria (incluye revision de cajas de inspeccion) | J33: UND
A35: I. EQUIPO
A37: DESCRIPCIÓN | G37: TIPO | I37: TARIFA/HORA | J37: RENDIMIENTO | L37: Vr. UNITARIO
A38: Herramienta menor (10% del costo de la mano de obra) | L38: =+L61*10% -> 4318.899
A39: =+'Precios Cotizacion'!F12 -> Destapador de Cañerías Motor 1/3Hp 20Mts Rojo | I39: =+'Precios Cotizacion'!H12 -> 7400 | J39: 1 | L39: =+I39*J39 -> 7400
A40: SUBTOTAL | L40: =SUM(L38:L39) -> 11718.899
A42: II. MATERIALES
A44: DESCRIPCIÓN | H44: UNIDAD | I44: CANTIDAD | J44: PRECIO UNIT. | L44: Vr. UNITARIO
L46: =+I46*J46 -> 0
A47: SUBTOTAL | L47: =SUM(L45:L46) -> 0
A49: III. TRANSPORTES
A51: MATERIAL | F51: UNIDAD | G51: CANTIDAD (1) | H51: DISTANCIA (2) | I51: CANTIDAD * DISTANCIA (1) * (2) | J51: TARIFA | L51: Vr. UNITARIO
A54: SUBTOTAL | L54: =SUM(L52:L53) -> 0
A56: IV. MANO DE OBRA
A58: DESCRIPCIÓN | G58: JORNAL | H58: PRESTACIONES | I58: JORNAL TOTAL | J58: RENDIMIENTO | L58: Vr. UNITARIO
A59: 1 Ayudante | G59: =+'Precios Cotizacion'!L4 -> 58363.5 | H59: 1.85 | I59: =+G59*H59 -> 107972.48 | J59: 2.5 | L59: =+I59/J59 -> 43188.99
A61: SUBTOTAL | L61: =SUM(L59:L60) -> 43188.99
A63: TOTAL COSTO DIRECTO | L63: =+L40+L47+L54+L61 -> 54907.889
A65: V. COSTOS INDIRECTOS
A67: DESCRIPCIÓN | I67: Porcentaje | J67: Valor Total
A68: ADMINISTRACIÓN | I68: 0.15 | J68: =+L63*I68 -> 8236.1834
A69: IMPREVISTOS | I69: 0.03 | J69: =+L63*I69 -> 1647.2367
A70: UTILIDAD | I70: 0.05 | J70: =+L63*I70 -> 2745.3945
A71: SUBTOTAL | L71: =SUM(J68:K70) -> 12628.814
A73: Precio Unitario Total Aproximado al peso | L73: =ROUND(L63+L71,0) -> 67537
D78: Firma
D79: Nombre:
D80: Representante Legal del Contratista o su Apoderado
D81: Matrícula Profesional No.:
A83: OBSERVACIONES INTERVENTORÍA:
A89: APROBACIÓN POR INTERVENTORÍA
A90: Nota 1: Cuando se trate de análisis de precios unitarios correspondientes a ítems de la propuesta económica, el Interventor aprueba el desglose de los componentes manteniendo el mismo precio unitario de cada ítem, cumpliendo con las especificaciones de construcción vigentes para el proyecto.
A92: Nota 2: Cuando se trate de análisis de precios unitarios de ítems no previstos, el Interventor aprueba el desglose y precio unitario de cada ítem no previsto, exigiendo la aplicación correspondiente a rendimientos, tarifas, precio de materiales, jornales, costos, etc contemplados en los análisis de precios unitarios aprobados por la interventoría que soportan la propuesta económica y los aprobados durante la ejecución del contrato, cumpliendo con las especificaciones de construcción vigentes para el proyecto. El Contratista y el Interventor certifican que los precios unitarios del ítem o de los ítems no previstos corresponden a los precios del mercado.
D98: Firma
D99: Nombre:
D100: Representante Legal del Interventor o su Apoderado
D101: Matrícula Profesional No.:
A103: Original: Archivo de Gestión del INVIAS.
A104: Copias: Unidad Ejecutora, Contratista, Interventor y Dirección Territorial.

Sheet 6.2
I1: CÓDIGO | J1: MEPI-MN1-IN-10-FR-1
B2: INSTITUTO NACIONAL DE VIAS
B3: PROCESO MISIONAL EJECUCIÓN DE PROYECTOS DE INFRAESTRUCTURA DE TRANSPORTE | I3: VERSIÓN | J3: 1
B4: MANUAL DE INTERVENTORÍA OBRA PÚBLICA
B5: ANÁLISIS DE PRECIOS UNITARIOS | I5: PÁGINA
I8: FECHA
J9: (Día / Mes / Año)
A10: ÍTEMS DE LA PROPUESTA ECONÓMICA | H10: ÍTEMS NO PREVISTOS
A11: UNIDAD EJECUTORA: | H11: DIRECCIÓN TERRITORIAL:
A14: CONTRATO No.
B15: (Indicar número y año)
A17: OBJETO DEL CONTRATO:
A21: PROYECTO:
A23: CONTRATISTA:
A25: INTERVENTOR: | I25: Contrato No.:
J26: (Indicar número y año)
A27: FECHA CIERRE PROCESO DE SELECCIÓN CONTRATO DE OBRA:
F28: (Día) | G28: (Mes) | H28: (Año)
A30: DATOS ESPECÍFICOS
A32: ÍTEM | B32: DESCRIPCIÓN | I32: GRUPO DE AJUSTE | J32: UNIDAD | L32: CANTIDAD
B33: =+Presupuesto!E46 -> Suministro Instalación de Kit Instalacion Lavaplatos (Incluye sifon y griferia) | J33: UND
A35: I. EQUIPO
A37: DESCRIPCIÓN | G37: TIPO | I37: TARIFA/HORA | J37: RENDIMIENTO | L37: Vr. UNITARIO
A38: Herramienta menor (10% del costo de la mano de obra) | L38: =+L61*10% -> 3016.24
A40: SUBTOTAL | L40: =SUM(L38:L39) -> 3016.24
A42: II. MATERIALES
A44: DESCRIPCIÓN | H44: UNIDAD | I44: CANTIDAD | J44: PRECIO UNIT. | L44: Vr. UNITARIO
A45: =+'Precios Cotizacion'!B36 -> Kit Lavaplatos (Sifon y Griferia) | H45: =+'Precios Cotizacion'!C36 -> UND | I45: 1 | J45: =+'Precios Cotizacion'!D36 -> 150000 | L45: =+I45*J45 -> 150000
A47: SUBTOTAL | L47: =SUM(L45:L46) -> 150000
A49: III. TRANSPORTES
A51: MATERIAL | F51: UNIDAD | G51: CANTIDAD (1) | H51: DISTANCIA (2) | I51: CANTIDAD * DISTANCIA (1) * (2) | J51: TARIFA | L51: Vr. UNITARIO
A54: SUBTOTAL | L54: =SUM(L52:L53) -> 0
A56: IV. MANO DE OBRA
A58: DESCRIPCIÓN | G58: JORNAL | H58: PRESTACIONES | I58: JORNAL TOTAL | J58: RENDIMIENTO | L58: Vr. UNITARIO
A59: 1 Oficial | G59: =+'Precios Cotizacion'!L5 -> 81520 | H59: 1.85 | I59: =+G59*H59 -> 150812 | J59: 5 | L59: =+I59/J59 -> 30162.4
A61: SUBTOTAL | L61: =SUM(L59:L60) -> 30162.4
A63: TOTAL COSTO DIRECTO | L63: =+L40+L47+L54+L61 -> 183178.64
A65: V. COSTOS INDIRECTOS
A67: DESCRIPCIÓN | I67: Porcentaje | J67: Valor Total
A68: ADMINISTRACIÓN | I68: 0.15 | J68: =+L63*I68 -> 27476.796
A69: IMPREVISTOS | I69: 0.03 | J69: =+L63*I69 -> 5495.3592
A70: UTILIDAD | I70: 0.05 | J70: =+L63*I70 -> 9158.932
A71: SUBTOTAL | L71: =SUM(J68:K70) -> 42131.087
A73: Precio Unitario Total Aproximado al peso | L73: =ROUND(L63+L71,0) -> 225310
D78: Firma
D79: Nombre:
D80: Representante Legal del Contratista o su Apoderado
D81: Matrícula Profesional No.:
A83: OBSERVACIONES INTERVENTORÍA:
A89: APROBACIÓN POR INTERVENTORÍA
A90: Nota 1: Cuando se trate de análisis de precios unitarios correspondientes a ítems de la propuesta económica, el Interventor aprueba el desglose de los componentes manteniendo el mismo precio unitario de cada ítem, cumpliendo con las especificaciones de construcción vigentes para el proyecto.
A92: Nota 2: Cuando se trate de análisis de precios unitarios de ítems no previstos, el Interventor aprueba el desglose y precio unitario de cada ítem no previsto, exigiendo la aplicación correspondiente a rendimientos, tarifas, precio de materiales, jornales, costos, etc contemplados en los análisis de precios unitarios aprobados por la interventoría que soportan la propuesta económica y los aprobados durante la ejecución del contrato, cumpliendo con las especificaciones de construcción vigentes para el proyecto. El Contratista y el Interventor certifican que los precios unitarios del ítem o de los ítems no previstos corresponden a los precios del mercado.
D98: Firma
D99: Nombre:
D100: Representante Legal del Interventor o su Apoderado
D101: Matrícula Profesional No.:
A103: Original: Archivo de Gestión del INVIAS.
A104: Copias: Unidad Ejecutora, Contratista, Interventor y Dirección Territorial.

Sheet 6.3
I1: CÓDIGO | J1: MEPI-MN1-IN-10-FR-1
B2: INSTITUTO NACIONAL DE VIAS
B3: PROCESO MISIONAL EJECUCIÓN DE PROYECTOS DE INFRAESTRUCTURA DE TRANSPORTE | I3: VERSIÓN | J3: 1
B4: MANUAL DE INTERVENTORÍA OBRA PÚBLICA
B5: ANÁLISIS DE PRECIOS UNITARIOS | I5: PÁGINA
I8: FECHA
J9: (Día / Mes / Año)
A10: ÍTEMS DE LA PROPUESTA ECONÓMICA | H10: ÍTEMS NO PREVISTOS
A11: UNIDAD EJECUTORA: | H11: DIRECCIÓN TERRITORIAL:
A14: CONTRATO No.
B15: (Indicar número y año)
A17: OBJETO DEL CONTRATO:
A21: PROYECTO:
A23: CONTRATISTA:
A25: INTERVENTOR: | I25: Contrato No.:
J26: (Indicar número y año)
A27: FECHA CIERRE PROCESO DE SELECCIÓN CONTRATO DE OBRA:
F28: (Día) | G28: (Mes) | H28: (Año)
A30: DATOS ESPECÍFICOS
A32: ÍTEM | B32: DESCRIPCIÓN | I32: GRUPO DE AJUSTE | J32: UNIDAD | L32: CANTIDAD
B33: =+Presupuesto!E47 -> Suministro Instalación de rejilla de sifón | J33: UND
A35: I. EQUIPO
A37: DESCRIPCIÓN | G37: TIPO | I37: TARIFA/HORA | J37: RENDIMIENTO | L37: Vr. UNITARIO
A38: Herramienta menor (10% del costo de la mano de obra) | L38: =+L61*10% -> 150.812
A40: SUBTOTAL | L40: =SUM(L38:L39) -> 150.812
A42: II. MATERIALES
A44: DESCRIPCIÓN | H44: UNIDAD | I44: CANTIDAD | J44: PRECIO UNIT. | L44: Vr. UNITARIO
A45: =+'Precios Cotizacion'!B37 -> Rejilla de Sifón plástica | H45: =+'Precios Cotizacion'!C37 -> UND | I45: 1 | J45: =+'Precios Cotizacion'!D37 -> 9150 | L45: =+I45*J45 -> 9150
A47: SUBTOTAL | L47: =SUM(L45:L46) -> 9150
A49: III. TRANSPORTES
A51: MATERIAL | F51: UNIDAD | G51: CANTIDAD (1) | H51: DISTANCIA (2) | I51: CANTIDAD * DISTANCIA (1) * (2) | J51: TARIFA | L51: Vr. UNITARIO
A54: SUBTOTAL | L54: =SUM(L52:L53) -> 0
A56: IV. MANO DE OBRA
A58: DESCRIPCIÓN | G58: JORNAL | H58: PRESTACIONES | I58: JORNAL TOTAL | J58: RENDIMIENTO | L58: Vr. UNITARIO
A59: 1 Oficial | G59: =+'Precios Cotizacion'!L5 -> 81520 | H59: 1.85 | I59: =+G59*H59 -> 150812 | J59: 100 | L59: =+I59/J59 -> 1508.12
A61: SUBTOTAL | L61: =SUM(L59:L60) -> 1508.12
A63: TOTAL COSTO DIRECTO | L63: =+L40+L47+L54+L61 -> 10808.932
A65: V. COSTOS INDIRECTOS
A67: DESCRIPCIÓN | I67: Porcentaje | J67: Valor Total
A68: ADMINISTRACIÓN | I68: 0.15 | J68: =+L63*I68 -> 1621.3398
A69: IMPREVISTOS | I69: 0.03 | J69: =+L63*I69 -> 324.26796
A70: UTILIDAD | I70: 0.05 | J70: =+L63*I70 -> 540.4466
A71: SUBTOTAL | L71: =SUM(J68:K70) -> 2486.0544
A73: Precio Unitario Total Aproximado al peso | L73: =ROUND(L63+L71,0) -> 13295
D78: Firma
D79: Nombre:
D80: Representante Legal del Contratista o su Apoderado
D81: Matrícula Profesional No.:
A83: OBSERVACIONES INTERVENTORÍA:
A89: APROBACIÓN POR INTERVENTORÍA
A90: Nota 1: Cuando se trate de análisis de precios unitarios correspondientes a ítems de la propuesta económica, el Interventor aprueba el desglose de los componentes manteniendo el mismo precio unitario de cada ítem, cumpliendo con las especificaciones de construcción vigentes para el proyecto.
A92: Nota 2: Cuando se trate de análisis de precios unitarios de ítems no previstos, el Interventor aprueba el desglose y precio unitario de cada ítem no previsto, exigiendo la aplicación correspondiente a rendimientos, tarifas, precio de materiales, jornales, costos, etc contemplados en los análisis de precios unitarios aprobados por la interventoría que soportan la propuesta económica y los aprobados durante la ejecución del contrato, cumpliendo con las especificaciones de construcción vigentes para el proyecto. El Contratista y el Interventor certifican que los precios unitarios del ítem o de los ítems no previstos corresponden a los precios del mercado.
D98: Firma
D99: Nombre:
D100: Representante Legal del Interventor o su Apoderado
D101: Matrícula Profesional No.:
A103: Original: Archivo de Gestión del INVIAS.
A104: Copias: Unidad Ejecutora, Contratista, Interventor y Dirección Territorial.

Sheet 6.4
I1: CÓDIGO | J1: MEPI-MN1-IN-10-FR-1
B2: INSTITUTO NACIONAL DE VIAS
B3: PROCESO MISIONAL EJECUCIÓN DE PROYECTOS DE INFRAESTRUCTURA DE TRANSPORTE | I3: VERSIÓN | J3: 1
B4: MANUAL DE INTERVENTORÍA OBRA PÚBLICA
B5: ANÁLISIS DE PRECIOS UNITARIOS | I5: PÁGINA
I8: FECHA
J9: (Día / Mes / Año)
A10: ÍTEMS DE LA PROPUESTA ECONÓMICA | H10: ÍTEMS NO PREVISTOS
A11: UNIDAD EJECUTORA: | H11: DIRECCIÓN TERRITORIAL:
A14: CONTRATO No.
B15: (Indicar número y año)
A17: OBJETO DEL CONTRATO:
A21: PROYECTO:
A23: CONTRATISTA:
A25: INTERVENTOR: | I25: Contrato No.:
J26: (Indicar número y año)
A27: FECHA CIERRE PROCESO DE SELECCIÓN CONTRATO DE OBRA:
F28: (Día) | G28: (Mes) | H28: (Año)
A30: DATOS ESPECÍFICOS
A32: ÍTEM | B32: DESCRIPCIÓN | I32: GRUPO DE AJUSTE | J32: UNIDAD | L32: CANTIDAD
B33: =+Presupuesto!E48 -> Suministro Instalación de llave para lavadero | J33: =+[176]Presupuesto!F44 -> Und. | L33: =+[176]Presupuesto!G44 -> 2
A35: I. EQUIPO
A37: DESCRIPCIÓN | G37: TIPO | I37: TARIFA/HORA | J37: RENDIMIENTO | L37: Vr. UNITARIO
A38: Herramienta menor (10% del costo de la mano de obra) | L38: =+L61*10% -> 150.812
A40: SUBTOTAL | L40: =SUM(L38:L39) -> 150.812
A42: II. MATERIALES
A44: DESCRIPCIÓN | H44: UNIDAD | I44: CANTIDAD | J44: PRECIO UNIT. | L44: Vr. UNITARIO
A45: =+'Precios Cotizacion'!B38 -> Llave Terminal de 1/2 | H45: =+'Precios Cotizacion'!C38 -> UND | I45: 1 | J45: =+'Precios Cotizacion'!D38 -> 18900 | L45: =+I45*J45 -> 18900
A47: SUBTOTAL | L47: =SUM(L45:L46) -> 18900
A49: III. TRANSPORTES
A51: MATERIAL | F51: UNIDAD | G51: CANTIDAD (1) | H51: DISTANCIA (2) | I51: CANTIDAD * DISTANCIA (1) * (2) | J51: TARIFA | L51: Vr. UNITARIO
A54: SUBTOTAL | L54: =SUM(L52:L53) -> 0
A56: IV. MANO DE OBRA
A58: DESCRIPCIÓN | G58: JORNAL | H58: PRESTACIONES | I58: JORNAL TOTAL | J58: RENDIMIENTO | L58: Vr. UNITARIO
A59: 1 Oficial | G59: =+'Precios Cotizacion'!L5 -> 81520 | H59: 1.85 | I59: =+G59*H59 -> 150812 | J59: 100 | L59: =+I59/J59 -> 1508.12
A61: SUBTOTAL | L61: =SUM(L59:L60) -> 1508.12
A63: TOTAL COSTO DIRECTO | L63: =+L40+L47+L54+L61 -> 20558.932
A65: V. COSTOS INDIRECTOS
A67: DESCRIPCIÓN | I67: Porcentaje | J67: Valor Total
A68: ADMINISTRACIÓN | I68: 0.15 | J68: =+L63*I68 -> 3083.8398
A69: IMPREVISTOS | I69: 0.03 | J69: =+L63*I69 -> 616.76796
A70: UTILIDAD | I70: 0.05 | J70: =+L63*I70 -> 1027.9466
A71: SUBTOTAL | L71: =SUM(J68:K70) -> 4728.5544
A73: Precio Unitario Total Aproximado al peso | L73: =ROUND(L63+L71,0) -> 25287
D78: Firma
D79: Nombre:
D80: Representante Legal del Contratista o su Apoderado
D81: Matrícula Profesional No.:
A83: OBSERVACIONES INTERVENTORÍA:
A89: APROBACIÓN POR INTERVENTORÍA
A90: Nota 1: Cuando se trate de análisis de precios unitarios correspondientes a ítems de la propuesta económica, el Interventor aprueba el desglose de los componentes manteniendo el mismo precio unitario de cada ítem, cumpliendo con las especificaciones de construcción vigentes para el proyecto.
A92: Nota 2: Cuando se trate de análisis de precios unitarios de ítems no previstos, el Interventor aprueba el desglose y precio unitario de cada ítem no previsto, exigiendo la aplicación correspondiente a rendimientos, tarifas, precio de materiales, jornales, costos, etc contemplados en los análisis de precios unitarios aprobados por la interventoría que soportan la propuesta económica y los aprobados durante la ejecución del contrato, cumpliendo con las especificaciones de construcción vigentes para el proyecto. El Contratista y el Interventor certifican que los precios unitarios del ítem o de los ítems no previstos corresponden a los precios del mercado.
D98: Firma
D99: Nombre:
D100: Representante Legal del Interventor o su Apoderado
D101: Matrícula Profesional No.:
A103: Original: Archivo de Gestión del INVIAS.
A104: Copias: Unidad Ejecutora, Contratista, Interventor y Dirección Territorial.

Sheet 7.1
I1: CÓDIGO | J1: MEPI-MN1-IN-10-FR-1
B2: INSTITUTO NACIONAL DE VIAS
B3: PROCESO MISIONAL EJECUCIÓN DE PROYECTOS DE INFRAESTRUCTURA DE TRANSPORTE | I3: VERSIÓN | J3: 1
B4: MANUAL DE INTERVENTORÍA OBRA PÚBLICA
B5: ANÁLISIS DE PRECIOS UNITARIOS | I5: PÁGINA
I8: FECHA
J9: (Día / Mes / Año)
A10: ÍTEMS DE LA PROPUESTA ECONÓMICA | H10: ÍTEMS NO PREVISTOS
A11: UNIDAD EJECUTORA: | H11: DIRECCIÓN TERRITORIAL:
A14: CONTRATO No.
B15: (Indicar número y año)
A17: OBJETO DEL CONTRATO:
A21: PROYECTO:
A23: CONTRATISTA:
A25: INTERVENTOR: | I25: Contrato No.:
J26: (Indicar número y año)
A27: FECHA CIERRE PROCESO DE SELECCIÓN CONTRATO DE OBRA:
F28: (Día) | G28: (Mes) | H28: (Año)
A30: DATOS ESPECÍFICOS
A32: ÍTEM | B32: DESCRIPCIÓN | I32: GRUPO DE AJUSTE | J32: UNIDAD | L32: CANTIDAD
B33: =+Presupuesto!E50 -> Suministro e instalación de ventana en vidrio plano transparente de 6 mm, con marco en aluminio anodizado, incluye herrajes, accesorios, sellos, mano de obra y correcta instalación. | J33: M2
A35: I. EQUIPO
A37: DESCRIPCIÓN | G37: TIPO | I37: TARIFA/HORA | J37: RENDIMIENTO | L37: Vr. UNITARIO
A38: Herramienta menor (10% del costo de la mano de obra) | L38: =+L68*10% -> 4968.8328
A39: =+'Precios Cotizacion'!F4 -> Andamio Tubular Fijo Seccion Incluye Crucetas | I39: =+'Precios Cotizacion'!H4 -> 1850 | J39: 0.5 | L39: =+I39*J39 -> 925
A40: SUBTOTAL | L40: =SUM(L38:L39) -> 5893.8328
A42: II. MATERIALES
A44: DESCRIPCIÓN | H44: UNIDAD | I44: CANTIDAD | J44: PRECIO UNIT. | L44: Vr. UNITARIO
A45: =+'Precios Cotizacion'!B51 -> Vidrio plano transparente 6 mm | H45: =+'Precios Cotizacion'!C51 -> M2 | I45: 1 | J45: =+'Precios Cotizacion'!D51 -> 168000 | L45: =+I45*J45 -> 168000
A46: =+'Precios Cotizacion'!B52 -> Perfilería aluminio anodizado | H46: =+'Precios Cotizacion'!C52 -> M | I46: 2.63 | J46: =+'Precios Cotizacion'!D52 -> 38000 | L46: =+I46*J46 -> 99940
A47: =+'Precios Cotizacion'!B53 -> Empaques EPDM / felpas | H47: =+'Precios Cotizacion'!C53 -> M | I47: 1.3 | J47: =+'Precios Cotizacion'!D53 -> 3500 | L47: =+I47*J47 -> 4550
A48: =+'Precios Cotizacion'!B54 -> Silicona estructural (Cartucho) | H48: =+'Precios Cotizacion'!C54 -> UND | I48: 0.7 | J48: =+'Precios Cotizacion'!D54 -> 28000 | L48: =+I48*J48 -> 19600
A49: =+'Precios Cotizacion'!B55 -> Silicona neutra sellado (Cartucho) | H49: =+'Precios Cotizacion'!C55 -> UND | I49: 0.43 | J49: =+'Precios Cotizacion'!D55 -> 25000 | L49: =+I49*J49 -> 10750
A50: =+'Precios Cotizacion'!B56 -> Tornillería inoxidable (kit) | H50: =+'Precios Cotizacion'!C56 -> UND | I50: 0.07 | J50: =+'Precios Cotizacion'!D56 -> 85000 | L50: =+I50*J50 -> 5950
A51: =+'Precios Cotizacion'!B57 -> Anclajes metálicos | H51: =+'Precios Cotizacion'!C57 -> UND | I51: 1.4 | J51: =+'Precios Cotizacion'!D57 -> 4500 | L51: =+I51*J51 -> 6300
M53: 1 | N53: 0.15 | O53: =+M53/N53 -> 6.6666667
A54: SUBTOTAL | L54: =SUM(L45:L53) -> 315090
A56: III. TRANSPORTES
A58: MATERIAL | F58: UNIDAD | G58: CANTIDAD (1) | H58: DISTANCIA (2) | I58: CANTIDAD * DISTANCIA (1) * (2) | J58: TARIFA | L58: Vr. UNITARIO
A61: SUBTOTAL | L61: =SUM(L59:L60) -> 0
A63: IV. MANO DE OBRA
A65: DESCRIPCIÓN | G65: JORNAL | H65: PRESTACIONES | I65: JORNAL TOTAL | J65: RENDIMIENTO | L65: Vr. UNITARIO
A66: 1 Oficial instalador aluminio/vidrio | G66: =+'Precios Cotizacion'!L11 -> 125000 | H66: 1.85 | I66: =+G66*H66 -> 231250 | J66: 9 | L66: =+I66/J66 -> 25694.444
A67: 2 Ayudante | G67: =+'Precios Cotizacion'!L4*2 -> 116727 | H67: 1.85 | I67: =+G67*H67 -> 215944.95 | J67: 9 | L67: =+I67/J67 -> 23993.883
A68: SUBTOTAL | L68: =SUM(L66:L67) -> 49688.328
A70: TOTAL COSTO DIRECTO | L70: =+L40+L54+L61+L68 -> 370672.16
A72: V. COSTOS INDIRECTOS
A74: DESCRIPCIÓN | I74: Porcentaje | J74: Valor Total
A75: ADMINISTRACIÓN | I75: 0.15 | J75: =+L70*I75 -> 55600.824
A76: IMPREVISTOS | I76: 0.03 | J76: =+L70*I76 -> 11120.165
A77: UTILIDAD | I77: 0.05 | J77: =+L70*I77 -> 18533.608
A78: SUBTOTAL | L78: =SUM(J75:K77) -> 85254.597
A80: Precio Unitario Total Aproximado al peso | L80: =ROUND(L70+L78,0) -> 455927
D85: Firma
D86: Nombre:
D87: Representante Legal del Contratista o su Apoderado
D88: Matrícula Profesional No.:
A90: OBSERVACIONES INTERVENTORÍA:
A96: APROBACIÓN POR INTERVENTORÍA
A97: Nota 1: Cuando se trate de análisis de precios unitarios correspondientes a ítems de la propuesta económica, el Interventor aprueba el desglose de los componentes manteniendo el mismo precio unitario de cada ítem, cumpliendo con las especificaciones de construcción vigentes para el proyecto.
A99: Nota 2: Cuando se trate de análisis de precios unitarios de ítems no previstos, el Interventor aprueba el desglose y precio unitario de cada ítem no previsto, exigiendo la aplicación correspondiente a rendimientos, tarifas, precio de materiales, jornales, costos, etc contemplados en los análisis de precios unitarios aprobados por la interventoría que soportan la propuesta económica y los aprobados durante la ejecución del contrato, cumpliendo con las especificaciones de construcción vigentes para el proyecto. El Contratista y el Interventor certifican que los precios unitarios del ítem o de los ítems no previstos corresponden a los precios del mercado.
D105: Firma
D106: Nombre:
D107: Representante Legal del Interventor o su Apoderado
D108: Matrícula Profesional No.:
A110: Original: Archivo de Gestión del INVIAS.
A111: Copias: Unidad Ejecutora, Contratista, Interventor y Dirección Territorial.

Sheet 8.1
I1: CÓDIGO | J1: MEPI-MN1-IN-10-FR-1
B2: INSTITUTO NACIONAL DE VIAS
B3: PROCESO MISIONAL EJECUCIÓN DE PROYECTOS DE INFRAESTRUCTURA DE TRANSPORTE | I3: VERSIÓN | J3: 1
B4: MANUAL DE INTERVENTORÍA OBRA PÚBLICA
B5: ANÁLISIS DE PRECIOS UNITARIOS | I5: PÁGINA
I8: FECHA
J9: (Día / Mes / Año)
A10: ÍTEMS DE LA PROPUESTA ECONÓMICA | H10: ÍTEMS NO PREVISTOS
A11: UNIDAD EJECUTORA: | H11: DIRECCIÓN TERRITORIAL:
A14: CONTRATO No.
B15: (Indicar número y año)
A17: OBJETO DEL CONTRATO:
A21: PROYECTO:
A23: CONTRATISTA:
A25: INTERVENTOR: | I25: Contrato No.:
J26: (Indicar número y año)
A27: FECHA CIERRE PROCESO DE SELECCIÓN CONTRATO DE OBRA:
F28: (Día) | G28: (Mes) | H28: (Año)
A30: DATOS ESPECÍFICOS
A32: ÍTEM | B32: DESCRIPCIÓN | I32: GRUPO DE AJUSTE | J32: UNIDAD | L32: CANTIDAD
B33: =+Presupuesto!E52 -> Corte de pavimento asfáltico, espesor 10 cms. | J33: M
A35: I. EQUIPO
A37: DESCRIPCIÓN | G37: TIPO | I37: TARIFA/HORA | J37: RENDIMIENTO | L37: Vr. UNITARIO
A38: Herramienta menor (10% del costo de la mano de obra) | L38: =+L62*10% -> 471.2875
A39: =+'Precios Cotizacion'!F6 -> Maquina cortadora de pavimento | G39: 13 HP | I39: =+'Precios Cotizacion'!H6 -> 24800 | J39: 4 | L39: =+I39/J39 -> 6200
A40: SUBTOTAL | L40: =SUM(L38:L39) -> 6671.2875
A42: II. MATERIALES
A44: DESCRIPCIÓN | H44: UNIDAD | I44: CANTIDAD | J44: PRECIO UNIT. | L44: Vr. UNITARIO
A45: =+'Precios Cotizacion'!B39 -> Gasolina | H45: =+'Precios Cotizacion'!C39 -> GALON | I45: 0.2 | J45: =+'Precios Cotizacion'!D39 -> 15400 | L45: =+I45*J45 -> 3080
A46: =+'Precios Cotizacion'!B40 -> Disco para corte pavimento asfatico 14" | H46: =+'Precios Cotizacion'!C40 -> UND | I46: =1/49 -> 0.020408163 | J46: =+'Precios Cotizacion'!D40 -> 286000 | L46: =+I46*J46 -> 5836.7347
M47: 1 | N47: 0.15 | O47: =+M47/N47 -> 6.6666667
A48: SUBTOTAL | L48: =SUM(L45:L47) -> 8916.7347
A50: III. TRANSPORTES
A52: MATERIAL | F52: UNIDAD | G52: CANTIDAD (1) | H52: DISTANCIA (2) | I52: CANTIDAD * DISTANCIA (1) * (2) | J52: TARIFA | L52: Vr. UNITARIO
A55: SUBTOTAL | L55: =SUM(L53:L54) -> 0
A57: IV. MANO DE OBRA
A59: DESCRIPCIÓN | G59: JORNAL | H59: PRESTACIONES | I59: JORNAL TOTAL | J59: RENDIMIENTO | L59: Vr. UNITARIO
A60: 1 Oficial | G60: =+'Precios Cotizacion'!L5 -> 81520 | H60: 1.85 | I60: =+G60*H60 -> 150812 | J60: 32 | L60: =+I60/J60 -> 4712.875
A62: SUBTOTAL | L62: =SUM(L60:L61) -> 4712.875
A64: TOTAL COSTO DIRECTO | L64: =+L40+L48+L55+L62 -> 20300.897
A66: V. COSTOS INDIRECTOS
A68: DESCRIPCIÓN | I68: Porcentaje | J68: Valor Total
A69: ADMINISTRACIÓN | I69: 0.15 | J69: =+L64*I69 -> 3045.1346
A70: IMPREVISTOS | I70: 0.03 | J70: =+L64*I70 -> 609.02692
A71: UTILIDAD | I71: 0.05 | J71: =+L64*I71 -> 1015.0449
A72: SUBTOTAL | L72: =SUM(J69:K71) -> 4669.2064
A74: Precio Unitario Total Aproximado al peso | L74: =ROUND(L64+L72,0) -> 24970
D79: Firma
D80: Nombre:
D81: Representante Legal del Contratista o su Apoderado
D82: Matrícula Profesional No.:
A84: OBSERVACIONES INTERVENTORÍA:
A90: APROBACIÓN POR INTERVENTORÍA
A91: Nota 1: Cuando se trate de análisis de precios unitarios correspondientes a ítems de la propuesta económica, el Interventor aprueba el desglose de los componentes manteniendo el mismo precio unitario de cada ítem, cumpliendo con las especificaciones de construcción vigentes para el proyecto.
A93: Nota 2: Cuando se trate de análisis de precios unitarios de ítems no previstos, el Interventor aprueba el desglose y precio unitario de cada ítem no previsto, exigiendo la aplicación correspondiente a rendimientos, tarifas, precio de materiales, jornales, costos, etc contemplados en los análisis de precios unitarios aprobados por la interventoría que soportan la propuesta económica y los aprobados durante la ejecución del contrato, cumpliendo con las especificaciones de construcción vigentes para el proyecto. El Contratista y el Interventor certifican que los precios unitarios del ítem o de los ítems no previstos corresponden a los precios del mercado.
D99: Firma
D100: Nombre:
D101: Representante Legal del Interventor o su Apoderado
D102: Matrícula Profesional No.:
A104: Original: Archivo de Gestión del INVIAS.
A105: Copias: Unidad Ejecutora, Contratista, Interventor y Dirección Territorial.

Sheet 8.2
I1: CÓDIGO | J1: MEPI-MN1-IN-10-FR-1
B2: INSTITUTO NACIONAL DE VIAS
B3: PROCESO MISIONAL EJECUCIÓN DE PROYECTOS DE INFRAESTRUCTURA DE TRANSPORTE | I3: VERSIÓN | J3: 1
B4: MANUAL DE INTERVENTORÍA OBRA PÚBLICA
B5: ANÁLISIS DE PRECIOS UNITARIOS | I5: PÁGINA
I8: FECHA
J9: (Día / Mes / Año)
A10: ÍTEMS DE LA PROPUESTA ECONÓMICA | H10: ÍTEMS NO PREVISTOS
A11: UNIDAD EJECUTORA: | H11: DIRECCIÓN TERRITORIAL:
A14: CONTRATO No.
B15: (Indicar número y año)
A17: OBJETO DEL CONTRATO:
A21: PROYECTO:
A23: CONTRATISTA:
A25: INTERVENTOR: | I25: Contrato No.:
J26: (Indicar número y año)
A27: FECHA CIERRE PROCESO DE SELECCIÓN CONTRATO DE OBRA:
F28: (Día) | G28: (Mes) | H28: (Año)
A30: DATOS ESPECÍFICOS
A32: ÍTEM | B32: DESCRIPCIÓN | I32: GRUPO DE AJUSTE | J32: UNIDAD | L32: CANTIDAD
B33: =+Presupuesto!E53 -> Demolición pavimento asfaltico, espesor 10 cms. | J33: M2
A35: I. EQUIPO
A37: DESCRIPCIÓN | G37: TIPO | I37: TARIFA/HORA | J37: RENDIMIENTO | L37: Vr. UNITARIO
A38: Herramienta menor (10% del costo de la mano de obra) | L38: =+L63*10% -> 739.42933
A39: =+'Precios Cotizacion'!F7 -> Compresor de aire 185 cfm | I39: =+'Precios Cotizacion'!H7 -> 82600 | J39: 6.2 | L39: =+I39/J39 -> 13322.581
A40: =+'Precios Cotizacion'!F8 -> Martillo neumático 30 lbs. | I40: =+'Precios Cotizacion'!H8 -> 11576 | J40: 6.2 | L40: =+I40/J40 -> 1867.0968
A41: SUBTOTAL | L41: =SUM(L38:L40) -> 15929.107
A43: II. MATERIALES
A45: DESCRIPCIÓN | H45: UNIDAD | I45: CANTIDAD | J45: PRECIO UNIT. | L45: Vr. UNITARIO
A46: =+'Precios Cotizacion'!B41 -> ACPM | H46: =+'Precios Cotizacion'!C41 -> GALON | I46: 0.4 | J46: =+'Precios Cotizacion'!D41 -> 11000 | L46: =+I46*J46 -> 4400
M48: 1 | N48: 0.15 | O48: =+M48/N48 -> 6.6666667
A49: SUBTOTAL | L49: =SUM(L46:L48) -> 4400
A51: III. TRANSPORTES
A53: MATERIAL | F53: UNIDAD | G53: CANTIDAD (1) | H53: DISTANCIA (2) | I53: CANTIDAD * DISTANCIA (1) * (2) | J53: TARIFA | L53: Vr. UNITARIO
A56: SUBTOTAL | L56: =SUM(L54:L55) -> 0
A58: IV. MANO DE OBRA
A60: DESCRIPCIÓN | G60: JORNAL | H60: PRESTACIONES | I60: JORNAL TOTAL | J60: RENDIMIENTO | L60: Vr. UNITARIO
A61: 1 Oficial | G61: =+'Precios Cotizacion'!L5 -> 81520 | H61: 1.85 | I61: =+G61*H61 -> 150812 | J61: =+J39*8 -> 49.6 | L61: =+I61/J61 -> 3040.5645
A62: 2 Ayudantes | G62: =+'Precios Cotizacion'!L4*2 -> 116727 | H62: 1.85 | I62: =+G62*H62 -> 215944.95 | J62: =+J61 -> 49.6 | L62: =+I62/J62 -> 4353.7288
A63: SUBTOTAL | L63: =SUM(L61:L62) -> 7394.2933
A65: TOTAL COSTO DIRECTO | L65: =+L41+L49+L56+L63 -> 27723.4
A67: V. COSTOS INDIRECTOS
A69: DESCRIPCIÓN | I69: Porcentaje | J69: Valor Total
A70: ADMINISTRACIÓN | I70: 0.15 | J70: =+L65*I70 -> 4158.51
A71: IMPREVISTOS | I71: 0.03 | J71: =+L65*I71 -> 831.702
A72: UTILIDAD | I72: 0.05 | J72: =+L65*I72 -> 1386.17
A73: SUBTOTAL | L73: =SUM(J70:K72) -> 6376.382
A75: Precio Unitario Total Aproximado al peso | L75: =ROUND(L65+L73,0) -> 34100
D80: Firma
D81: Nombre:
D82: Representante Legal del Contratista o su Apoderado
D83: Matrícula Profesional No.:
A85: OBSERVACIONES INTERVENTORÍA:
A91: APROBACIÓN POR INTERVENTORÍA
A92: Nota 1: Cuando se trate de análisis de precios unitarios correspondientes a ítems de la propuesta económica, el Interventor aprueba el desglose de los componentes manteniendo el mismo precio unitario de cada ítem, cumpliendo con las especificaciones de construcción vigentes para el proyecto.
A94: Nota 2: Cuando se trate de análisis de precios unitarios de ítems no previstos, el Interventor aprueba el desglose y precio unitario de cada ítem no previsto, exigiendo la aplicación correspondiente a rendimientos, tarifas, precio de materiales, jornales, costos, etc contemplados en los análisis de precios unitarios aprobados por la interventoría que soportan la propuesta económica y los aprobados durante la ejecución del contrato, cumpliendo con las especificaciones de construcción vigentes para el proyecto. El Contratista y el Interventor certifican que los precios unitarios del ítem o de los ítems no previstos corresponden a los precios del mercado.
D100: Firma
D101: Nombre:
D102: Representante Legal del Interventor o su Apoderado
D103: Matrícula Profesional No.:
A105: Original: Archivo de Gestión del INVIAS.
A106: Copias: Unidad Ejecutora, Contratista, Interventor y Dirección Territorial.

Sheet 8.3
I1: CÓDIGO | J1: MEPI-MN1-IN-10-FR-1
B2: INSTITUTO NACIONAL DE VIAS
B3: PROCESO MISIONAL EJECUCIÓN DE PROYECTOS DE INFRAESTRUCTURA DE TRANSPORTE | I3: VERSIÓN | J3: 1
B4: MANUAL DE INTERVENTORÍA OBRA PÚBLICA
B5: ANÁLISIS DE PRECIOS UNITARIOS | I5: PÁGINA
I8: FECHA
J9: (Día / Mes / Año)
A10: ÍTEMS DE LA PROPUESTA ECONÓMICA | H10: ÍTEMS NO PREVISTOS
A11: UNIDAD EJECUTORA: | H11: DIRECCIÓN TERRITORIAL:
A14: CONTRATO No.
B15: (Indicar número y año)
A17: OBJETO DEL CONTRATO:
A21: PROYECTO:
A23: CONTRATISTA:
A25: INTERVENTOR: | I25: Contrato No.:
J26: (Indicar número y año)
A27: FECHA CIERRE PROCESO DE SELECCIÓN CONTRATO DE OBRA:
F28: (Día) | G28: (Mes) | H28: (Año)
A30: DATOS ESPECÍFICOS
A32: ÍTEM | B32: DESCRIPCIÓN | I32: GRUPO DE AJUSTE | J32: UNIDAD | L32: CANTIDAD
B33: =+Presupuesto!E54 -> Excavacion en material comun para zanja | J33: M3
A35: I. EQUIPO
A37: DESCRIPCIÓN | G37: TIPO | I37: TARIFA/HORA | J37: RENDIMIENTO | L37: Vr. UNITARIO
A38: Herramienta menor (10% del costo de la mano de obra) | L38: =+L61*10% -> 4798.7767
A40: SUBTOTAL | L40: =SUM(L38:L39) -> 4798.7767
A42: II. MATERIALES
A44: DESCRIPCIÓN | H44: UNIDAD | I44: CANTIDAD | J44: PRECIO UNIT. | L44: Vr. UNITARIO
H45: Und | L45: =+I45*J45 -> 0
L46: =+I46*J46 -> 0
A47: SUBTOTAL | L47: =SUM(L45:L46) -> 0
A49: III. TRANSPORTES
A51: MATERIAL | F51: UNIDAD | G51: CANTIDAD (1) | H51: DISTANCIA (2) | I51: CANTIDAD * DISTANCIA (1) * (2) | J51: TARIFA | L51: Vr. UNITARIO
A54: SUBTOTAL | L54: =SUM(L52:L53) -> 0
A56: IV. MANO DE OBRA
A58: DESCRIPCIÓN | G58: JORNAL | H58: PRESTACIONES | I58: JORNAL TOTAL | J58: RENDIMIENTO | L58: Vr. UNITARIO
A60: 2 Ayudante | G60: =+'Precios Cotizacion'!L4*2 -> 116727 | H60: 1.85 | I60: =+G60*H60 -> 215944.95 | J60: 4.5 | L60: =+I60/J60 -> 47987.767
A61: SUBTOTAL | L61: =SUM(L59:L60) -> 47987.767
A63: TOTAL COSTO DIRECTO | L63: =+L40+L47+L54+L61 -> 52786.543
A65: V. COSTOS INDIRECTOS
A67: DESCRIPCIÓN | I67: Porcentaje | J67: Valor Total
A68: ADMINISTRACIÓN | I68: 0.15 | J68: =+L63*I68 -> 7917.9815
A69: IMPREVISTOS | I69: 0.03 | J69: =+L63*I69 -> 1583.5963
A70: UTILIDAD | I70: 0.05 | J70: =+L63*I70 -> 2639.3272
A71: SUBTOTAL | L71: =SUM(J68:K70) -> 12140.905
A73: Precio Unitario Total Aproximado al peso | L73: =ROUND(L63+L71,0) -> 64927
D78: Firma
D79: Nombre:
D80: Representante Legal del Contratista o su Apoderado
D81: Matrícula Profesional No.:
A83: OBSERVACIONES INTERVENTORÍA:
A89: APROBACIÓN POR INTERVENTORÍA
A90: Nota 1: Cuando se trate de análisis de precios unitarios correspondientes a ítems de la propuesta económica, el Interventor aprueba el desglose de los componentes manteniendo el mismo precio unitario de cada ítem, cumpliendo con las especificaciones de construcción vigentes para el proyecto.
A92: Nota 2: Cuando se trate de análisis de precios unitarios de ítems no previstos, el Interventor aprueba el desglose y precio unitario de cada ítem no previsto, exigiendo la aplicación correspondiente a rendimientos, tarifas, precio de materiales, jornales, costos, etc contemplados en los análisis de precios unitarios aprobados por la interventoría que soportan la propuesta económica y los aprobados durante la ejecución del contrato, cumpliendo con las especificaciones de construcción vigentes para el proyecto. El Contratista y el Interventor certifican que los precios unitarios del ítem o de los ítems no previstos corresponden a los precios del mercado.
D98: Firma
D99: Nombre:
D100: Representante Legal del Interventor o su Apoderado
D101: Matrícula Profesional No.:
A103: Original: Archivo de Gestión del INVIAS.
A104: Copias: Unidad Ejecutora, Contratista, Interventor y Dirección Territorial.

Sheet 8.4
I1: CÓDIGO | J1: MEPI-MN1-IN-10-FR-1
B2: INSTITUTO NACIONAL DE VIAS
B3: PROCESO MISIONAL EJECUCIÓN DE PROYECTOS DE INFRAESTRUCTURA DE TRANSPORTE | I3: VERSIÓN | J3: 1
B4: MANUAL DE INTERVENTORÍA OBRA PÚBLICA
B5: ANÁLISIS DE PRECIOS UNITARIOS | I5: PÁGINA
I8: FECHA
J9: (Día / Mes / Año)
A10: ÍTEMS DE LA PROPUESTA ECONÓMICA | H10: ÍTEMS NO PREVISTOS
A11: UNIDAD EJECUTORA: | H11: DIRECCIÓN TERRITORIAL:
A14: CONTRATO No.
B15: (Indicar número y año)
A17: OBJETO DEL CONTRATO:
A21: PROYECTO:
A23: CONTRATISTA:
A25: INTERVENTOR: | I25: Contrato No.:
J26: (Indicar número y año)
A27: FECHA CIERRE PROCESO DE SELECCIÓN CONTRATO DE OBRA:
F28: (Día) | G28: (Mes) | H28: (Año)
A30: DATOS ESPECÍFICOS
A32: ÍTEM | B32: DESCRIPCIÓN | I32: GRUPO DE AJUSTE | J32: UNIDAD | L32: CANTIDAD
B33: =+Presupuesto!E55 -> Tubería PVC en rollo RDE 9 (presion 160 PSI) de 3/4" (incluye accesorios) | J33: UND
A35: I. EQUIPO
A37: DESCRIPCIÓN | G37: TIPO | I37: TARIFA/HORA | J37: RENDIMIENTO | L37: Vr. UNITARIO
A38: Herramienta menor (10% del costo de la mano de obra) | L38: =+L62*10% -> 235.64375
A40: SUBTOTAL | L40: =SUM(L38:L39) -> 235.64375
A42: II. MATERIALES
A44: DESCRIPCIÓN | H44: UNIDAD | I44: CANTIDAD | J44: PRECIO UNIT. | L44: Vr. UNITARIO
A45: =+'Precios Cotizacion'!B42 -> Tubería PVC en rollo RDE 9 (presion 160 PSI) de 3/4" | H45: =+'Precios Cotizacion'!C42 -> M | I45: 1 | J45: =+'Precios Cotizacion'!D42 -> 7500 | L45: =+I45*J45 -> 7500
A46: =+'Precios Cotizacion'!B43 -> Arena Fina | H46: =+'Precios Cotizacion'!C43 -> M3 | I46: 0.066666667 | J46: =+'Precios Cotizacion'!D43 -> 83500 | L46: =+I46*J46 -> 5566.6667
A47: Accesorios (10% del costo de la tubería) | L47: =+L45*10% -> 750 | M47: 1 | N47: 0.15 | O47: =+M47/N47 -> 6.6666667
A48: SUBTOTAL | L48: =SUM(L45:L47) -> 13816.667
A50: III. TRANSPORTES
A52: MATERIAL | F52: UNIDAD | G52: CANTIDAD (1) | H52: DISTANCIA (2) | I52: CANTIDAD * DISTANCIA (1) * (2) | J52: TARIFA | L52: Vr. UNITARIO
A55: SUBTOTAL | L55: =SUM(L53:L54) -> 0
A57: IV. MANO DE OBRA
A59: DESCRIPCIÓN | G59: JORNAL | H59: PRESTACIONES | I59: JORNAL TOTAL | J59: RENDIMIENTO | L59: Vr. UNITARIO
A60: 1 Oficial | G60: =+'Precios Cotizacion'!L5 -> 81520 | H60: 1.85 | I60: =+G60*H60 -> 150812 | J60: 64 | L60: =+I60/J60 -> 2356.4375
A62: SUBTOTAL | L62: =SUM(L60:L61) -> 2356.4375
A64: TOTAL COSTO DIRECTO | L64: =+L40+L48+L55+L62 -> 16408.748
A66: V. COSTOS INDIRECTOS
A68: DESCRIPCIÓN | I68: Porcentaje | J68: Valor Total
A69: ADMINISTRACIÓN | I69: 0.15 | J69: =+L64*I69 -> 2461.3122
A70: IMPREVISTOS | I70: 0.03 | J70: =+L64*I70 -> 492.26244
A71: UTILIDAD | I71: 0.05 | J71: =+L64*I71 -> 820.4374
A72: SUBTOTAL | L72: =SUM(J69:K71) -> 3774.012
A74: Precio Unitario Total Aproximado al peso | L74: =ROUND(L64+L72,0) -> 20183
D79: Firma
D80: Nombre:
D81: Representante Legal del Contratista o su Apoderado
D82: Matrícula Profesional No.:
A84: OBSERVACIONES INTERVENTORÍA:
A90: APROBACIÓN POR INTERVENTORÍA
A91: Nota 1: Cuando se trate de análisis de precios unitarios correspondientes a ítems de la propuesta económica, el Interventor aprueba el desglose de los componentes manteniendo el mismo precio unitario de cada ítem, cumpliendo con las especificaciones de construcción vigentes para el proyecto.
A93: Nota 2: Cuando se trate de análisis de precios unitarios de ítems no previstos, el Interventor aprueba el desglose y precio unitario de cada ítem no previsto, exigiendo la aplicación correspondiente a rendimientos, tarifas, precio de materiales, jornales, costos, etc contemplados en los análisis de precios unitarios aprobados por la interventoría que soportan la propuesta económica y los aprobados durante la ejecución del contrato, cumpliendo con las especificaciones de construcción vigentes para el proyecto. El Contratista y el Interventor certifican que los precios unitarios del ítem o de los ítems no previstos corresponden a los precios del mercado.
D99: Firma
D100: Nombre:
D101: Representante Legal del Interventor o su Apoderado
D102: Matrícula Profesional No.:
A104: Original: Archivo de Gestión del INVIAS.
A105: Copias: Unidad Ejecutora, Contratista, Interventor y Dirección Territorial.

Sheet 8.5
I1: CÓDIGO | J1: MEPI-MN1-IN-10-FR-1
B2: INSTITUTO NACIONAL DE VIAS
B3: PROCESO MISIONAL EJECUCIÓN DE PROYECTOS DE INFRAESTRUCTURA DE TRANSPORTE | I3: VERSIÓN | J3: 1
B4: MANUAL DE INTERVENTORÍA OBRA PÚBLICA
B5: ANÁLISIS DE PRECIOS UNITARIOS | I5: PÁGINA
I8: FECHA
J9: (Día / Mes / Año)
A10: ÍTEMS DE LA PROPUESTA ECONÓMICA | H10: ÍTEMS NO PREVISTOS
A11: UNIDAD EJECUTORA: | H11: DIRECCIÓN TERRITORIAL:
A14: CONTRATO No.
B15: (Indicar número y año)
A17: OBJETO DEL CONTRATO:
A21: PROYECTO:
A23: CONTRATISTA:
A25: INTERVENTOR: | I25: Contrato No.:
J26: (Indicar número y año)
A27: FECHA CIERRE PROCESO DE SELECCIÓN CONTRATO DE OBRA:
F28: (Día) | G28: (Mes) | H28: (Año)
A30: DATOS ESPECÍFICOS
A32: ÍTEM | B32: DESCRIPCIÓN | I32: GRUPO DE AJUSTE | J32: UNIDAD | L32: CANTIDAD
B33: =+Presupuesto!E56 -> Rellenos en material tipo base granular | J33: M3
A35: I. EQUIPO
A37: DESCRIPCIÓN | G37: TIPO | I37: TARIFA/HORA | J37: RENDIMIENTO | L37: Vr. UNITARIO
A38: Herramienta menor (10% del costo de la mano de obra) | L38: =+L62*10% -> 1799.5413
A39: =+'Precios Cotizacion'!F9 -> Apisonador neumático (saltarin) | I39: =+'Precios Cotizacion'!H9 -> 12669 | J39: 1.5 | L39: =+I39/J39 -> 8446
A40: SUBTOTAL | L40: =SUM(L38:L39) -> 10245.541
A42: II. MATERIALES
A44: DESCRIPCIÓN | H44: UNIDAD | I44: CANTIDAD | J44: PRECIO UNIT. | L44: Vr. UNITARIO
A45: =+'Precios Cotizacion'!B44 -> Base granular | H45: =+'Precios Cotizacion'!C44 -> M3 | I45: 1.3 | J45: =+'Precios Cotizacion'!D44 -> 57000 | L45: =+I45*J45 -> 74100
A46: =+'Precios Cotizacion'!B45 -> Agua | H46: =+'Precios Cotizacion'!C45 -> Lt | I46: 30 | J46: =+'Precios Cotizacion'!D45 -> 160 | L46: =+I46*J46 -> 4800
A48: SUBTOTAL | L48: =SUM(L45:L47) -> 78900
A50: III. TRANSPORTES
A52: MATERIAL | F52: UNIDAD | G52: CANTIDAD (1) | H52: DISTANCIA (2) | I52: CANTIDAD * DISTANCIA (1) * (2) | J52: TARIFA | L52: Vr. UNITARIO
A53: =+'Precios Cotizacion'!N5 -> Transporte base granular | F53: m3 | G53: 1.3 | H53: 10 | I53: =+G53*H53 -> 13 | J53: =+'Precios Cotizacion'!P5 -> 2000 | L53: =+I53*J53 -> 26000
A55: SUBTOTAL | L55: =SUM(L53:L54) -> 26000
A57: IV. MANO DE OBRA
A59: DESCRIPCIÓN | G59: JORNAL | H59: PRESTACIONES | I59: JORNAL TOTAL | J59: RENDIMIENTO | L59: Vr. UNITARIO
A60: 2 Ayudantes | G60: =+'Precios Cotizacion'!L4*2 -> 116727 | H60: 1.85 | I60: =+G60*H60 -> 215944.95 | J60: =1.5*8 -> 12 | L60: =+I60/J60 -> 17995.413
A62: SUBTOTAL | L62: =SUM(L60:L61) -> 17995.413
A64: TOTAL COSTO DIRECTO | L64: =+L40+L48+L55+L62 -> 133140.95
A66: V. COSTOS INDIRECTOS
A68: DESCRIPCIÓN | I68: Porcentaje | J68: Valor Total
A69: ADMINISTRACIÓN | I69: 0.15 | J69: =+L64*I69 -> 19971.143
A70: IMPREVISTOS | I70: 0.03 | J70: =+L64*I70 -> 3994.2286
A71: UTILIDAD | I71: 0.05 | J71: =+L64*I71 -> 6657.0477
A72: SUBTOTAL | L72: =SUM(J69:K71) -> 30622.419
A74: Precio Unitario Total Aproximado al peso | L74: =ROUND(L64+L72,0) -> 163763
D79: Firma
D80: Nombre:
D81: Representante Legal del Contratista o su Apoderado
D82: Matrícula Profesional No.:
A84: OBSERVACIONES INTERVENTORÍA:
A90: APROBACIÓN POR INTERVENTORÍA
A91: Nota 1: Cuando se trate de análisis de precios unitarios correspondientes a ítems de la propuesta económica, el Interventor aprueba el desglose de los componentes manteniendo el mismo precio unitario de cada ítem, cumpliendo con las especificaciones de construcción vigentes para el proyecto.
A93: Nota 2: Cuando se trate de análisis de precios unitarios de ítems no previstos, el Interventor aprueba el desglose y precio unitario de cada ítem no previsto, exigiendo la aplicación correspondiente a rendimientos, tarifas, precio de materiales, jornales, costos, etc contemplados en los análisis de precios unitarios aprobados por la interventoría que soportan la propuesta económica y los aprobados durante la ejecución del contrato, cumpliendo con las especificaciones de construcción vigentes para el proyecto. El Contratista y el Interventor certifican que los precios unitarios del ítem o de los ítems no previstos corresponden a los precios del mercado.
D99: Firma
D100: Nombre:
D101: Representante Legal del Interventor o su Apoderado
D102: Matrícula Profesional No.:
A104: Original: Archivo de Gestión del INVIAS.
A105: Copias: Unidad Ejecutora, Contratista, Interventor y Dirección Territorial.

Sheet 8.6
I1: CÓDIGO | J1: MEPI-MN1-IN-10-FR-1
B2: INSTITUTO NACIONAL DE VIAS
B3: PROCESO MISIONAL EJECUCIÓN DE PROYECTOS DE INFRAESTRUCTURA DE TRANSPORTE | I3: VERSIÓN | J3: 1
B4: MANUAL DE INTERVENTORÍA OBRA PÚBLICA
B5: ANÁLISIS DE PRECIOS UNITARIOS | I5: PÁGINA
I8: FECHA
J9: (Día / Mes / Año)
A10: ÍTEMS DE LA PROPUESTA ECONÓMICA | H10: ÍTEMS NO PREVISTOS
A11: UNIDAD EJECUTORA: | H11: DIRECCIÓN TERRITORIAL:
A14: CONTRATO No.
B15: (Indicar número y año)
A17: OBJETO DEL CONTRATO:
A21: PROYECTO:
A23: CONTRATISTA:
A25: INTERVENTOR: | I25: Contrato No.:
J26: (Indicar número y año)
A27: FECHA CIERRE PROCESO DE SELECCIÓN CONTRATO DE OBRA:
F28: (Día) | G28: (Mes) | H28: (Año)
A30: DATOS ESPECÍFICOS
A32: ÍTEM | B32: DESCRIPCIÓN | I32: GRUPO DE AJUSTE | J32: UNIDAD | L32: CANTIDAD
B33: =+Presupuesto!E57 -> Reposición del pavimento en concreto asfáltico MDC-19 | J33: m2
A35: I. EQUIPO
A37: DESCRIPCIÓN | G37: TIPO | I37: TARIFA/HORA | J37: RENDIMIENTO | L37: Vr. UNITARIO
A38: Herramienta menor (10% del costo de la mano de obra) | L38: =+L63*10% -> 1293.9224
A39: =+'Precios Cotizacion'!F10 -> Compactador manual de rodillo | I39: =+'Precios Cotizacion'!H10 -> 27890 | J39: 5 | L39: =+I39/5 -> 5578
A41: SUBTOTAL | L41: =SUM(L38:L40) -> 6871.9224
A43: II. MATERIALES
A45: DESCRIPCIÓN | H45: UNIDAD | I45: CANTIDAD | J45: PRECIO UNIT. | L45: Vr. UNITARIO
A46: =+'Precios Cotizacion'!B46 -> Mezcla densa en caliente MDC-19 | H46: =+'Precios Cotizacion'!C46 -> M3 | I46: =1.25*0.1 -> 0.125 | J46: =+'Precios Cotizacion'!D46 -> 750000 | L46: =+I46*J46 -> 93750
A47: =+'Precios Cotizacion'!B45 -> Agua | H47: =+'Precios Cotizacion'!C45 -> Lt | I47: 5 | J47: =+'Precios Cotizacion'!D45 -> 160 | L47: =+I47*J47 -> 800
A49: SUBTOTAL | L49: =SUM(L46:L48) -> 94550
A51: III. TRANSPORTES
A53: MATERIAL | F53: UNIDAD | G53: CANTIDAD (1) | H53: DISTANCIA (2) | I53: CANTIDAD * DISTANCIA (1) * (2) | J53: TARIFA | L53: Vr. UNITARIO
A54: =+'Precios Cotizacion'!N6 -> Transporte mezcla densa | F54: m3 | G54: =+I46 -> 0.125 | H54: 10 | I54: =+G54*H54 -> 1.25 | J54: =+'Precios Cotizacion'!P6 -> 2000 | L54: =+I54*J54 -> 2500
A56: SUBTOTAL | L56: =SUM(L54:L55) -> 2500
A58: IV. MANO DE OBRA
A60: DESCRIPCIÓN | G60: JORNAL | H60: PRESTACIONES | I60: JORNAL TOTAL | J60: RENDIMIENTO | L60: Vr. UNITARIO
A61: 2 Ayudantes | G61: =+'Precios Cotizacion'!L4*2 -> 116727 | H61: 1.85 | I61: =+G61*H61 -> 215944.95 | J61: 40 | L61: =+I61/J61 -> 5398.6238
A62: 2 Ofical | G62: =+'Precios Cotizacion'!L5*2 -> 163040 | H62: 1.85 | I62: =+G62*H62 -> 301624 | J62: 40 | L62: =+I62/J62 -> 7540.6
A63: SUBTOTAL | L63: =SUM(L61:L62) -> 12939.224
A65: TOTAL COSTO DIRECTO | L65: =+L41+L49+L56+L63 -> 116861.15
A67: V. COSTOS INDIRECTOS
A69: DESCRIPCIÓN | I69: Porcentaje | J69: Valor Total
A70: ADMINISTRACIÓN | I70: 0.15 | J70: =+L65*I70 -> 17529.172
A71: IMPREVISTOS | I71: 0.03 | J71: =+L65*I71 -> 3505.8344
A72: UTILIDAD | I72: 0.05 | J72: =+L65*I72 -> 5843.0573
A73: SUBTOTAL | L73: =SUM(J70:K72) -> 26878.064
A75: Precio Unitario Total Aproximado al peso | L75: =ROUND(L65+L73,0) -> 143739
D80: Firma
D81: Nombre:
D82: Representante Legal del Contratista o su Apoderado
D83: Matrícula Profesional No.:
A85: OBSERVACIONES INTERVENTORÍA:
A91: APROBACIÓN POR INTERVENTORÍA
A92: Nota 1: Cuando se trate de análisis de precios unitarios correspondientes a ítems de la propuesta económica, el Interventor aprueba el desglose de los componentes manteniendo el mismo precio unitario de cada ítem, cumpliendo con las especificaciones de construcción vigentes para el proyecto.
A94: Nota 2: Cuando se trate de análisis de precios unitarios de ítems no previstos, el Interventor aprueba el desglose y precio unitario de cada ítem no previsto, exigiendo la aplicación correspondiente a rendimientos, tarifas, precio de materiales, jornales, costos, etc contemplados en los análisis de precios unitarios aprobados por la interventoría que soportan la propuesta económica y los aprobados durante la ejecución del contrato, cumpliendo con las especificaciones de construcción vigentes para el proyecto. El Contratista y el Interventor certifican que los precios unitarios del ítem o de los ítems no previstos corresponden a los precios del mercado.
D100: Firma
D101: Nombre:
D102: Representante Legal del Interventor o su Apoderado
D103: Matrícula Profesional No.:
A105: Original: Archivo de Gestión del INVIAS.
A106: Copias: Unidad Ejecutora, Contratista, Interventor y Dirección Territorial.

Sheet 8.7
I1: CÓDIGO | J1: MEPI-MN1-IN-10-FR-1
B2: INSTITUTO NACIONAL DE VIAS
B3: PROCESO MISIONAL EJECUCIÓN DE PROYECTOS DE INFRAESTRUCTURA DE TRANSPORTE | I3: VERSIÓN | J3: 1
B4: MANUAL DE INTERVENTORÍA OBRA PÚBLICA
B5: ANÁLISIS DE PRECIOS UNITARIOS | I5: PÁGINA
I8: FECHA
J9: (Día / Mes / Año)
A10: ÍTEMS DE LA PROPUESTA ECONÓMICA | H10: ÍTEMS NO PREVISTOS
A11: UNIDAD EJECUTORA: | H11: DIRECCIÓN TERRITORIAL:
A14: CONTRATO No.
B15: (Indicar número y año)
A17: OBJETO DEL CONTRATO:
A21: PROYECTO:
A23: CONTRATISTA:
A25: INTERVENTOR: | I25: Contrato No.:
J26: (Indicar número y año)
A27: FECHA CIERRE PROCESO DE SELECCIÓN CONTRATO DE OBRA:
F28: (Día) | G28: (Mes) | H28: (Año)
A30: DATOS ESPECÍFICOS
A32: ÍTEM | B32: DESCRIPCIÓN | I32: GRUPO DE AJUSTE | J32: UNIDAD | L32: CANTIDAD
B33: =+Presupuesto!E58 -> Collar de derivación en PVC 4" X 3/4" | J33: UND
A35: I. EQUIPO
A37: DESCRIPCIÓN | G37: TIPO | I37: TARIFA/HORA | J37: RENDIMIENTO | L37: Vr. UNITARIO
A38: Herramienta menor (10% del costo de la mano de obra) | L38: =+L62*10% -> 1885.15
A40: SUBTOTAL | L40: =SUM(L38:L39) -> 1885.15
A42: II. MATERIALES
A44: DESCRIPCIÓN | H44: UNIDAD | I44: CANTIDAD | J44: PRECIO UNIT. | L44: Vr. UNITARIO
A45: =+'Precios Cotizacion'!B47 -> Collar de derivación en PVC 4" X 3/4" | H45: =+'Precios Cotizacion'!C47 -> UND | I45: 1 | J45: =+'Precios Cotizacion'!D47 -> 29900 | L45: =+I45*J45 -> 29900
M47: 1 | N47: 0.15 | O47: =+M47/N47 -> 6.6666667
A48: SUBTOTAL | L48: =SUM(L45:L47) -> 29900
A50: III. TRANSPORTES
A52: MATERIAL | F52: UNIDAD | G52: CANTIDAD (1) | H52: DISTANCIA (2) | I52: CANTIDAD * DISTANCIA (1) * (2) | J52: TARIFA | L52: Vr. UNITARIO
A55: SUBTOTAL | L55: =SUM(L53:L54) -> 0
A57: IV. MANO DE OBRA
A59: DESCRIPCIÓN | G59: JORNAL | H59: PRESTACIONES | I59: JORNAL TOTAL | J59: RENDIMIENTO | L59: Vr. UNITARIO
A60: 1 Oficial | G60: =+'Precios Cotizacion'!L5 -> 81520 | H60: 1.85 | I60: =+G60*H60 -> 150812 | J60: 8 | L60: =+I60/J60 -> 18851.5
A62: SUBTOTAL | L62: =SUM(L60:L61) -> 18851.5
A64: TOTAL COSTO DIRECTO | L64: =+L40+L48+L55+L62 -> 50636.65
A66: V. COSTOS INDIRECTOS
A68: DESCRIPCIÓN | I68: Porcentaje | J68: Valor Total
A69: ADMINISTRACIÓN | I69: 0.15 | J69: =+L64*I69 -> 7595.4975
A70: IMPREVISTOS | I70: 0.03 | J70: =+L64*I70 -> 1519.0995
A71: UTILIDAD | I71: 0.05 | J71: =+L64*I71 -> 2531.8325
A72: SUBTOTAL | L72: =SUM(J69:K71) -> 11646.43
A74: Precio Unitario Total Aproximado al peso | L74: =ROUND(L64+L72,0) -> 62283
D79: Firma
D80: Nombre:
D81: Representante Legal del Contratista o su Apoderado
D82: Matrícula Profesional No.:
A84: OBSERVACIONES INTERVENTORÍA:
A90: APROBACIÓN POR INTERVENTORÍA
A91: Nota 1: Cuando se trate de análisis de precios unitarios correspondientes a ítems de la propuesta económica, el Interventor aprueba el desglose de los componentes manteniendo el mismo precio unitario de cada ítem, cumpliendo con las especificaciones de construcción vigentes para el proyecto.
A93: Nota 2: Cuando se trate de análisis de precios unitarios de ítems no previstos, el Interventor aprueba el desglose y precio unitario de cada ítem no previsto, exigiendo la aplicación correspondiente a rendimientos, tarifas, precio de materiales, jornales, costos, etc contemplados en los análisis de precios unitarios aprobados por la interventoría que soportan la propuesta económica y los aprobados durante la ejecución del contrato, cumpliendo con las especificaciones de construcción vigentes para el proyecto. El Contratista y el Interventor certifican que los precios unitarios del ítem o de los ítems no previstos corresponden a los precios del mercado.
D99: Firma
D100: Nombre:
D101: Representante Legal del Interventor o su Apoderado
D102: Matrícula Profesional No.:
A104: Original: Archivo de Gestión del INVIAS.
A105: Copias: Unidad Ejecutora, Contratista, Interventor y Dirección Territorial.

Sheet 8.8
I1: CÓDIGO | J1: MEPI-MN1-IN-10-FR-1
B2: INSTITUTO NACIONAL DE VIAS
B3: PROCESO MISIONAL EJECUCIÓN DE PROYECTOS DE INFRAESTRUCTURA DE TRANSPORTE | I3: VERSIÓN | J3: 1
B4: MANUAL DE INTERVENTORÍA OBRA PÚBLICA
B5: ANÁLISIS DE PRECIOS UNITARIOS | I5: PÁGINA
I8: FECHA
J9: (Día / Mes / Año)
A10: ÍTEMS DE LA PROPUESTA ECONÓMICA | H10: ÍTEMS NO PREVISTOS
A11: UNIDAD EJECUTORA: | H11: DIRECCIÓN TERRITORIAL:
A14: CONTRATO No.
B15: (Indicar número y año)
A17: OBJETO DEL CONTRATO:
A21: PROYECTO:
A23: CONTRATISTA:
A25: INTERVENTOR: | I25: Contrato No.:
J26: (Indicar número y año)
A27: FECHA CIERRE PROCESO DE SELECCIÓN CONTRATO DE OBRA:
F28: (Día) | G28: (Mes) | H28: (Año)
A30: DATOS ESPECÍFICOS
A32: ÍTEM | B32: DESCRIPCIÓN | I32: GRUPO DE AJUSTE | J32: UNIDAD | L32: CANTIDAD
B33: =+Presupuesto!E59 -> Gestiones y trámite ante la empresa de Acueducto metropolitano de Bucaramanga para la conexión al servicio de acueducto, incluyendo costos de aportes de conexión y medidor. | J33: Gl.
A35: I. EQUIPO
A37: DESCRIPCIÓN | G37: TIPO | I37: TARIFA/HORA | J37: RENDIMIENTO | L37: Vr. UNITARIO
A38: Equipo de oficina (20% del costo de los honorarios) | L38: =+L61*10% -> 179770.67
A40: SUBTOTAL | L40: =SUM(L38:L39) -> 179770.67
A42: II. MATERIALES
A44: DESCRIPCIÓN | H44: UNIDAD | I44: CANTIDAD | J44: PRECIO UNIT. | L44: Vr. UNITARIO
A45: =+'Precios Cotizacion'!B48 -> Medidor de consumo | H45: =+'Precios Cotizacion'!C48 -> UND | I45: 1 | J45: =+'Precios Cotizacion'!D48 -> 195200 | L45: =+I45*J45 -> 195200
A46: =+'Precios Cotizacion'!B49 -> Costos de conexión | H46: =+'Precios Cotizacion'!C49 -> UND | I46: 1 | J46: =+'Precios Cotizacion'!D49 -> 527000 | L46: =+I46*J46 -> 527000
A47: SUBTOTAL | L47: =SUM(L45:L46) -> 722200
A49: III. TRANSPORTES
A51: MATERIAL | F51: UNIDAD | G51: CANTIDAD (1) | H51: DISTANCIA (2) | I51: CANTIDAD * DISTANCIA (1) * (2) | J51: TARIFA | L51: Vr. UNITARIO
A52: Transportes | L52: 120000
A54: SUBTOTAL | L54: =SUM(L52:L53) -> 120000
A56: IV. MANO DE OBRA
A58: DESCRIPCIÓN | G58: JORNAL | H58: PRESTACIONES | I58: JORNAL TOTAL | J58: RENDIMIENTO | L58: Vr. UNITARIO
A59: 1 Profesional en ingeniería | G59: =+'Precios Cotizacion'!L8 -> 140000 | H59: 1.85 | I59: =+G59*H59 -> 259000 | J59: 0.2 | L59: =+I59/J59 -> 1295000 | N59: 1 | O59: =+N59/J59 -> 5
A60: 1 Dibujante autocad | G60: =+'Precios Cotizacion'!L9 -> 81520 | H60: 1.85 | I60: =+G60*H60 -> 150812 | J60: 0.3 | L60: =+I60/J60 -> 502706.67 | N60: 1 | O60: =+N60/J60 -> 3.3333333
A61: SUBTOTAL | L61: =SUM(L59:L60) -> 1797706.7
A63: TOTAL COSTO DIRECTO | L63: =+L40+L47+L54+L61 -> 2819677.3
A65: V. COSTOS INDIRECTOS
A67: DESCRIPCIÓN | I67: Porcentaje | J67: Valor Total
A68: ADMINISTRACIÓN | I68: 0.15 | J68: =+L63*I68 -> 422951.6
A69: IMPREVISTOS | I69: 0.03 | J69: =+L63*I69 -> 84590.32
A70: UTILIDAD | I70: 0.05 | J70: =+L63*I70 -> 140983.87
A71: SUBTOTAL | L71: =SUM(J68:K70) -> 648525.79
A73: Precio Unitario Total Aproximado al peso | L73: =ROUND(L63+L71,0) -> 3468203
D78: Firma
D79: Nombre:
D80: Representante Legal del Contratista o su Apoderado
D81: Matrícula Profesional No.:
A83: OBSERVACIONES INTERVENTORÍA:
A89: APROBACIÓN POR INTERVENTORÍA
A90: Nota 1: Cuando se trate de análisis de precios unitarios correspondientes a ítems de la propuesta económica, el Interventor aprueba el desglose de los componentes manteniendo el mismo precio unitario de cada ítem, cumpliendo con las especificaciones de construcción vigentes para el proyecto.
A92: Nota 2: Cuando se trate de análisis de precios unitarios de ítems no previstos, el Interventor aprueba el desglose y precio unitario de cada ítem no previsto, exigiendo la aplicación correspondiente a rendimientos, tarifas, precio de materiales, jornales, costos, etc contemplados en los análisis de precios unitarios aprobados por la interventoría que soportan la propuesta económica y los aprobados durante la ejecución del contrato, cumpliendo con las especificaciones de construcción vigentes para el proyecto. El Contratista y el Interventor certifican que los precios unitarios del ítem o de los ítems no previstos corresponden a los precios del mercado.
D98: Firma
D99: Nombre:
D100: Representante Legal del Interventor o su Apoderado
D101: Matrícula Profesional No.:
A103: Original: Archivo de Gestión del INVIAS.
A104: Copias: Unidad Ejecutora, Contratista, Interventor y Dirección Territorial.

Sheet 9.1
I1: CÓDIGO | J1: MEPI-MN1-IN-10-FR-1
B2: INSTITUTO NACIONAL DE VIAS
B3: PROCESO MISIONAL EJECUCIÓN DE PROYECTOS DE INFRAESTRUCTURA DE TRANSPORTE | I3: VERSIÓN | J3: 1
B4: MANUAL DE INTERVENTORÍA OBRA PÚBLICA
B5: ANÁLISIS DE PRECIOS UNITARIOS | I5: PÁGINA
I8: FECHA
J9: (Día / Mes / Año)
A10: ÍTEMS DE LA PROPUESTA ECONÓMICA | H10: ÍTEMS NO PREVISTOS
A11: UNIDAD EJECUTORA: | H11: DIRECCIÓN TERRITORIAL:
A14: CONTRATO No.
B15: (Indicar número y año)
A17: OBJETO DEL CONTRATO:
A21: PROYECTO:
A23: CONTRATISTA:
A25: INTERVENTOR: | I25: Contrato No.:
J26: (Indicar número y año)
A27: FECHA CIERRE PROCESO DE SELECCIÓN CONTRATO DE OBRA:
F28: (Día) | G28: (Mes) | H28: (Año)
A30: DATOS ESPECÍFICOS
A32: ÍTEM | B32: DESCRIPCIÓN | I32: GRUPO DE AJUSTE | J32: UNIDAD | L32: CANTIDAD
B33: =+Presupuesto!E61 -> Lavado de tanque de almacenamiento de Agua | J33: Gl.
A35: I. EQUIPO
A37: DESCRIPCIÓN | G37: TIPO | I37: TARIFA/HORA | J37: RENDIMIENTO | L37: Vr. UNITARIO
A38: Herramienta menor (20% del costo de la mano de obra) | L38: =+L60*20% -> 43188.99
A39: =+'Precios Cotizacion'!F11 -> Hidrolavadora | I39: =+'Precios Cotizacion'!H11 -> 6806.0174 | J39: 8 | L39: =+I39*J39 -> 54448.139
A40: SUBTOTAL | L40: =SUM(L38:L39) -> 97637.129
A42: II. MATERIALES
A44: DESCRIPCIÓN | H44: UNIDAD | I44: CANTIDAD | J44: PRECIO UNIT. | L44: Vr. UNITARIO
A45: =+'Precios Cotizacion'!B50 -> Detergente industrial | H45: =+'Precios Cotizacion'!C50 -> Lt | I45: 20 | J45: =+'Precios Cotizacion'!D50 -> 10000 | L45: =+I45*J45 -> 200000
L46: =+I46*J46 -> 0
A47: SUBTOTAL | L47: =SUM(L45:L46) -> 200000
A49: III. TRANSPORTES
A51: MATERIAL | F51: UNIDAD | G51: CANTIDAD (1) | H51: DISTANCIA (2) | I51: CANTIDAD * DISTANCIA (1) * (2) | J51: TARIFA | L51: Vr. UNITARIO
A54: SUBTOTAL | L54: =SUM(L52:L53) -> 0
A56: IV. MANO DE OBRA
A58: DESCRIPCIÓN | G58: JORNAL | H58: PRESTACIONES | I58: JORNAL TOTAL | J58: RENDIMIENTO | L58: Vr. UNITARIO
A59: 2 Ayudante | G59: =+'Precios Cotizacion'!L4*2 -> 116727 | H59: 1.85 | I59: =+G59*H59 -> 215944.95 | J59: 1 | L59: =+I59/J59 -> 215944.95
A60: SUBTOTAL | L60: =SUM(L59:L59) -> 215944.95
A62: TOTAL COSTO DIRECTO | L62: =+L40+L47+L54+L60 -> 513582.08
A64: V. COSTOS INDIRECTOS
A66: DESCRIPCIÓN | I66: Porcentaje | J66: Valor Total
A67: ADMINISTRACIÓN | I67: 0.15 | J67: =+L62*I67 -> 77037.312
A68: IMPREVISTOS | I68: 0.03 | J68: =+L62*I68 -> 15407.462
A69: UTILIDAD | I69: 0.05 | J69: =+L62*I69 -> 25679.104
A70: SUBTOTAL | L70: =SUM(J67:K69) -> 118123.88
A72: Precio Unitario Total Aproximado al peso | L72: =ROUND(L62+L70,0) -> 631706
D77: Firma
D78: Nombre:
D79: Representante Legal del Contratista o su Apoderado
D80: Matrícula Profesional No.:
A82: OBSERVACIONES INTERVENTORÍA:
A88: APROBACIÓN POR INTERVENTORÍA
A89: Nota 1: Cuando se trate de análisis de precios unitarios correspondientes a ítems de la propuesta económica, el Interventor aprueba el desglose de los componentes manteniendo el mismo precio unitario de cada ítem, cumpliendo con las especificaciones de construcción vigentes para el proyecto.
A91: Nota 2: Cuando se trate de análisis de precios unitarios de ítems no previstos, el Interventor aprueba el desglose y precio unitario de cada ítem no previsto, exigiendo la aplicación correspondiente a rendimientos, tarifas, precio de materiales, jornales, costos, etc contemplados en los análisis de precios unitarios aprobados por la interventoría que soportan la propuesta económica y los aprobados durante la ejecución del contrato, cumpliendo con las especificaciones de construcción vigentes para el proyecto. El Contratista y el Interventor certifican que los precios unitarios del ítem o de los ítems no previstos corresponden a los precios del mercado.
D97: Firma
D98: Nombre:
D99: Representante Legal del Interventor o su Apoderado
D100: Matrícula Profesional No.:
A102: Original: Archivo de Gestión del INVIAS.
A103: Copias: Unidad Ejecutora, Contratista, Interventor y Dirección Territorial.
